Workbook
Name NCOMPOSICOES: 4

Sheet ORÇAMENTO
A1: Obra: CONSTRUÇÃO UNIDADE BÁSICA DE SAÚDE - UBS T3
A2: Endereço: RUA FREI ORLANDO, S/N, MONTE MÁRIO - BARBACENA/MG
A3: Data de Referência: SINAPI DEZEMBRO/2023 Não Desonerado / SETOP Região Leste - AGOSTO de 2023 Sem Desoneração / ORSE - ABRIL 2023 / SBC - JUNHO 2023 | J3: _________________________________________
A4: Unidade federativa: Barbacena - MG | J4: CRISTIANE DORNELAS SAVIOTTI
A5: Data: 09/02/2024 | J5: ENGENHEIRA CIVIL - CREA 207.043/D
A6: BDI: | B6: 0.25
A8: PLANILHA ORÇAMENTÁRIA
K9: CUSTO UNITÁRIO
A10: ITEM | B10: CÓDIGO | C10: FONTE | D10: DESCRIÇÃO DOS SERVIÇOS | E10: UN. | F10: QUANT. | G10: CUSTO sem BDI (R$) | H10: PREÇO com BDI (R$) | I10: VALOR (R$) | J10: OBSERVAÇÕES | K10: SINAPI | L10: SINAPI-I | M10: SETOP | N10: COMPOSIÇÃO
A11: 1 | D11: SERVIÇOS PRELIMINARES
A12: 1.1 | B12: ED-50393 | C12: =VLOOKUP(B12,SERVIÇOS!$A$1:$D$18506,4,0) -> SETOP | D12: =VLOOKUP(B12,SERVIÇOS!$A:$B,2,0) -> MOBILIZAÇÃO E DESMOBILIZAÇÃO DE OBRA EM CENTRO URBANO OU REGIÃO LIMÍTROFE COM VALOR ENTRE 1.000.000,01 E 3.000.000,00 | E12: =VLOOKUP(B12,SERVIÇOS!$A:$C,3,0) -> % | F12: 12000 | G12: =IF(C12=$K$10,K12,IF(C12=$L$10,L12,IF(C12=$M$10,M12,IF(C12=#REF!,VLOOKUP(B12,#REF!,7,FALSE),#REF!)))) -> 0.3 | H12: =G12+(G12*$B$6) -> 0.375 | I12: =F12*H12 -> 4500 | J12: MOBILIZAÇÃO E DESMOBILIZAÇÃO DA OBRA | K12: =IF(C12="SINAPI",VLOOKUP(B12,'SIN C 12.23'!A:E,5,0)," ") | L12: =IF(C12="SINAPI-I",VLOOKUP(B12,'SIN I 12.23'!$7:$5071,5,0)," ") | M12: =IF(C12="SETOP",VLOOKUP(B12,'SET 08.23'!A:D,4,FALSE)," ") -> 0.3
A13: 1.2 | B13: ED-16660 | C13: =VLOOKUP(B13,SERVIÇOS!$A$1:$D$18506,4,0) -> SETOP | D13: =VLOOKUP(B13,SERVIÇOS!$A:$B,2,0) -> FORNECIMENTO E COLOCAÇÃO DE PLACA DE OBRA EM CHAPA GALVANIZADA #26, ESP. 0,45 MM, PLOTADA COM ADESIVO VINÍLICO, AFIXADA COM REBITES 4,8X40 MM, EM ESTRUTURA METÁLICA DE METALON 20X20 MM, ESP. 1,25 MM, INCLUSIVE SUPORTE EM EUCALIPTO AUTOCLAVADO PINTADO COM TINTA PVA DUAS (2) DEMÃOS | E13: =VLOOKUP(B13,SERVIÇOS!$A:$C,3,0) -> m2 | F13: 2 | G13: =IF(C13=$K$10,K13,IF(C13=$L$10,L13,IF(C13=$M$10,M13,IF(C13=#REF!,VLOOKUP(B13,#REF!,7,FALSE),#REF!)))) -> 310.26 | H13: =G13+(G13*$B$6) -> 387.825 | I13: =F13*H13 -> 775.65 | J13: Placa de identificação da unidade,de acordo com os padrões de identificação do Ministério da Saúde | K13: =IF(C13="SINAPI",VLOOKUP(B13,'SIN C 12.23'!A:E,5,0)," ") | L13: =IF(C13="SINAPI-I",VLOOKUP(B13,'SIN I 12.23'!$7:$5071,5,0)," ") | M13: =IF(C13="SETOP",VLOOKUP(B13,'SET 08.23'!A:D,4,FALSE)," ") -> 310.26
A14: 1.3 | B14: ED-50148 | C14: =VLOOKUP(B14,SERVIÇOS!$A$1:$D$18506,4,0) -> SETOP | D14: =VLOOKUP(B14,SERVIÇOS!$A:$B,2,0) -> BARRACÃO DE OBRA PARA ESCRITÓRIO DA EMPREITEIRA TIPO-I, ÁREA INTERNA 18,15M2, EM CHAPA DE COMPENSADO RESINADO, INCLUSIVE MOBILIÁRIO (OBRA DE PEQUENO A MÉDIO PORTE, EFETIVO ATÉ 60 HOMENS) - PADRÃO DER-MG | E14: =VLOOKUP(B14,SERVIÇOS!$A:$C,3,0) -> un | F14: 1 | G14: =IF(C14=$K$10,K14,IF(C14=$L$10,L14,IF(C14=$M$10,M14,IF(C14=#REF!,VLOOKUP(B14,#REF!,7,FALSE),#REF!)))) -> 10847.56 | H14: =G14+(G14*$B$6) -> 13559.45 | I14: =F14*H14 -> 13559.45 | J14: BARRACAO DE OBRA PARA ALOJAMENTO/ESCRITORIO | K14: =IF(C14="SINAPI",VLOOKUP(B14,'SIN C 12.23'!A:E,5,0)," ") | L14: =IF(C14="SINAPI-I",VLOOKUP(B14,'SIN I 12.23'!$7:$5071,5,0)," ") | M14: =IF(C14="SETOP",VLOOKUP(B14,'SET 08.23'!A:D,4,FALSE)," ") -> 10847.56
A15: 1.2 | D15: INSTALAÇÕES PROVISORIAS
A16: 1.2.1 | B16: ED-50150 | C16: =VLOOKUP(B16,SERVIÇOS!$A$1:$D$18506,4,0) -> SETOP | D16: =VLOOKUP(B16,SERVIÇOS!$A:$B,2,0) -> LIGAÇÃO DE ÁGUA PROVISÓRIA PARA CANTEIRO, INCLUSIVE HIDRÔMETRO E CAVALETE PARA MEDIÇÃO DE ÁGUA - ENTRADA PRINCIPAL, EM AÇO GALVANIZADO DN 20MM (1/2") - PADRÃO CONCESSIONÁRIA | E16: =VLOOKUP(B16,SERVIÇOS!$A:$C,3,0) -> un | F16: 1 | G16: =IF(C16=$K$10,K16,IF(C16=$L$10,L16,IF(C16=$M$10,M16,IF(C16=#REF!,VLOOKUP(B16,#REF!,7,FALSE),#REF!)))) -> 399.2 | H16: =G16+(G16*$B$6) -> 499 | I16: =F16*H16 -> 499 | J16: INSTALACAO PROVISORIA DE AGUA/ESGOTO INCLUSIVE RESERVATORIO | K16: =IF(C16="SINAPI",VLOOKUP(B16,'SIN C 12.23'!A:E,5,0)," ") | L16: =IF(C16="SINAPI-I",VLOOKUP(B16,'SIN I 12.23'!$7:$5071,5,0)," ") | M16: =IF(C16="SETOP",VLOOKUP(B16,'SET 08.23'!A:D,4,FALSE)," ") -> 399.2
A17: 1.2.2 | B17: ED-50151 | C17: =VLOOKUP(B17,SERVIÇOS!$A$1:$D$18506,4,0) -> SETOP | D17: =VLOOKUP(B17,SERVIÇOS!$A:$B,2,0) -> LIGAÇÃO PROVISÓRIA COM ENTRADA DE ENERGIA AÉREA, PADRÃO CEMIG, CARGA INSTALADA DE 15,1KVA ATÉ 30KVA, TRIFÁSICO, COM SAÍDA SUBTERRÂNEA, INCLUSIVE POSTE, CAIXA PARA MEDIDOR, DISJUNTOR, BARRAMENTO, ATERRAMENTO E ACESSÓRIOS | E17: =VLOOKUP(B17,SERVIÇOS!$A:$C,3,0) -> un | F17: 1 | G17: =IF(C17=$K$10,K17,IF(C17=$L$10,L17,IF(C17=$M$10,M17,IF(C17=#REF!,VLOOKUP(B17,#REF!,7,FALSE),#REF!)))) -> 1204.72 | H17: =G17+(G17*$B$6) -> 1505.9 | I17: =F17*H17 -> 1505.9 | J17: INSTALACAO PROVISORIA DE ENERGIA ELETRICA | K17: =IF(C17="SINAPI",VLOOKUP(B17,'SIN C 12.23'!A:E,5,0)," ") | L17: =IF(C17="SINAPI-I",VLOOKUP(B17,'SIN I 12.23'!$7:$5071,5,0)," ") | M17: =IF(C17="SETOP",VLOOKUP(B17,'SET 08.23'!A:D,4,FALSE)," ") -> 1204.72
A18: 1.3 | D18: MURO DE DIVISA
A19: 1.3.1 | B19: ED-50396 | C19: =VLOOKUP(B19,SERVIÇOS!$A$1:$D$18506,4,0) -> SETOP | D19: =VLOOKUP(B19,SERVIÇOS!$A:$B,2,0) -> MURO DIVISÓRIO EM BLOCO DE CONCRETO COM ACABAMENTO APARENTE, ESP.15CM, ALTURA DE 220CM, COM SAPATA EM CONCRETO ARMADO , DIMENSÃO (50X55)CM, FORMA EM CONTRA BARRANCO, INCLUSIVE ESCAVAÇÃO COM TRANSPORTE E RETIRADA DO MATERIAL ESCAVADO (EM CAÇAMBA) E PINGADEIRA EM CONCRETO | E19: =VLOOKUP(B19,SERVIÇOS!$A:$C,3,0) -> m | F19: 99.5 | G19: =IF(C19=$K$10,K19,IF(C19=$L$10,L19,IF(C19=$M$10,M19,IF(C19=#REF!,VLOOKUP(B19,#REF!,7,FALSE),#REF!)))) -> 506.74 | H19: =G19+(G19*$B$6) -> 633.425 | I19: =F19*H19 -> 63025.787 | J19: MURO DIVISÓRIO EM TORNO DE TODO LOTE, CONFORME PROJETO | K19: =IF(C19="SINAPI",VLOOKUP(B19,'SIN C 12.23'!A:E,5,0)," ") | L19: =IF(C19="SINAPI-I",VLOOKUP(B19,'SIN I 12.23'!$7:$5071,5,0)," ") | M19: =IF(C19="SETOP",VLOOKUP(B19,'SET 08.23'!A:D,4,FALSE)," ") -> 506.74
A20: 1.3.2 | B20: ED-50453 | C20: =VLOOKUP(B20,SERVIÇOS!$A$1:$D$18506,4,0) -> SETOP | D20: =VLOOKUP(B20,SERVIÇOS!$A:$B,2,0) -> PINTURA ACRÍLICA EM PAREDE, TRÊS (3) DEMÃOS, EXCLUSIVE SELADOR ACRÍLICO E MASSA ACRÍLICA/CORRIDA (PVA) | E20: =VLOOKUP(B20,SERVIÇOS!$A:$C,3,0) -> m2 | F20: 437.8 | G20: =IF(C20=$K$10,K20,IF(C20=$L$10,L20,IF(C20=$M$10,M20,IF(C20=#REF!,VLOOKUP(B20,#REF!,7,FALSE),#REF!)))) -> 19.75 | H20: =G20+(G20*$B$6) -> 24.6875 | I20: =F20*H20 -> 10808.188 | J20: BARRACAO DE OBRA PARA ALOJAMENTO/ESCRITORIO | K20: =IF(C20="SINAPI",VLOOKUP(B20,'SIN C 12.23'!A:E,5,0)," ") | L20: =IF(C20="SINAPI-I",VLOOKUP(B20,'SIN I 12.23'!$7:$5071,5,0)," ") | M20: =IF(C20="SETOP",VLOOKUP(B20,'SET 08.23'!A:D,4,FALSE)," ") -> 19.75
A21: 1.5 | D21: ANDAIME
A22: 1.5.1 | B22: ED-9076 | C22: =VLOOKUP(B22,SERVIÇOS!$A$1:$D$18506,4,0) -> SETOP | D22: =VLOOKUP(B22,SERVIÇOS!$A:$B,2,0) -> FORNECIMENTO DE ANDAIME METÁLICO TUBULAR TIPO TORRE (LOCAÇÃO), INCLUSIVE RODÍZIOS, EXCLUSIVE MONTAGEM E DESMONTAGEM | E22: =VLOOKUP(B22,SERVIÇOS!$A:$C,3,0) -> mxmês | F22: 42 | G22: =IF(C22=$K$10,K22,IF(C22=$L$10,L22,IF(C22=$M$10,M22,IF(C22=#REF!,VLOOKUP(B22,#REF!,7,FALSE),#REF!)))) -> 20 | H22: =G22+(G22*$B$6) -> 25 | I22: =F22*H22 -> 1050 | J22: ANDAIME METÁLICO TUBULAR (14 m) * 3 meses | K22: =IF(C22="SINAPI",VLOOKUP(B22,'SIN C 12.23'!A:E,5,0)," ") | L22: =IF(C22="SINAPI-I",VLOOKUP(B22,'SIN I 12.23'!$7:$5071,5,0)," ") | M22: =IF(C22="SETOP",VLOOKUP(B22,'SET 08.23'!A:D,4,FALSE)," ") -> 20
A23: 1.5.2 | B23: ED-28533 | C23: =VLOOKUP(B23,SERVIÇOS!$A$1:$D$18506,4,0) -> SETOP | D23: =VLOOKUP(B23,SERVIÇOS!$A:$B,2,0) -> ANDAIME EM CAVALETE METÁLICO PARA FORRO OU SERVIÇO EM ALTURA INTERNO, COM CHAPA DE COMPENSADO E TÁBUA, COM REAPROVEITAMENTO, INCLUSIVE MONTAGEM/DESMONTAGEM E REMANEJAMENTO | E23: =VLOOKUP(B23,SERVIÇOS!$A:$C,3,0) -> m2 | F23: 596.96 | G23: =IF(C23=$K$10,K23,IF(C23=$L$10,L23,IF(C23=$M$10,M23,IF(C23=#REF!,VLOOKUP(B23,#REF!,7,FALSE),#REF!)))) -> 1.42 | H23: =G23+(G23*$B$6) -> 1.775 | I23: =F23*H23 -> 1059.604 | J23: ANDAIME PARA REVESTIMENTO DE FORROS EM MADEIRA DE 3A | K23: =IF(C23="SINAPI",VLOOKUP(B23,'SIN C 12.23'!A:E,5,0)," ") | L23: =IF(C23="SINAPI-I",VLOOKUP(B23,'SIN I 12.23'!$7:$5071,5,0)," ") | M23: =IF(C23="SETOP",VLOOKUP(B23,'SET 08.23'!A:D,4,FALSE)," ") -> 1.42
A24: . | H24: Subtotal | I24: =SUM(I12:I23) -> 96783.579 | K24: =IF(C24="SINAPI",VLOOKUP(B24,'SIN C 12.23'!A:E,5,0)," ") | L24: =IF(C24="SINAPI-I",VLOOKUP(B24,'SIN I 12.23'!$7:$5071,5,0)," ") | M24: =IF(C24="SETOP",VLOOKUP(B24,'SET 08.23'!A:D,4,FALSE)," ")
A25: 2 | D25: ESTRUTURAS METÁLICAS E FECHAMENTOS LIGHT STEEL FRAMING | K25: =IF(C25="SINAPI",VLOOKUP(B25,'SIN C 12.23'!A:E,5,0)," ") | L25: =IF(C25="SINAPI-I",VLOOKUP(B25,'SIN I 12.23'!$7:$5071,5,0)," ") | M25: =IF(C25="SETOP",VLOOKUP(B25,'SET 08.23'!A:D,4,FALSE)," ")
A26: 2.1 | B26: ED-49664 | C26: =VLOOKUP(B26,SERVIÇOS!$A$1:$D$18506,4,0) -> SETOP | D26: =VLOOKUP(B26,SERVIÇOS!$A:$B,2,0) -> FORNECIMENTO DE ESTRUTURA METÁLICA EM PERFIL LAMINADO, INCLUSIVE FABRICAÇÃO, TRANSPORTE, MONTAGEM E APLICAÇÃO DE FUNDO PREPARADOR ANTICORROSIVO EM SUPERFÍCIE METÁLICA, UMA (1) DEMÃO | E26: =VLOOKUP(B26,SERVIÇOS!$A:$C,3,0) -> Kg | F26: 3510 | G26: =IF(C26=$K$10,K26,IF(C26=$L$10,L26,IF(C26=$M$10,M26,IF(C26=#REF!,VLOOKUP(B26,#REF!,7,FALSE),#REF!)))) -> 27.43 | H26: =G26+(G26*$B$6) -> 34.2875 | I26: =F26*H26 -> 120349.12 | J26: FORNECIMENTO, FABRICAÇÃO E MONTAGEM DE ESTRUTURA METÁLICA (AÇO ESTRUTURAL PARA PÓRTICO E CAIXA D'ÁGUA) | K26: =IF(C26="SINAPI",VLOOKUP(B26,'SIN C 12.23'!A:E,5,0)," ") | L26: =IF(C26="SINAPI-I",VLOOKUP(B26,'SIN I 12.23'!$7:$5071,5,0)," ") | M26: =IF(C26="SETOP",VLOOKUP(B26,'SET 08.23'!A:D,4,FALSE)," ") -> 27.43
A27: 2.2 | B27: COTAÇÃO DE MERCADO | C27: MERCADO | D27: FORNECIMENTO E MONTAGEMDOS FECHAMENTOS DAS PAREDES EM LIGHT STEEL FRAMING COM REVESTIMENTO EXTERNO E INTERNO, BARREIRA DE VAPOR DAS PAREDES E TELHADO, ISOLAMENTO TERMO-ACUSTICO DAS PAREDES E FORROS, SUBSTRATOS DOS PISOS DA LAJE E ESCADA E FORRO DE GESSO ESTRUTURADOMONTAGEM DE PERFIS METÁLICOS DE PAREDES EXTERNAS E INTERNAS, DE TELHADO, DA LAJE E ESCADA EM ESTRUTURA LIGHT STEEL FRAMING - 636,40M² (FRETE INCLUSO) | E27: UN | F27: 1 | G27: 1270506.3 | H27: =G27 -> 1270506.3 | I27: =F27*H27 -> 1270506.3 | J27: Todo forncimento e montagem de todas as partes da estrutura em LIGHT STEEL FRAMING da unidade. Os orçamentos foram elaborados pela média de todos os serviços divididos pela área 636,40m². Orçamentos de mercado, que traz de maneira mais realista os preços de mercado praticados na região onde será construída a UBS. Usando o método da média dos preço temos: (R$ 924.389,19; R$ 1.358.179,60; R$ 1.528.950,00) = R$ R$ 1.270.506,26; usando o método da mediana dos preços temos: (R$ 924.389,19; R$ 1.358.179,60; R$ 1.528.950,00) = R$ 1.358.179,60 - Logo o método utilizado é da média. (OBSERVAÇÃO: COTAÇÃO DE MERCADO NÃO NECESSÁRIO OS 25% DE BDI, VISTO QUE AS EMPRESAS JÁ ESTÃO EMBUTINDO OS BENEFÍCIOS E DESPESAS INDIRETAS DO PRODUTO ORÇADO). | K27: =IF(C27="SINAPI",VLOOKUP(B27,'SIN C 12.23'!A:E,5,0)," ") | L27: =IF(C27="SINAPI-I",VLOOKUP(B27,'SIN I 12.23'!$7:$5071,5,0)," ") | M27: =IF(C27="SETOP",VLOOKUP(B27,'SET 08.23'!A:D,4,FALSE)," ")
A28: . | H28: Subtotal | I28: =SUM(I26:I27) -> 1390855.4 | K28: =IF(C28="SINAPI",VLOOKUP(B28,'SIN C 12.23'!A:E,5,0)," ") | L28: =IF(C28="SINAPI-I",VLOOKUP(B28,'SIN I 12.23'!$7:$5071,5,0)," ") | M28: =IF(C28="SETOP",VLOOKUP(B28,'SET 08.23'!A:D,4,FALSE)," ")
A29: 3 | D29: ALVENARIAS E DIVISÕES | K29: =IF(C29="SINAPI",VLOOKUP(B29,'SIN C 12.23'!A:E,5,0)," ") | L29: =IF(C29="SINAPI-I",VLOOKUP(B29,'SIN I 12.23'!$7:$5071,5,0)," ") | M29: =IF(C29="SETOP",VLOOKUP(B29,'SET 08.23'!A:D,4,FALSE)," ")
A30: 3.1 | B30: 103329 | C30: =VLOOKUP(B30,SERVIÇOS!$A$1:$D$18506,4,0) -> SINAPI | D30: =VLOOKUP(B30,SERVIÇOS!$A:$B,2,0) -> ALVENARIA DE VEDAÇÃO DE BLOCOS CERÂMICOS FURADOS NA HORIZONTAL DE 9X19X19 CM (ESPESSURA 9 CM) E ARGAMASSA DE ASSENTAMENTO COM PREPARO MANUAL. AF_12/2021 | E30: =VLOOKUP(B30,SERVIÇOS!$A:$C,3,0) -> M2 | F30: 2 | G30: =IF(C30=$K$10,K30,IF(C30=$L$10,L30,IF(C30=$M$10,M30,IF(C30=#REF!,VLOOKUP(B30,#REF!,7,FALSE),#REF!)))) -> 88,63 | H30: =G30+(G30*$B$6) -> 110.7875 | I30: =F30*H30 -> 221.575 | J30: ALVENARIA DE TIJOLOS CERAMICOS FURADOS, 10X20X20CM, ASSENTADOS COM ARGAMASSA CIMENTO/AREIA 1:10 COM PREPARO MANUAL, ESP. PAREDE = 12CM, COM JUNTAS DE 12MM, CONSIDERANDO 8% | K30: =IF(C30="SINAPI",VLOOKUP(B30,'SIN C 12.23'!A:E,5,0)," ") -> 88,63 | L30: =IF(C30="SINAPI-I",VLOOKUP(B30,'SIN I 12.23'!$7:$5071,5,0)," ") | M30: =IF(C30="SETOP",VLOOKUP(B30,'SET 08.23'!A:D,4,FALSE)," ")
A31: 3.2 | B31: ED-48536 | C31: =VLOOKUP(B31,SERVIÇOS!$A$1:$D$18506,4,0) -> SETOP | D31: =VLOOKUP(B31,SERVIÇOS!$A:$B,2,0) -> DIVISÓRIA EM PAINEL REMOVÍVEL, NÚCLEO COMPENSADO NAVAL - P. AÇO TIPO C | E31: =VLOOKUP(B31,SERVIÇOS!$A:$C,3,0) -> m2 | F31: 42.35 | G31: =IF(C31=$K$10,K31,IF(C31=$L$10,L31,IF(C31=$M$10,M31,IF(C31=#REF!,VLOOKUP(B31,#REF!,7,FALSE),#REF!)))) -> 100.93 | H31: =G31+(G31*$B$6) -> 126.1625 | I31: =F31*H31 -> 5342.9819 | J31: DIVISORIA 35MM PAINEL CEGO MIOLO COLMEIA REVESTIDA C/CHAPA LAMINADA EM CORES FIBRA MADEIRA PRENSADA C/MONTANTES ALUMINIO ANODIZADO NATURAL EM"L" "T" OU "X" INCL PORTAS EXCL SUAS FERRAGENS. | K31: =IF(C31="SINAPI",VLOOKUP(B31,'SIN C 12.23'!A:E,5,0)," ") | L31: =IF(C31="SINAPI-I",VLOOKUP(B31,'SIN I 12.23'!$7:$5071,5,0)," ") | M31: =IF(C31="SETOP",VLOOKUP(B31,'SET 08.23'!A:D,4,FALSE)," ") -> 100.93
A32: 3.3 | B32: ED-48533 | C32: =VLOOKUP(B32,SERVIÇOS!$A$1:$D$18506,4,0) -> SETOP | D32: =VLOOKUP(B32,SERVIÇOS!$A:$B,2,0) -> DIVISÓRIA EM GRANITO CINZA ANDORINHA E = 3 CM, INCLUSIVE FERRAGENS EM LATÃO CROMADO | E32: =VLOOKUP(B32,SERVIÇOS!$A:$C,3,0) -> m2 | F32: 17.54 | G32: =IF(C32=$K$10,K32,IF(C32=$L$10,L32,IF(C32=$M$10,M32,IF(C32=#REF!,VLOOKUP(B32,#REF!,7,FALSE),#REF!)))) -> 694.61 | H32: =G32+(G32*$B$6) -> 868.2625 | I32: =F32*H32 -> 15229.324 | J32: DIVISORIA EM GRANITO CINZA CORUMBÁ POLIDO H= 180 CM, INCLUSIVE FERRAGENS EM LATÃO CROMADO | K32: =IF(C32="SINAPI",VLOOKUP(B32,'SIN C 12.23'!A:E,5,0)," ") | L32: =IF(C32="SINAPI-I",VLOOKUP(B32,'SIN I 12.23'!$7:$5071,5,0)," ") | M32: =IF(C32="SETOP",VLOOKUP(B32,'SET 08.23'!A:D,4,FALSE)," ") -> 694.61
A33: . | H33: Subtotal | I33: =SUM(I30:I32) -> 20793.881 | K33: =IF(C33="SINAPI",VLOOKUP(B33,'SIN C 12.23'!A:E,5,0)," ") | L33: =IF(C33="SINAPI-I",VLOOKUP(B33,'SIN I 12.23'!$7:$5071,5,0)," ") | M33: =IF(C33="SETOP",VLOOKUP(B33,'SET 08.23'!A:D,4,FALSE)," ")
A34: 4 | D34: COBERTURA | K34: =IF(C34="SINAPI",VLOOKUP(B34,'SIN C 12.23'!A:E,5,0)," ") | L34: =IF(C34="SINAPI-I",VLOOKUP(B34,'SIN I 12.23'!$7:$5071,5,0)," ") | M34: =IF(C34="SETOP",VLOOKUP(B34,'SET 08.23'!A:D,4,FALSE)," ")
A35: 4.1 | B35: ED-13852 | C35: =VLOOKUP(B35,SERVIÇOS!$A$1:$D$18506,4,0) -> SETOP | D35: =VLOOKUP(B35,SERVIÇOS!$A:$B,2,0) -> COBERTURA EM TELHA METÁLICA GALVANIZADA ONDULADA, TIPO SIMPLES, ESP. 0,50MM, ACABAMENTO NATURAL, INCLUSIVE ACESSÓRIOS PARA FIXAÇÃO, FORNECIMENTO E INSTALAÇÃO | E35: =VLOOKUP(B35,SERVIÇOS!$A:$C,3,0) -> m2 | F35: 626.3 | G35: =IF(C35=$K$10,K35,IF(C35=$L$10,L35,IF(C35=$M$10,M35,IF(C35=#REF!,VLOOKUP(B35,#REF!,7,FALSE),#REF!)))) -> 97.98 | H35: =G35+(G35*$B$6) -> 122.475 | I35: =F35*H35 -> 76706.092 | J35: COBERTURA COM TELHA CHAPA AÇO ZINCADO ONDULADA 0,5 MM | K35: =IF(C35="SINAPI",VLOOKUP(B35,'SIN C 12.23'!A:E,5,0)," ") | L35: =IF(C35="SINAPI-I",VLOOKUP(B35,'SIN I 12.23'!$7:$5071,5,0)," ") | M35: =IF(C35="SETOP",VLOOKUP(B35,'SET 08.23'!A:D,4,FALSE)," ") -> 97.98
A36: 4.2 | B36: ED-48402 | C36: =VLOOKUP(B36,SERVIÇOS!$A$1:$D$18506,4,0) -> SETOP | D36: =VLOOKUP(B36,SERVIÇOS!$A:$B,2,0) -> COLOCAÇÃO DE CUMEEIRA GALVANIZADA TRAPEZOIDAL E = 0,50 MM, SIMPLES | E36: =VLOOKUP(B36,SERVIÇOS!$A:$C,3,0) -> m | F36: 50.1 | G36: =IF(C36=$K$10,K36,IF(C36=$L$10,L36,IF(C36=$M$10,M36,IF(C36=#REF!,VLOOKUP(B36,#REF!,7,FALSE),#REF!)))) -> 56.99 | H36: =G36+(G36*$B$6) -> 71.2375 | I36: =F36*H36 -> 3568.9987 | J36: FABRICAÇÃO, FORNECIMENTO E INSTALAÇÃO DE CUMEEIRA METÁLICA PARA TELHA TRAPEZOIDAL | K36: =IF(C36="SINAPI",VLOOKUP(B36,'SIN C 12.23'!A:E,5,0)," ") | L36: =IF(C36="SINAPI-I",VLOOKUP(B36,'SIN I 12.23'!$7:$5071,5,0)," ") | M36: =IF(C36="SETOP",VLOOKUP(B36,'SET 08.23'!A:D,4,FALSE)," ") -> 56.99
A37: 4.3 | B37: ED-50667 | C37: =VLOOKUP(B37,SERVIÇOS!$A$1:$D$18506,4,0) -> SETOP | D37: =VLOOKUP(B37,SERVIÇOS!$A:$B,2,0) -> CHAPIM EM CHAPA GALVANIZADA, COM PINGADEIRA, ESP. 0,65MM (GSG-24), COM DESENVOLVIMENTO DE 35CM, INCLUSIVE IÇAMENTO MANUAL VERTICAL | E37: =VLOOKUP(B37,SERVIÇOS!$A:$C,3,0) -> m | F37: 171.2 | G37: =IF(C37=$K$10,K37,IF(C37=$L$10,L37,IF(C37=$M$10,M37,IF(C37=#REF!,VLOOKUP(B37,#REF!,7,FALSE),#REF!)))) -> 62.57 | H37: =G37+(G37*$B$6) -> 78.2125 | I37: =F37*H37 -> 13389.98 | J37: FABRICAÇÃO, FORNECIMENTO E INSTALAÇÃO DE CHAPIM EM CHAPA DE AÇO GALVANIZADA CONFORME PROJETO | K37: =IF(C37="SINAPI",VLOOKUP(B37,'SIN C 12.23'!A:E,5,0)," ") | L37: =IF(C37="SINAPI-I",VLOOKUP(B37,'SIN I 12.23'!$7:$5071,5,0)," ") | M37: =IF(C37="SETOP",VLOOKUP(B37,'SET 08.23'!A:D,4,FALSE)," ") -> 62.57
A38: 4.4 | B38: ED-50660 | C38: =VLOOKUP(B38,SERVIÇOS!$A$1:$D$18506,4,0) -> SETOP | D38: =VLOOKUP(B38,SERVIÇOS!$A:$B,2,0) -> CALHA EM CHAPA GALVANIZADA, ESP. 0,65MM (GSG-24), COM DESENVOLVIMENTO DE 100CM, INCLUSIVE IÇAMENTO MANUAL VERTICAL | E38: =VLOOKUP(B38,SERVIÇOS!$A:$C,3,0) -> m | F38: 163.06 | G38: =IF(C38=$K$10,K38,IF(C38=$L$10,L38,IF(C38=$M$10,M38,IF(C38=#REF!,VLOOKUP(B38,#REF!,7,FALSE),#REF!)))) -> 162.68 | H38: =G38+(G38*$B$6) -> 203.35 | I38: =F38*H38 -> 33158.251 | J38: FABRICAÇÃO, FORNECIMENTO E INSTALAÇÃO DE CALHA METÁLICA CONJUGADA EM CHAPIM EM CHAPA DE AÇO GALVANIZADO CONFORME PROJETO | K38: =IF(C38="SINAPI",VLOOKUP(B38,'SIN C 12.23'!A:E,5,0)," ") | L38: =IF(C38="SINAPI-I",VLOOKUP(B38,'SIN I 12.23'!$7:$5071,5,0)," ") | M38: =IF(C38="SETOP",VLOOKUP(B38,'SET 08.23'!A:D,4,FALSE)," ") -> 162.68
A39: 4.5 | B39: ED-50679 | C39: =VLOOKUP(B39,SERVIÇOS!$A$1:$D$18506,4,0) -> SETOP | D39: =VLOOKUP(B39,SERVIÇOS!$A:$B,2,0) -> RUFO E CONTRARRUFO EM CHAPA GALVANIZADA, ESP. 0,65MM (GSG-24), COM DESENVOLVIMENTO DE 50CM, INCLUSIVE IÇAMENTO MANUAL VERTICAL | E39: =VLOOKUP(B39,SERVIÇOS!$A:$C,3,0) -> m | F39: 140.48 | G39: =IF(C39=$K$10,K39,IF(C39=$L$10,L39,IF(C39=$M$10,M39,IF(C39=#REF!,VLOOKUP(B39,#REF!,7,FALSE),#REF!)))) -> 87.71 | H39: =G39+(G39*$B$6) -> 109.6375 | I39: =F39*H39 -> 15401.876 | J39: FABRICAÇÃO, FORNECIMENTO E INSTALAÇÃO DE RUFOS EM CHAPA DE AÇO GALVANIZADA CONFORME PROJETO | K39: =IF(C39="SINAPI",VLOOKUP(B39,'SIN C 12.23'!A:E,5,0)," ") | L39: =IF(C39="SINAPI-I",VLOOKUP(B39,'SIN I 12.23'!$7:$5071,5,0)," ") | M39: =IF(C39="SETOP",VLOOKUP(B39,'SET 08.23'!A:D,4,FALSE)," ") -> 87.71
A40: . | H40: Subtotal | I40: =SUM(I35:I39) -> 142225.2 | K40: =IF(C40="SINAPI",VLOOKUP(B40,'SIN C 12.23'!A:E,5,0)," ") | L40: =IF(C40="SINAPI-I",VLOOKUP(B40,'SIN I 12.23'!$7:$5071,5,0)," ") | M40: =IF(C40="SETOP",VLOOKUP(B40,'SET 08.23'!A:D,4,FALSE)," ")
A41: 5 | D41: IMPERMEABILIZAÇÕES E ISOLAMENTO | K41: =IF(C41="SINAPI",VLOOKUP(B41,'SIN C 12.23'!A:E,5,0)," ") | L41: =IF(C41="SINAPI-I",VLOOKUP(B41,'SIN I 12.23'!$7:$5071,5,0)," ") | M41: =IF(C41="SETOP",VLOOKUP(B41,'SET 08.23'!A:D,4,FALSE)," ")
A42: 5.1 | B42: RO-40982 | C42: =VLOOKUP(B42,SERVIÇOS!$A$1:$D$18506,4,0) -> SETOP | D42: =VLOOKUP(B42,SERVIÇOS!$A:$B,2,0) -> Manta geotêxtil não tecida, A/500, OP/60 ou similar, resistência à tração de 39 KN/m2 (Execução, incluindo fornecimento, transporte e colocação) | E42: =VLOOKUP(B42,SERVIÇOS!$A:$C,3,0) -> m2 | F42: 23.4 | G42: =IF(C42=$K$10,K42,IF(C42=$L$10,L42,IF(C42=$M$10,M42,IF(C42=#REF!,VLOOKUP(B42,#REF!,7,FALSE),#REF!)))) -> 16.42 | H42: =G42+(G42*$B$6) -> 20.525 | I42: =F42*H42 -> 480.285 | J42: CAMADA DE TRANSIÇÃO COM GEOTEXTIL 200G/M2 - FORNECIMENTO E COLOCAÇÃO | K42: =IF(C42="SINAPI",VLOOKUP(B42,'SIN C 12.23'!A:E,5,0)," ") | L42: =IF(C42="SINAPI-I",VLOOKUP(B42,'SIN I 12.23'!$7:$5071,5,0)," ") | M42: =IF(C42="SETOP",VLOOKUP(B42,'SET 08.23'!A:D,4,FALSE)," ") -> 16.42
A43: 5.2 | B43: ED-50170 | C43: =VLOOKUP(B43,SERVIÇOS!$A$1:$D$18506,4,0) -> SETOP | D43: =VLOOKUP(B43,SERVIÇOS!$A:$B,2,0) -> CAMADA DE REGULARIZAÇÃO COM ARGAMASSA, TRAÇO 1:3 (CIMENTO E AREIA), ESP. 30MM, APLICAÇÃO MANUAL, PREPARO MECÂNICO | E43: =VLOOKUP(B43,SERVIÇOS!$A:$C,3,0) -> m2 | F43: 23.4 | G43: =IF(C43=$K$10,K43,IF(C43=$L$10,L43,IF(C43=$M$10,M43,IF(C43=#REF!,VLOOKUP(B43,#REF!,7,FALSE),#REF!)))) -> 43.97 | H43: =G43+(G43*$B$6) -> 54.9625 | I43: =F43*H43 -> 1286.1225 | J43: CAMADA DE REGULARIZAÇÃO ARGAMASSA TRAÇO 1:3, ESPESSURA MÉDIA 3,0 CM | K43: =IF(C43="SINAPI",VLOOKUP(B43,'SIN C 12.23'!A:E,5,0)," ") | L43: =IF(C43="SINAPI-I",VLOOKUP(B43,'SIN I 12.23'!$7:$5071,5,0)," ") | M43: =IF(C43="SETOP",VLOOKUP(B43,'SET 08.23'!A:D,4,FALSE)," ") -> 43.97
A44: 5.3 | B44: 98556 | C44: =VLOOKUP(B44,SERVIÇOS!$A$1:$D$18506,4,0) -> SINAPI | D44: =VLOOKUP(B44,SERVIÇOS!$A:$B,2,0) -> IMPERMEABILIZAÇÃO DE SUPERFÍCIE COM ARGAMASSA POLIMÉRICA / MEMBRANA ACRÍLICA, 4 DEMÃOS, REFORÇADA COM VÉU DE POLIÉSTER (MAV). AF_06/2018 | E44: =VLOOKUP(B44,SERVIÇOS!$A:$C,3,0) -> M2 | F44: 182.46 | G44: =IF(C44=$K$10,K44,IF(C44=$L$10,L44,IF(C44=$M$10,M44,IF(C44=#REF!,VLOOKUP(B44,#REF!,7,FALSE),#REF!)))) -> 55,06 | H44: =G44+(G44*$B$6) -> 68.825 | I44: =F44*H44 -> 12557.81 | J44: IMPERMEABILIZAÇÃO COM ARGAMASSA POLIMÉRICA COM CONSUMO DE 5,0KG/M², ESTRUTURADA COM TELA POLIÉSTER RESINADA MALHA DE 3X3 MM | K44: =IF(C44="SINAPI",VLOOKUP(B44,'SIN C 12.23'!A:E,5,0)," ") -> 55,06 | L44: =IF(C44="SINAPI-I",VLOOKUP(B44,'SIN I 12.23'!$7:$5071,5,0)," ") | M44: =IF(C44="SETOP",VLOOKUP(B44,'SET 08.23'!A:D,4,FALSE)," ")
A45: 5.4 | B45: 98546 | C45: =VLOOKUP(B45,SERVIÇOS!$A$1:$D$18506,4,0) -> SINAPI | D45: =VLOOKUP(B45,SERVIÇOS!$A:$B,2,0) -> IMPERMEABILIZAÇÃO DE SUPERFÍCIE COM MANTA ASFÁLTICA, UMA CAMADA, INCLUSIVE APLICAÇÃO DE PRIMER ASFÁLTICO, E=3MM. AF_06/2018 | E45: =VLOOKUP(B45,SERVIÇOS!$A:$C,3,0) -> M2 | F45: 23.4 | G45: =IF(C45=$K$10,K45,IF(C45=$L$10,L45,IF(C45=$M$10,M45,IF(C45=#REF!,VLOOKUP(B45,#REF!,7,FALSE),#REF!)))) -> 111,49 | H45: =G45+(G45*$B$6) -> 139.3625 | I45: =F45*H45 -> 3261.0825 | J45: IMPERMEABILIZACAO COM MANTA ASFALTICA ESPESSURA 3MM PROTEGIDA COM FILME DE ALUMINIO GOFRADO ESPESSURA 0,8MM, INCLUSO EMULSAO ASFALTICA | K45: =IF(C45="SINAPI",VLOOKUP(B45,'SIN C 12.23'!A:E,5,0)," ") -> 111,49 | L45: =IF(C45="SINAPI-I",VLOOKUP(B45,'SIN I 12.23'!$7:$5071,5,0)," ") | M45: =IF(C45="SETOP",VLOOKUP(B45,'SET 08.23'!A:D,4,FALSE)," ")
A46: 5.4 | B46: ED-13279 | C46: =VLOOKUP(B46,SERVIÇOS!$A$1:$D$18506,4,0) -> SETOP | D46: =VLOOKUP(B46,SERVIÇOS!$A:$B,2,0) -> PROTEÇÃO MECÂNICA COM ARGAMASSA, TRAÇO 1:3 (CIMENTO E AREIA), ESP. 20MM, APLICAÇÃO MANUAL, PREPARO MECÂNICO, EXCLUSIVE CAMADA DE REGULARIZAÇÃO | E46: =VLOOKUP(B46,SERVIÇOS!$A:$C,3,0) -> m2 | F46: 23.4 | G46: =IF(C46=$K$10,K46,IF(C46=$L$10,L46,IF(C46=$M$10,M46,IF(C46=#REF!,VLOOKUP(B46,#REF!,7,FALSE),#REF!)))) -> 32.25 | H46: =G46+(G46*$B$6) -> 40.3125 | I46: =F46*H46 -> 943.3125 | J46: PROTEÇAO MECANICA - ARGAMASSA DE CIMENTO E AREIA TRAÇO 1 :3 | K46: =IF(C46="SINAPI",VLOOKUP(B46,'SIN C 12.23'!A:E,5,0)," ") | L46: =IF(C46="SINAPI-I",VLOOKUP(B46,'SIN I 12.23'!$7:$5071,5,0)," ") | M46: =IF(C46="SETOP",VLOOKUP(B46,'SET 08.23'!A:D,4,FALSE)," ") -> 32.25
A47: 5.4 | B47: ED-50579 | C47: =VLOOKUP(B47,SERVIÇOS!$A$1:$D$18506,4,0) -> SETOP | D47: =VLOOKUP(B47,SERVIÇOS!$A:$B,2,0) -> APLICAÇÃO DE SELANTE, MASTIQUE ELÁSTICO, EM JUNTA DE DILAÇÃO, DIMENSÃO 20X10 MM, FATOR DE FORMA 1:2, EXCLUSIVE DELIMITADOR DE PROFUNDIDADE | E47: =VLOOKUP(B47,SERVIÇOS!$A:$C,3,0) -> m | F47: 136.36 | G47: =IF(C47=$K$10,K47,IF(C47=$L$10,L47,IF(C47=$M$10,M47,IF(C47=#REF!,VLOOKUP(B47,#REF!,7,FALSE),#REF!)))) -> 31.82 | H47: =G47+(G47*$B$6) -> 39.775 | I47: =F47*H47 -> 5423.719 | J47: JUNTA EM MASTIQUE POLIURETANO (MASTIQUE PERIMETRAL) 2X2 CM | K47: =IF(C47="SINAPI",VLOOKUP(B47,'SIN C 12.23'!A:E,5,0)," ") | L47: =IF(C47="SINAPI-I",VLOOKUP(B47,'SIN I 12.23'!$7:$5071,5,0)," ") | M47: =IF(C47="SETOP",VLOOKUP(B47,'SET 08.23'!A:D,4,FALSE)," ") -> 31.82
A48: . | H48: Subtotal | I48: =SUM(I42:I47) -> 23952.331 | K48: =IF(C48="SINAPI",VLOOKUP(B48,'SIN C 12.23'!A:E,5,0)," ") | L48: =IF(C48="SINAPI-I",VLOOKUP(B48,'SIN I 12.23'!$7:$5071,5,0)," ") | M48: =IF(C48="SETOP",VLOOKUP(B48,'SET 08.23'!A:D,4,FALSE)," ")
A49: 6 | D49: INSTALAÇÃO HIDRO-SANITÁRIA | K49: =IF(C49="SINAPI",VLOOKUP(B49,'SIN C 12.23'!A:E,5,0)," ") | L49: =IF(C49="SINAPI-I",VLOOKUP(B49,'SIN I 12.23'!$7:$5071,5,0)," ") | M49: =IF(C49="SETOP",VLOOKUP(B49,'SET 08.23'!A:D,4,FALSE)," ")
A50: 6.1 | D50: TUBULAÇÕES E CONEXÕES | K50: =IF(C50="SINAPI",VLOOKUP(B50,'SIN C 12.23'!A:E,5,0)," ") | L50: =IF(C50="SINAPI-I",VLOOKUP(B50,'SIN I 12.23'!$7:$5071,5,0)," ") | M50: =IF(C50="SETOP",VLOOKUP(B50,'SET 08.23'!A:D,4,FALSE)," ")
A51: 6.1.1 | B51: ED-50018 | C51: =VLOOKUP(B51,SERVIÇOS!$A$1:$D$18506,4,0) -> SETOP | D51: =VLOOKUP(B51,SERVIÇOS!$A:$B,2,0) -> FORNECIMENTO E ASSENTAMENTO DE TUBO PVC RÍGIDO SOLDÁVEL, ÁGUA FRIA, DN 20 MM (1/2"), INCLUSIVE CONEXÕES | E51: =VLOOKUP(B51,SERVIÇOS!$A:$C,3,0) -> m | F51: 12 | G51: =IF(C51=$K$10,K51,IF(C51=$L$10,L51,IF(C51=$M$10,M51,IF(C51=#REF!,VLOOKUP(B51,#REF!,7,FALSE),#REF!)))) -> 21.15 | H51: =G51+(G51*$B$6) -> 26.4375 | I51: =F51*H51 -> 317.25 | J51: TUBO PVC SOLDAVEL AGUA FRIA DN 20MM, INCLUSIVE CONEXOES - FORNECIMENTO E INSTALACAO | K51: =IF(C51="SINAPI",VLOOKUP(B51,'SIN C 12.23'!A:E,5,0)," ") | L51: =IF(C51="SINAPI-I",VLOOKUP(B51,'SIN I 12.23'!$7:$5071,5,0)," ") | M51: =IF(C51="SETOP",VLOOKUP(B51,'SET 08.23'!A:D,4,FALSE)," ") -> 21.15
A52: 6.1.2 | B52: ED-50019 | C52: =VLOOKUP(B52,SERVIÇOS!$A$1:$D$18506,4,0) -> SETOP | D52: =VLOOKUP(B52,SERVIÇOS!$A:$B,2,0) -> FORNECIMENTO E ASSENTAMENTO DE TUBO PVC RÍGIDO SOLDÁVEL, ÁGUA FRIA, DN 25 MM (3/4") , INCLUSIVE CONEXÕES | E52: =VLOOKUP(B52,SERVIÇOS!$A:$C,3,0) -> m | F52: 258 | G52: =IF(C52=$K$10,K52,IF(C52=$L$10,L52,IF(C52=$M$10,M52,IF(C52=#REF!,VLOOKUP(B52,#REF!,7,FALSE),#REF!)))) -> 24.46 | H52: =G52+(G52*$B$6) -> 30.575 | I52: =F52*H52 -> 7888.35 | J52: TUBO PVC SOLDAVEL AGUA FRIA DN 25MM, INCLUSIVE CONEXOES - FORNECIMENTO E INSTALACAO | K52: =IF(C52="SINAPI",VLOOKUP(B52,'SIN C 12.23'!A:E,5,0)," ") | L52: =IF(C52="SINAPI-I",VLOOKUP(B52,'SIN I 12.23'!$7:$5071,5,0)," ") | M52: =IF(C52="SETOP",VLOOKUP(B52,'SET 08.23'!A:D,4,FALSE)," ") -> 24.46
A53: 6.1.3 | B53: ED-50020 | C53: =VLOOKUP(B53,SERVIÇOS!$A$1:$D$18506,4,0) -> SETOP | D53: =VLOOKUP(B53,SERVIÇOS!$A:$B,2,0) -> FORNECIMENTO E ASSENTAMENTO DE TUBO PVC RÍGIDO SOLDÁVEL, ÁGUA FRIA, DN 32 MM (1") , INCLUSIVE CONEXÕES | E53: =VLOOKUP(B53,SERVIÇOS!$A:$C,3,0) -> m | F53: 60 | G53: =IF(C53=$K$10,K53,IF(C53=$L$10,L53,IF(C53=$M$10,M53,IF(C53=#REF!,VLOOKUP(B53,#REF!,7,FALSE),#REF!)))) -> 34.29 | H53: =G53+(G53*$B$6) -> 42.8625 | I53: =F53*H53 -> 2571.75 | J53: TUBO PVC SOLDAVEL AGUA FRIA DN 32MM, INCLUSIVE CONEXOES - FORNECIMENTO E INSTALACAO | K53: =IF(C53="SINAPI",VLOOKUP(B53,'SIN C 12.23'!A:E,5,0)," ") | L53: =IF(C53="SINAPI-I",VLOOKUP(B53,'SIN I 12.23'!$7:$5071,5,0)," ") | M53: =IF(C53="SETOP",VLOOKUP(B53,'SET 08.23'!A:D,4,FALSE)," ") -> 34.29
A54: 6.1.4 | B54: ED-50022 | C54: =VLOOKUP(B54,SERVIÇOS!$A$1:$D$18506,4,0) -> SETOP | D54: =VLOOKUP(B54,SERVIÇOS!$A:$B,2,0) -> FORNECIMENTO E ASSENTAMENTO DE TUBO PVC RÍGIDO SOLDÁVEL, ÁGUA FRIA, DN 50 MM (1.1/2"), INCLUSIVE CONEXÕES | E54: =VLOOKUP(B54,SERVIÇOS!$A:$C,3,0) -> m | F54: 48 | G54: =IF(C54=$K$10,K54,IF(C54=$L$10,L54,IF(C54=$M$10,M54,IF(C54=#REF!,VLOOKUP(B54,#REF!,7,FALSE),#REF!)))) -> 45.04 | H54: =G54+(G54*$B$6) -> 56.3 | I54: =F54*H54 -> 2702.4 | J54: TUBO PVC SOLDAVEL AGUA FRIA DN 50 MM, INCLUSIVE CONEXOES - FORNECIMENTO E INSTALACAO | K54: =IF(C54="SINAPI",VLOOKUP(B54,'SIN C 12.23'!A:E,5,0)," ") | L54: =IF(C54="SINAPI-I",VLOOKUP(B54,'SIN I 12.23'!$7:$5071,5,0)," ") | M54: =IF(C54="SETOP",VLOOKUP(B54,'SET 08.23'!A:D,4,FALSE)," ") -> 45.04
A55: 6.1.5 | B55: ED-50023 | C55: =VLOOKUP(B55,SERVIÇOS!$A$1:$D$18506,4,0) -> SETOP | D55: =VLOOKUP(B55,SERVIÇOS!$A:$B,2,0) -> FORNECIMENTO E ASSENTAMENTO DE TUBO PVC RÍGIDO SOLDÁVEL, ÁGUA FRIA, DN 60 MM (2"), INCLUSIVE CONEXÕES | E55: =VLOOKUP(B55,SERVIÇOS!$A:$C,3,0) -> m | F55: 24 | G55: =IF(C55=$K$10,K55,IF(C55=$L$10,L55,IF(C55=$M$10,M55,IF(C55=#REF!,VLOOKUP(B55,#REF!,7,FALSE),#REF!)))) -> 59.57 | H55: =G55+(G55*$B$6) -> 74.4625 | I55: =F55*H55 -> 1787.1 | J55: TUBO PVC SOLDAVEL AGUA FRIA DN 60 MM, INCLUSIVE CONEXOES - FORNECIMENTO E INSTALACAO | K55: =IF(C55="SINAPI",VLOOKUP(B55,'SIN C 12.23'!A:E,5,0)," ") | L55: =IF(C55="SINAPI-I",VLOOKUP(B55,'SIN I 12.23'!$7:$5071,5,0)," ") | M55: =IF(C55="SETOP",VLOOKUP(B55,'SET 08.23'!A:D,4,FALSE)," ") -> 59.57
A56: 6.1.6 | B56: ED-50024 | C56: =VLOOKUP(B56,SERVIÇOS!$A$1:$D$18506,4,0) -> SETOP | D56: =VLOOKUP(B56,SERVIÇOS!$A:$B,2,0) -> FORNECIMENTO E ASSENTAMENTO DE TUBO PVC RÍGIDO SOLDÁVEL, ÁGUA FRIA, DN 75 MM (2.1/2"), INCLUSIVE CONEXÕES | E56: =VLOOKUP(B56,SERVIÇOS!$A:$C,3,0) -> m | F56: 30 | G56: =IF(C56=$K$10,K56,IF(C56=$L$10,L56,IF(C56=$M$10,M56,IF(C56=#REF!,VLOOKUP(B56,#REF!,7,FALSE),#REF!)))) -> 90.72 | H56: =G56+(G56*$B$6) -> 113.4 | I56: =F56*H56 -> 3402 | J56: TUBO PVC SOLDAVEL AGUA FRIA DN 75 MM, INCLUSIVE CONEXOES - FORNECIMENTO E INSTALACAO | K56: =IF(C56="SINAPI",VLOOKUP(B56,'SIN C 12.23'!A:E,5,0)," ") | L56: =IF(C56="SINAPI-I",VLOOKUP(B56,'SIN I 12.23'!$7:$5071,5,0)," ") | M56: =IF(C56="SETOP",VLOOKUP(B56,'SET 08.23'!A:D,4,FALSE)," ") -> 90.72
A57: 6.1.7 | B57: ED-50034 | C57: =VLOOKUP(B57,SERVIÇOS!$A$1:$D$18506,4,0) -> SETOP | D57: =VLOOKUP(B57,SERVIÇOS!$A:$B,2,0) -> FORNECIMENTO E ASSENTAMENTO DE TUBO PVC RÍGIDO, ESGOTO, PB - SÉRIE NORMAL, DN 40MM (1.1/2"), INCLUSIVE CONEXÕES | E57: =VLOOKUP(B57,SERVIÇOS!$A:$C,3,0) -> m | F57: 102 | G57: =IF(C57=$K$10,K57,IF(C57=$L$10,L57,IF(C57=$M$10,M57,IF(C57=#REF!,VLOOKUP(B57,#REF!,7,FALSE),#REF!)))) -> 21.74 | H57: =G57+(G57*$B$6) -> 27.175 | I57: =F57*H57 -> 2771.85 | J57: TUBO PVC ESGOTO JS PREDIAL DN 40MM, INCLUSIVE CONEXOES - FORNECIMENTO E INSTALACAO | K57: =IF(C57="SINAPI",VLOOKUP(B57,'SIN C 12.23'!A:E,5,0)," ") | L57: =IF(C57="SINAPI-I",VLOOKUP(B57,'SIN I 12.23'!$7:$5071,5,0)," ") | M57: =IF(C57="SETOP",VLOOKUP(B57,'SET 08.23'!A:D,4,FALSE)," ") -> 21.74
A58: 6.1.8 | B58: ED-50027 | C58: =VLOOKUP(B58,SERVIÇOS!$A$1:$D$18506,4,0) -> SETOP | D58: =VLOOKUP(B58,SERVIÇOS!$A:$B,2,0) -> FORNECIMENTO E ASSENTAMENTO DE TUBO PVC RÍGIDO, ESGOTO, PBV - SÉRIE NORMAL, DN 50 MM (2"), INCLUSIVE CONEXÕES | E58: =VLOOKUP(B58,SERVIÇOS!$A:$C,3,0) -> m | F58: 66 | G58: =IF(C58=$K$10,K58,IF(C58=$L$10,L58,IF(C58=$M$10,M58,IF(C58=#REF!,VLOOKUP(B58,#REF!,7,FALSE),#REF!)))) -> 29.26 | H58: =G58*B6+G58 -> 36.575 | I58: =F58*H58 -> 2413.95 | J58: TUBO PVC ESGOTO PREDIAL DN 50MM, INCLUSIVE CONEXOES - FORNECIMENTO E INSTALACAO | K58: =IF(C58="SINAPI",VLOOKUP(B58,'SIN C 12.23'!A:E,5,0)," ") | L58: =IF(C58="SINAPI-I",VLOOKUP(B58,'SIN I 12.23'!$7:$5071,5,0)," ") | M58: =IF(C58="SETOP",VLOOKUP(B58,'SET 08.23'!A:D,4,FALSE)," ") -> 29.26
A59: 6.1.9 | B59: ED-50028 | C59: =VLOOKUP(B59,SERVIÇOS!$A$1:$D$18506,4,0) -> SETOP | D59: =VLOOKUP(B59,SERVIÇOS!$A:$B,2,0) -> FORNECIMENTO E ASSENTAMENTO DE TUBO PVC RÍGIDO, ESGOTO, PBV - SÉRIE NORMAL, DN 75 MM (3"), INCLUSIVE CONEXÕES | E59: =VLOOKUP(B59,SERVIÇOS!$A:$C,3,0) -> m | F59: 84 | G59: =IF(C59=$K$10,K59,IF(C59=$L$10,L59,IF(C59=$M$10,M59,IF(C59=#REF!,VLOOKUP(B59,#REF!,7,FALSE),#REF!)))) -> 38.12 | H59: =G59+(G59*$B$6) -> 47.65 | I59: =F59*H59 -> 4002.6 | J59: TUBO PVC ESGOTO PREDIAL DN 75MM, INCLUSIVE CONEXOES - FORNECIMENTO E INSTALACAO | K59: =IF(C59="SINAPI",VLOOKUP(B59,'SIN C 12.23'!A:E,5,0)," ") | L59: =IF(C59="SINAPI-I",VLOOKUP(B59,'SIN I 12.23'!$7:$5071,5,0)," ") | M59: =IF(C59="SETOP",VLOOKUP(B59,'SET 08.23'!A:D,4,FALSE)," ") -> 38.12
A60: 6.1.10 | B60: ED-50038 | C60: =VLOOKUP(B60,SERVIÇOS!$A$1:$D$18506,4,0) -> SETOP | D60: =VLOOKUP(B60,SERVIÇOS!$A:$B,2,0) -> FORNECIMENTO E ASSENTAMENTO DE TUBO PVC RÍGIDO, ESGOTO, PBV - SÉRIE REFORÇADO, DN 100 MM (4"), INCLUSIVE CONEXÕES | E60: =VLOOKUP(B60,SERVIÇOS!$A:$C,3,0) -> m | F60: 138 | G60: =IF(C60=$K$10,K60,IF(C60=$L$10,L60,IF(C60=$M$10,M60,IF(C60=#REF!,VLOOKUP(B60,#REF!,7,FALSE),#REF!)))) -> 67.05 | H60: =G60+(G60*$B$6) -> 83.8125 | I60: =F60*H60 -> 11566.125 | J60: TUBO PVC ESGOTO PREDIAL DN 100MM, INCLUSIVE CONEXOES - FORNECIMENTO E INSTALACAO | K60: =IF(C60="SINAPI",VLOOKUP(B60,'SIN C 12.23'!A:E,5,0)," ") | L60: =IF(C60="SINAPI-I",VLOOKUP(B60,'SIN I 12.23'!$7:$5071,5,0)," ") | M60: =IF(C60="SETOP",VLOOKUP(B60,'SET 08.23'!A:D,4,FALSE)," ") -> 67.05
A61: 6.1.11 | B61: ED-50332 | C61: =VLOOKUP(B61,SERVIÇOS!$A$1:$D$18506,4,0) -> SETOP | D61: =VLOOKUP(B61,SERVIÇOS!$A:$B,2,0) -> TUBO DE LIGAÇÃO DE ÁGUA PARA BACIA SANITÁRIA (VASO), DN 1.1/2", COMPRIMENTO 20CM, INCLUSIVE CANOPLA, SPUD, FORNECIMENTO E INSTALAÇÃO | E61: =VLOOKUP(B61,SERVIÇOS!$A:$C,3,0) -> U | F61: 4 | G61: =IF(C61=$K$10,K61,IF(C61=$L$10,L61,IF(C61=$M$10,M61,IF(C61=#REF!,VLOOKUP(B61,#REF!,7,FALSE),#REF!)))) -> 138.72 | H61: =G61+(G61*$B$6) -> 173.4 | I61: =F61*H61 -> 693.6 | J61: TUBO DESCARGA VDE COM JOELHO AZUL - FORNECIMENTO E INSTALAÇÃO | K61: =IF(C61="SINAPI",VLOOKUP(B61,'SIN C 12.23'!A:E,5,0)," ") | L61: =IF(C61="SINAPI-I",VLOOKUP(B61,'SIN I 12.23'!$7:$5071,5,0)," ") | M61: =IF(C61="SETOP",VLOOKUP(B61,'SET 08.23'!A:D,4,FALSE)," ") -> 138.72
A62: 6.1.12 | B62: 6142 | C62: =VLOOKUP(B62,SERVIÇOS!$A$1:$D$18506,4,0) -> SINAPI-I | D62: =VLOOKUP(B62,SERVIÇOS!$A:$B,2,0) -> CONJUNTO DE LIGACAO PARA BACIA SANITARIA AJUSTAVEL, EM PLASTICO BRANCO, COM TUBO, CANOPLA E ESPUDE | E62: =VLOOKUP(B62,SERVIÇOS!$A:$C,3,0) -> UN | F62: 4 | G62: =IF(C62=$K$10,K62,IF(C62=$L$10,L62,IF(C62=$M$10,M62,IF(C62=#REF!,VLOOKUP(B62,#REF!,7,FALSE),#REF!)))) -> 9,23 | H62: =G62+(G62*$B$6) -> 11.5375 | I62: =F62*H62 -> 46.15 | J62: ESPUDE DE BORRACHA PARA VASO SANITÁRIO - FORNECIMENTO E INSTALAÇÃO | K62: =IF(C62="SINAPI",VLOOKUP(B62,'SIN C 12.23'!A:E,5,0)," ") | L62: =IF(C62="SINAPI-I",VLOOKUP(B62,'SIN I 12.23'!$7:$5071,5,0)," ") -> 9,23 | M62: =IF(C62="SETOP",VLOOKUP(B62,'SET 08.23'!A:D,4,FALSE)," ")
A63: 6.1.13 | B63: ED-50333 | C63: =VLOOKUP(B63,SERVIÇOS!$A$1:$D$18506,4,0) -> SETOP | D63: =VLOOKUP(B63,SERVIÇOS!$A:$B,2,0) -> TUBO LONGO DN 40MM (1.1/2"), PARA CAIXA DE DESCARGA, INCLUSIVE FORNECIMENTO E INSTALAÇÃO | E63: =VLOOKUP(B63,SERVIÇOS!$A:$C,3,0) -> U | F63: 4 | G63: =IF(C63=$K$10,K63,IF(C63=$L$10,L63,IF(C63=$M$10,M63,IF(C63=#REF!,VLOOKUP(B63,#REF!,7,FALSE),#REF!)))) -> 34.98 | H63: =G63+(G63*$B$6) -> 43.725 | I63: =F63*H63 -> 174.9 | J63: TUBO DE LIGAÇÃO AJUSTÁVEL - FORNECIMENTO E INSTALAÇÃO | K63: =IF(C63="SINAPI",VLOOKUP(B63,'SIN C 12.23'!A:E,5,0)," ") | L63: =IF(C63="SINAPI-I",VLOOKUP(B63,'SIN I 12.23'!$7:$5071,5,0)," ") | M63: =IF(C63="SETOP",VLOOKUP(B63,'SET 08.23'!A:D,4,FALSE)," ") -> 34.98
A64: 6.1.14 | B64: ED-29742 | C64: =VLOOKUP(B64,SERVIÇOS!$A$1:$D$18506,4,0) -> SETOP | D64: =VLOOKUP(B64,SERVIÇOS!$A:$B,2,0) -> CAIXA D´ÁGUA DE POLIETILENO, CAPACIDADE DE 5.000L, INCLUSIVE TAMPA, TORNEIRA DE BOIA, EXTRAVASOR, TUBO DE LIMPEZA E ACESSÓRIOS, EXCLUSIVE TUBULAÇÃO DE ENTRADA/SAÍDA DE ÁGUA | E64: =VLOOKUP(B64,SERVIÇOS!$A:$C,3,0) -> un | F64: 2 | G64: =IF(C64=$K$10,K64,IF(C64=$L$10,L64,IF(C64=$M$10,M64,IF(C64=#REF!,VLOOKUP(B64,#REF!,7,FALSE),#REF!)))) -> 3813.24 | H64: =G64+(G64*$B$6) -> 4766.55 | I64: =F64*H64 -> 9533.1 | J64: CAIXA D´ÁGUA 5000 LITROS FIBRA COM TAMPA | K64: =IF(C64="SINAPI",VLOOKUP(B64,'SIN C 12.23'!A:E,5,0)," ") | L64: =IF(C64="SINAPI-I",VLOOKUP(B64,'SIN I 12.23'!$7:$5071,5,0)," ") | M64: =IF(C64="SETOP",VLOOKUP(B64,'SET 08.23'!A:D,4,FALSE)," ") -> 3813.24
A65: 6.1.15 | B65: ED-50309 | C65: =VLOOKUP(B65,SERVIÇOS!$A$1:$D$18506,4,0) -> SETOP | D65: =VLOOKUP(B65,SERVIÇOS!$A:$B,2,0) -> BOLSA DE BORRACHA D = 1 1/2" | E65: =VLOOKUP(B65,SERVIÇOS!$A:$C,3,0) -> U | F65: 12 | G65: =IF(C65=$K$10,K65,IF(C65=$L$10,L65,IF(C65=$M$10,M65,IF(C65=#REF!,VLOOKUP(B65,#REF!,7,FALSE),#REF!)))) -> 16.53 | H65: =G65+(G65*$B$6) -> 20.6625 | I65: =F65*H65 -> 247.95 | J65: BOLSA DE LIGAÇÃO - FORNECIMENTO E INSTALAÇÃO | K65: =IF(C65="SINAPI",VLOOKUP(B65,'SIN C 12.23'!A:E,5,0)," ") | L65: =IF(C65="SINAPI-I",VLOOKUP(B65,'SIN I 12.23'!$7:$5071,5,0)," ") | M65: =IF(C65="SETOP",VLOOKUP(B65,'SET 08.23'!A:D,4,FALSE)," ") -> 16.53
A66: 6.1.16 | B66: 103972 | C66: =VLOOKUP(B66,SERVIÇOS!$A$1:$D$18506,4,0) -> SINAPI | D66: =VLOOKUP(B66,SERVIÇOS!$A:$B,2,0) -> BUCHA DE REDUÇÃO, LONGA, PVC, SOLDÁVEL, DN 75 X 50 MM, INSTALADO EM PRUMADA DE ÁGUA - FORNECIMENTO E INSTALAÇÃO. AF_06/2022 | E66: =VLOOKUP(B66,SERVIÇOS!$A:$C,3,0) -> UN | F66: 12 | G66: =IF(C66=$K$10,K66,IF(C66=$L$10,L66,IF(C66=$M$10,M66,IF(C66=#REF!,VLOOKUP(B66,#REF!,7,FALSE),#REF!)))) -> 27,87 | H66: =G66+(G66*$B$6) -> 34.8375 | I66: =F66*H66 -> 418.05 | J66: BUCHA DE REDUÇÃO 75 X 50 CM - FORNECIMENTO E INSTALAÇÃO | K66: =IF(C66="SINAPI",VLOOKUP(B66,'SIN C 12.23'!A:E,5,0)," ") -> 27,87 | L66: =IF(C66="SINAPI-I",VLOOKUP(B66,'SIN I 12.23'!$7:$5071,5,0)," ") | M66: =IF(C66="SETOP",VLOOKUP(B66,'SET 08.23'!A:D,4,FALSE)," ")
A67: 6.1.17 | B67: ED-49939 | C67: =VLOOKUP(B67,SERVIÇOS!$A$1:$D$18506,4,0) -> SETOP | D67: =VLOOKUP(B67,SERVIÇOS!$A:$B,2,0) -> CAIXA DE GORDURA SIMPLES (CGS), CIRCULAR, EM CONCRETO PRÉ-MOLDADO, CAPACIDADE DE 31L, INCLUSIVE ESCAVAÇÃO, REATERRO, TRANSPORTE E RETIRADA DO MATERIAL ESCAVADO (EM CAÇAMBA) | E67: =VLOOKUP(B67,SERVIÇOS!$A:$C,3,0) -> un | F67: 3 | G67: =IF(C67=$K$10,K67,IF(C67=$L$10,L67,IF(C67=$M$10,M67,IF(C67=#REF!,VLOOKUP(B67,#REF!,7,FALSE),#REF!)))) -> 109.49 | H67: =G67+(G67*$B$6) -> 136.8625 | I67: =F67*H67 -> 410.5875 | J67: CAIXA DE GORDURA PRÉ-FABRICADA Ø40 MM 31 L, COM TAMPA E CAIXILHO - FORNECIMENTO E INSTALACAO | K67: =IF(C67="SINAPI",VLOOKUP(B67,'SIN C 12.23'!A:E,5,0)," ") | L67: =IF(C67="SINAPI-I",VLOOKUP(B67,'SIN I 12.23'!$7:$5071,5,0)," ") | M67: =IF(C67="SETOP",VLOOKUP(B67,'SET 08.23'!A:D,4,FALSE)," ") -> 109.49
A68: 6.1.18 | B68: ED-49940 | C68: =VLOOKUP(B68,SERVIÇOS!$A$1:$D$18506,4,0) -> SETOP | D68: =VLOOKUP(B68,SERVIÇOS!$A:$B,2,0) -> CAIXA DE GORDURA DUPLA (CGD), CIRCULAR, EM CONCRETO PRÉ-MOLDADO, CAPACIDADE DE 120L, INCLUSIVE ESCAVAÇÃO, REATERRO, TRANSPORTE E RETIRADA DO MATERIAL ESCAVADO (EM CAÇAMBA) | E68: =VLOOKUP(B68,SERVIÇOS!$A:$C,3,0) -> un | F68: 8 | G68: =IF(C68=$K$10,K68,IF(C68=$L$10,L68,IF(C68=$M$10,M68,IF(C68=#REF!,VLOOKUP(B68,#REF!,7,FALSE),#REF!)))) -> 172.21 | H68: =G68+(G68*$B$6) -> 215.2625 | I68: =F68*H68 -> 1722.1 | J68: CAIXA DE GORDURA PRÉ-FABRICADA Ø40 MM 50 L, COM TAMPA E CAIXILHO - FORNECIMENTO E INSTALACAO | K68: =IF(C68="SINAPI",VLOOKUP(B68,'SIN C 12.23'!A:E,5,0)," ") | L68: =IF(C68="SINAPI-I",VLOOKUP(B68,'SIN I 12.23'!$7:$5071,5,0)," ") | M68: =IF(C68="SETOP",VLOOKUP(B68,'SET 08.23'!A:D,4,FALSE)," ") -> 172.21
A69: 6.1.19 | B69: ED-49883 | C69: =VLOOKUP(B69,SERVIÇOS!$A$1:$D$18506,4,0) -> SETOP | D69: =VLOOKUP(B69,SERVIÇOS!$A:$B,2,0) -> CAIXA DE ESGOTO DE INSPEÇÃO/PASSAGEM EM ALVENARIA (60X60X60CM), REVESTIMENTO EM ARGAMASSA COM ADITIVO IMPERMEABILIZANTE, COM TAMPA DE CONCRETO, INCLUSIVE ESCAVAÇÃO, REATERRO E TRANSPORTE E RETIRADA DO MATERIAL ESCAVADO (EM CAÇAMBA) | E69: =VLOOKUP(B69,SERVIÇOS!$A:$C,3,0) -> un | F69: 10 | G69: =IF(C69=$K$10,K69,IF(C69=$L$10,L69,IF(C69=$M$10,M69,IF(C69=#REF!,VLOOKUP(B69,#REF!,7,FALSE),#REF!)))) -> 485.32 | H69: =G69+(G69*$B$6) -> 606.65 | I69: =F69*H69 -> 6066.5 | J69: CAIXA DE INSPEÇÃO EM CONCRETO PRÉ-MOLDADO DN 60MM COM TAMPA H= 60 CM - FORNECIMENTO E INSTALACAO | K69: =IF(C69="SINAPI",VLOOKUP(B69,'SIN C 12.23'!A:E,5,0)," ") | L69: =IF(C69="SINAPI-I",VLOOKUP(B69,'SIN I 12.23'!$7:$5071,5,0)," ") | M69: =IF(C69="SETOP",VLOOKUP(B69,'SET 08.23'!A:D,4,FALSE)," ") -> 485.32
A70: 6.1.20 | B70: ED-50008 | C70: =VLOOKUP(B70,SERVIÇOS!$A$1:$D$18506,4,0) -> SETOP | D70: =VLOOKUP(B70,SERVIÇOS!$A:$B,2,0) -> CAIXA SIFONADA EM PVC COM GRELHA REDONDA 150 X 150 X 50 MM | E70: =VLOOKUP(B70,SERVIÇOS!$A:$C,3,0) -> un | F70: 11 | G70: =IF(C70=$K$10,K70,IF(C70=$L$10,L70,IF(C70=$M$10,M70,IF(C70=#REF!,VLOOKUP(B70,#REF!,7,FALSE),#REF!)))) -> 80.7 | H70: =G70+(G70*$B$6) -> 100.875 | I70: =F70*H70 -> 1109.625 | J70: CAIXA SIFONADA PVC 150X150X50MM COM GRELHA REDONDA BRANCA - FORNECIMENTO E INSTALACAO | K70: =IF(C70="SINAPI",VLOOKUP(B70,'SIN C 12.23'!A:E,5,0)," ") | L70: =IF(C70="SINAPI-I",VLOOKUP(B70,'SIN I 12.23'!$7:$5071,5,0)," ") | M70: =IF(C70="SETOP",VLOOKUP(B70,'SET 08.23'!A:D,4,FALSE)," ") -> 80.7
A71: 6.1.21 | B71: ED-49956 | C71: =VLOOKUP(B71,SERVIÇOS!$A$1:$D$18506,4,0) -> SETOP | D71: =VLOOKUP(B71,SERVIÇOS!$A:$B,2,0) -> RALO SIFONADO PVC CILINDRÍCO 100 X 70 X 40 MM COM GRELHA REDONDA | E71: =VLOOKUP(B71,SERVIÇOS!$A:$C,3,0) -> un | F71: 5 | G71: =IF(C71=$K$10,K71,IF(C71=$L$10,L71,IF(C71=$M$10,M71,IF(C71=#REF!,VLOOKUP(B71,#REF!,7,FALSE),#REF!)))) -> 30.26 | H71: =G71+(G71*$B$6) -> 37.825 | I71: =F71*H71 -> 189.125 | J71: RALO SIFONADO DE PVC 100X100MM SIMPLES - FORNECIMENTO E INSTALACAO | K71: =IF(C71="SINAPI",VLOOKUP(B71,'SIN C 12.23'!A:E,5,0)," ") | L71: =IF(C71="SINAPI-I",VLOOKUP(B71,'SIN I 12.23'!$7:$5071,5,0)," ") | M71: =IF(C71="SETOP",VLOOKUP(B71,'SET 08.23'!A:D,4,FALSE)," ") -> 30.26
A72: 6.1.22 | B72: 95676 | C72: =VLOOKUP(B72,SERVIÇOS!$A$1:$D$18506,4,0) -> SINAPI | D72: =VLOOKUP(B72,SERVIÇOS!$A:$B,2,0) -> CAIXA EM CONCRETO PRÉ-MOLDADO PARA ABRIGO DE HIDRÔMETRO COM DN 20 (½)  FORNECIMENTO E INSTALAÇÃO. AF_11/2016 | E72: =VLOOKUP(B72,SERVIÇOS!$A:$C,3,0) -> UN | F72: 1 | G72: =IF(C72=$K$10,K72,IF(C72=$L$10,L72,IF(C72=$M$10,M72,IF(C72=#REF!,VLOOKUP(B72,#REF!,7,FALSE),#REF!)))) -> 140,68 | H72: =G72+(G72*$B$6) -> 175.85 | I72: =F72*H72 -> 175.85 | J72: CAIXA PARA HIDROMETRO CONCRETO PRE-MOLDADO - FORNECIMENTO E INSTALACAO | K72: =IF(C72="SINAPI",VLOOKUP(B72,'SIN C 12.23'!A:E,5,0)," ") -> 140,68 | L72: =IF(C72="SINAPI-I",VLOOKUP(B72,'SIN I 12.23'!$7:$5071,5,0)," ") | M72: =IF(C72="SETOP",VLOOKUP(B72,'SET 08.23'!A:D,4,FALSE)," ")
A73: 6.1.23 | B73: ED-15205 | C73: =VLOOKUP(B73,SERVIÇOS!$A$1:$D$18506,4,0) -> SETOP | D73: KIT CAVALETE PVC COM REGISTRO 3/4" - FORNECIMENTO E INSTALACAO | E73: =VLOOKUP(B73,SERVIÇOS!$A:$C,3,0) -> un | F73: 1 | G73: =IF(C73=$K$10,K73,IF(C73=$L$10,L73,IF(C73=$M$10,M73,IF(C73=#REF!,VLOOKUP(B73,#REF!,7,FALSE),#REF!)))) -> 396.34 | H73: =G73+(G73*$B$6) -> 495.425 | I73: =F73*H73 -> 495.425 | J73: KIT CAVALETE PVC COM REGISTRO 3/4" - FORNECIMENTO E INSTALACAO | K73: =IF(C73="SINAPI",VLOOKUP(B73,'SIN C 12.23'!A:E,5,0)," ") | L73: =IF(C73="SINAPI-I",VLOOKUP(B73,'SIN I 12.23'!$7:$5071,5,0)," ") | M73: =IF(C73="SETOP",VLOOKUP(B73,'SET 08.23'!A:D,4,FALSE)," ") -> 396.34
A74: 6.1.24 | B74: 95675 | C74: =VLOOKUP(B74,SERVIÇOS!$A$1:$D$18506,4,0) -> SINAPI | D74: =VLOOKUP(B74,SERVIÇOS!$A:$B,2,0) -> HIDRÔMETRO DN 25 (¾ ), 5,0 M³/H FORNECIMENTO E INSTALAÇÃO. AF_11/2016 | E74: =VLOOKUP(B74,SERVIÇOS!$A:$C,3,0) -> UN | F74: 1 | G74: =IF(C74=$K$10,K74,IF(C74=$L$10,L74,IF(C74=$M$10,M74,IF(C74=#REF!,VLOOKUP(B74,#REF!,7,FALSE),#REF!)))) -> 223,89 | H74: =G74+(G74*$B$6) -> 279.8625 | I74: =F74*H74 -> 279.8625 | J74: HIDROMETRO 5,00M3/H, D=3/4" - FORNECIMENTO E INSTALACAO | K74: =IF(C74="SINAPI",VLOOKUP(B74,'SIN C 12.23'!A:E,5,0)," ") -> 223,89 | L74: =IF(C74="SINAPI-I",VLOOKUP(B74,'SIN I 12.23'!$7:$5071,5,0)," ") | M74: =IF(C74="SETOP",VLOOKUP(B74,'SET 08.23'!A:D,4,FALSE)," ")
A75: 6.1.25 | B75: 98050 | C75: =VLOOKUP(B75,SERVIÇOS!$A$1:$D$18506,4,0) -> SINAPI | D75: =VLOOKUP(B75,SERVIÇOS!$A:$B,2,0) -> CHAMINÉ CIRCULAR PARA POÇO DE VISITA PARA ESGOTO, EM CONCRETO PRÉ-MOLDADO, DIÂMETRO INTERNO = 0,6 M. AF_12/2020 | E75: =VLOOKUP(B75,SERVIÇOS!$A:$C,3,0) -> M | F75: =5*0.5 -> 2.5 | G75: =IF(C75=$K$10,K75,IF(C75=$L$10,L75,IF(C75=$M$10,M75,IF(C75=#REF!,VLOOKUP(B75,#REF!,7,FALSE),#REF!)))) -> 316,30 | H75: =G75+(G75*$B$6) -> 395.375 | I75: =F75*H75 -> 988.4375 | J75: ADICIONAL NA ALTURA DA CAIXA DE INSPEÇAO EM CONCRETO PRÉ M0ŁDADO DN 60MM-FORNECIMENTO E INSTALAÇÃO | K75: =IF(C75="SINAPI",VLOOKUP(B75,'SIN C 12.23'!A:E,5,0)," ") -> 316,30 | L75: =IF(C75="SINAPI-I",VLOOKUP(B75,'SIN I 12.23'!$7:$5071,5,0)," ") | M75: =IF(C75="SETOP",VLOOKUP(B75,'SET 08.23'!A:D,4,FALSE)," ")
A76: 6.2 | D76: LOUÇAS E METAIS | K76: =IF(C76="SINAPI",VLOOKUP(B76,'SIN C 12.23'!A:E,5,0)," ") | L76: =IF(C76="SINAPI-I",VLOOKUP(B76,'SIN I 12.23'!$7:$5071,5,0)," ") | M76: =IF(C76="SETOP",VLOOKUP(B76,'SET 08.23'!A:D,4,FALSE)," ")
A77: 6.2.1 | B77: ED-50825 | C77: =VLOOKUP(B77,SERVIÇOS!$A$1:$D$18506,4,0) -> SETOP | D77: =VLOOKUP(B77,SERVIÇOS!$A:$B,2,0) -> BACIA SANITÁRIA ENVELOPADO (VASO) DE LOUÇA CONVENCIONAL, COR BRANCA, INCLUSIVE ACESSÓRIOS DE FIXAÇÃO/VEDAÇÃO, TUBO DE LIGAÇÃO DE LATÃO COM CANOPLA, FORNECIMENTO E INSTALAÇÃO, EXCLUSIVE VÁLVULA DE DESCARGA - D2/SITUAÇÃO 01 - PADRÃO SEDS | E77: =VLOOKUP(B77,SERVIÇOS!$A:$C,3,0) -> un | F77: 4 | G77: =IF(C77=$K$10,K77,IF(C77=$L$10,L77,IF(C77=$M$10,M77,IF(C77=#REF!,VLOOKUP(B77,#REF!,7,FALSE),#REF!)))) -> 643.91 | H77: =G77+(G77*$B$6) -> 804.8875 | I77: =F77*H77 -> 3219.55 | J77: VASO SANITÁRIO, CONVENCIONAL BRANCO, LINHA AZALÉIA, CELITE OU EQUIVALENTE, ASSENTO SANITÁRIO MARCA CELITE OU EQUIVALENTE | K77: =IF(C77="SINAPI",VLOOKUP(B77,'SIN C 12.23'!A:E,5,0)," ") | L77: =IF(C77="SINAPI-I",VLOOKUP(B77,'SIN I 12.23'!$7:$5071,5,0)," ") | M77: =IF(C77="SETOP",VLOOKUP(B77,'SET 08.23'!A:D,4,FALSE)," ") -> 643.91
A78: 6.2.2 | B78: ED-50297 | C78: =VLOOKUP(B78,SERVIÇOS!$A$1:$D$18506,4,0) -> SETOP | D78: =VLOOKUP(B78,SERVIÇOS!$A:$B,2,0) -> BACIA SANITÁRIA (VASO) DE LOUÇA COM CAIXA ACOPLADA, COR BRANCA, INCLUSIVE ACESSÓRIOS DE FIXAÇÃO/VEDAÇÃO, ENGATE FLEXÍVEL METÁLICO, FORNECIMENTO, INSTALAÇÃO E REJUNTAMENTO | E78: =VLOOKUP(B78,SERVIÇOS!$A:$C,3,0) -> un | F78: 8 | G78: =IF(C78=$K$10,K78,IF(C78=$L$10,L78,IF(C78=$M$10,M78,IF(C78=#REF!,VLOOKUP(B78,#REF!,7,FALSE),#REF!)))) -> 526.77 | H78: =G78+(G78*$B$6) -> 658.4625 | I78: =F78*H78 -> 5267.7 | J78: VASO SANITÁRIO COM CAIXA DE DESCARGA ACOPLADA - LOUÇA BRANCA | K78: =IF(C78="SINAPI",VLOOKUP(B78,'SIN C 12.23'!A:E,5,0)," ") | L78: =IF(C78="SINAPI-I",VLOOKUP(B78,'SIN I 12.23'!$7:$5071,5,0)," ") | M78: =IF(C78="SETOP",VLOOKUP(B78,'SET 08.23'!A:D,4,FALSE)," ") -> 526.77
A79: 6.2.3 | B79: ED-50288 | C79: =VLOOKUP(B79,SERVIÇOS!$A$1:$D$18506,4,0) -> SETOP | D79: =VLOOKUP(B79,SERVIÇOS!$A:$B,2,0) -> CUBA EM AÇO INOXIDÁVEL DE SOBREPOR, AISI 304, APLICAÇÃO PARA TANQUE (630X515X260MM), ASSENTAMENTO EM BANCADA, INCLUSIVE VÁLVULA DE ESCOAMENTO DE METAL COM ACABAMENTO CROMADO, SIFÃO DE METAL TIPO COPO COM ACABAMENTO CROMADO, FORNECIMENTO E INSTALAÇÃO | E79: =VLOOKUP(B79,SERVIÇOS!$A:$C,3,0) -> un | F79: 11 | G79: =IF(C79=$K$10,K79,IF(C79=$L$10,L79,IF(C79=$M$10,M79,IF(C79=#REF!,VLOOKUP(B79,#REF!,7,FALSE),#REF!)))) -> 856.98 | H79: =G79+(G79*$B$6) -> 1071.225 | I79: =F79*H79 -> 11783.475 | J79: CUBA ACO INOXIDAVEL 40,0X34,0X11,5 CM, COM SIFAO EM METAL CROMADO 1.1/2X1.1/2", VALVULA EM METAL CROMADO TIPO AMERICANA 3.1/2"X1.1/2" PARA PIA - FORNECIMENTO E INSTALACAO | K79: =IF(C79="SINAPI",VLOOKUP(B79,'SIN C 12.23'!A:E,5,0)," ") | L79: =IF(C79="SINAPI-I",VLOOKUP(B79,'SIN I 12.23'!$7:$5071,5,0)," ") | M79: =IF(C79="SETOP",VLOOKUP(B79,'SET 08.23'!A:D,4,FALSE)," ") -> 856.98
A80: 6.2.4 | B80: ED-50279 | C80: =VLOOKUP(B80,SERVIÇOS!$A$1:$D$18506,4,0) -> SETOP | D80: =VLOOKUP(B80,SERVIÇOS!$A:$B,2,0) -> CUBA DE LOUÇA BRANCA DE EMBUTIR, FORMATO OVAL, INCLUSIVE VÁLVULA DE ESCOAMENTO DE METAL COM ACABAMENTO CROMADO, SIFÃO DE METAL TIPO COPO COM ACABAMENTO CROMADO, FORNECIMENTO E INSTALAÇÃO | E80: =VLOOKUP(B80,SERVIÇOS!$A:$C,3,0) -> un | F80: 6 | G80: =IF(C80=$K$10,K80,IF(C80=$L$10,L80,IF(C80=$M$10,M80,IF(C80=#REF!,VLOOKUP(B80,#REF!,7,FALSE),#REF!)))) -> 342.98 | H80: =G80+(G80*$B$6) -> 428.725 | I80: =F80*H80 -> 2572.35 | J80: CUBA OVAL DE EMBUTIR NA COR BRANCA - COD.76117 PADRÃO CELITE OU EQUIVALENTE , INCLUSIVE COM VÁLVULA, SIFÃO CROMADOS | K80: =IF(C80="SINAPI",VLOOKUP(B80,'SIN C 12.23'!A:E,5,0)," ") | L80: =IF(C80="SINAPI-I",VLOOKUP(B80,'SIN I 12.23'!$7:$5071,5,0)," ") | M80: =IF(C80="SETOP",VLOOKUP(B80,'SET 08.23'!A:D,4,FALSE)," ") -> 342.98
A81: 6.2.5 | B81: ED-2552 | C81: =VLOOKUP(B81,SERVIÇOS!$A$1:$D$18506,4,0) -> SETOP | D81: =VLOOKUP(B81,SERVIÇOS!$A:$B,2,0) -> LAVATÓRIO DE CANTO DE LOUÇA BRANCA SEM COLUNA, TAMANHO PEQUENO, INCLUSIVE ACESSÓRIOS DE FIXAÇÃO COM PARAFUSO CASTELO, VÁLVULA DE ESCOAMENTO DE METAL COM ACABAMENTO CROMADO, SIFÃO DE METAL TIPO COPO COM ACABAMENTO CROMADO, FORNECIMENTO, INSTALAÇÃO E REJUNTAMENTO, EXCLUSIVE TORNEIRA E ENGATE FLEXÍVEL | E81: =VLOOKUP(B81,SERVIÇOS!$A:$C,3,0) -> un | F81: 4 | G81: =IF(C81=$K$10,K81,IF(C81=$L$10,L81,IF(C81=$M$10,M81,IF(C81=#REF!,VLOOKUP(B81,#REF!,7,FALSE),#REF!)))) -> 461.56 | H81: =G81+(G81*$B$6) -> 576.95 | I81: =F81*H81 -> 2307.8 | J81: LAVATORIO DE CANTO SUSPENSO LINHA IZY, PADRÃO DECA OU EQUIVALENTE, INCLUSIVE VÁLVULA, SIFÃO OU EQUIVALENTE | K81: =IF(C81="SINAPI",VLOOKUP(B81,'SIN C 12.23'!A:E,5,0)," ") | L81: =IF(C81="SINAPI-I",VLOOKUP(B81,'SIN I 12.23'!$7:$5071,5,0)," ") | M81: =IF(C81="SETOP",VLOOKUP(B81,'SET 08.23'!A:D,4,FALSE)," ") -> 461.56
A82: 6.2.6 | B82: ED-50282 | C82: =VLOOKUP(B82,SERVIÇOS!$A$1:$D$18506,4,0) -> SETOP | D82: =VLOOKUP(B82,SERVIÇOS!$A:$B,2,0) -> LAVATÓRIO DE LOUÇA BRANCA COM COLUNA, TAMANHO MÉDIO, INCLUSIVE ACESSÓRIOS DE FIXAÇÃO, VÁLVULA DE ESCOAMENTO DE METAL COM ACABAMENTO CROMADO, SIFÃO DE METAL TIPO COPO COM ACABAMENTO CROMADO, FORNECIMENTO, INSTALAÇÃO E REJUNTAMENTO, EXCLUSIVE TORNEIRA E ENGATE FLEXÍVEL | E82: =VLOOKUP(B82,SERVIÇOS!$A:$C,3,0) -> U | F82: 20 | G82: =IF(C82=$K$10,K82,IF(C82=$L$10,L82,IF(C82=$M$10,M82,IF(C82=#REF!,VLOOKUP(B82,#REF!,7,FALSE),#REF!)))) -> 471.69 | H82: =G82+(G82*$B$6) -> 589.6125 | I82: =F82*H82 -> 11792.25 | J82: LAVATÓRIO COM COLUNA SUSPENSA LIFE, NA COR BRANCA PADRÃO CELITE OU EQUIVALENTE, INCLUSIVE COM VÁLVULA, SIFÃO CROMADOS | K82: =IF(C82="SINAPI",VLOOKUP(B82,'SIN C 12.23'!A:E,5,0)," ") | L82: =IF(C82="SINAPI-I",VLOOKUP(B82,'SIN I 12.23'!$7:$5071,5,0)," ") | M82: =IF(C82="SETOP",VLOOKUP(B82,'SET 08.23'!A:D,4,FALSE)," ") -> 471.69
A83: 6.2.7 | B83: ED-50289 | C83: =VLOOKUP(B83,SERVIÇOS!$A$1:$D$18506,4,0) -> SETOP | D83: =VLOOKUP(B83,SERVIÇOS!$A:$B,2,0) -> TANQUE DE LOUÇA BRANCA COM COLUNA, CAPACIDADE 22 LITROS, INCLUSIVE ACESSÓRIOS DE FIXAÇÃO, FORNECIMENTO, INSTALAÇÃO E REJUNTAMENTO, EXCLUSIVE TORNEIRA, VÁLVULA DE ESCOAMENTO E SIFÃO | E83: =VLOOKUP(B83,SERVIÇOS!$A:$C,3,0) -> U | F83: 2 | G83: =IF(C83=$K$10,K83,IF(C83=$L$10,L83,IF(C83=$M$10,M83,IF(C83=#REF!,VLOOKUP(B83,#REF!,7,FALSE),#REF!)))) -> 483.68 | H83: =G83+(G83*$B$6) -> 604.6 | I83: =F83*H83 -> 1209.2 | J83: TANQUE LOUCA BRANCA C/COLUNAS E MED 60X56CM (EM TORNO)INCL ACESSORIOS DE FIX FERRAGENS EM METAL CROMADO TORNEIRA PRESSAO 1158 1/2" VALVULA ESCOAMENTO 1605 E SIFAO 1680 DE 1.1/2"X1.1/2" - FORNECIMENTO | K83: =IF(C83="SINAPI",VLOOKUP(B83,'SIN C 12.23'!A:E,5,0)," ") | L83: =IF(C83="SINAPI-I",VLOOKUP(B83,'SIN I 12.23'!$7:$5071,5,0)," ") | M83: =IF(C83="SETOP",VLOOKUP(B83,'SET 08.23'!A:D,4,FALSE)," ") -> 483.68
A84: 6.2.8 | B84: COTAÇÃO 02 | C84: MERCADO | D84: EXPURGO HOSPITALAR EM AÇO INOX, INCLUSIVE SIFÃO EM AÇO INOX - BANCADA COM CUBA E CONE EMBUTIDO EM INOX 150 CM X 70 CM CONFECCIONADA EM AÇO INOXAISI 304 POLIDO, COM ESPESSURA DE 18 USG, MEDINDO 150 CM X 70 CM, ESPELHO MEDINDO 7 CM, COM VINCO NA EXTREMIDADE, COM CUBA EMBUTIDA DE 70 X 50 X 30 CM E CONE DE EXPURGO EMBUTIDO COM ENTRADA DE 30 CM E SAÍDA DE 6 CM. DEVERÁ TER REFORÇOS NA PARTE INFERIOR PARA AUMENTAR A RIGIDEZ E SUPORTAR OS EQUIPAMENTOS. | E84: UN | F84: 2 | G84: 3919.1767 | H84: 2901.42 | I84: =F84*H84 -> 5802.84 | J84: EXPURGO HOSPITALAR EM AÇO INOX. FISHER iNOX OU EQUIVALENTE, INCLUSIVE SIFÃO EM AÇO INOX. OBSERVAÇÃO: Usando o método da média dos preço temos: (2.134,97;3.110,96;3.458,33) = R$ 2.901,42 usando o método da mediana dos preços temos: (2.134,97;3.110,96;3.458,33) = R$ 3.110,96 - Logo o método utilizado é da média. (OBSERVAÇÃO: COTAÇÃO DE MERCADO NÃO NECESSÁRIO OS 25% DE BDI, VISTO QUE AS EMPRESAS JÁ ESTÃO EMBUTINDO OS BENEFÍCIOS E DESPESAS INDIRETAS DO PRODUTO ORÇADO). | K84: =IF(C84="SINAPI",VLOOKUP(B84,'SIN C 12.23'!A:E,5,0)," ") | L84: =IF(C84="SINAPI-I",VLOOKUP(B84,'SIN I 12.23'!$7:$5071,5,0)," ") | M84: =IF(C84="SETOP",VLOOKUP(B84,'SET 08.23'!A:D,4,FALSE)," ")
A85: 6.3 | D85: ACESSÓRIOS | K85: =IF(C85="SINAPI",VLOOKUP(B85,'SIN C 12.23'!A:E,5,0)," ") | L85: =IF(C85="SINAPI-I",VLOOKUP(B85,'SIN I 12.23'!$7:$5071,5,0)," ") | M85: =IF(C85="SETOP",VLOOKUP(B85,'SET 08.23'!A:D,4,FALSE)," ")
A86: 6.3.1 | B86: ED-50316 | C86: =VLOOKUP(B86,SERVIÇOS!$A$1:$D$18506,4,0) -> SETOP | D86: =VLOOKUP(B86,SERVIÇOS!$A:$B,2,0) -> DUCHA HIGIÊNICA COM REGISTRO PARA CONTROLE DE FLUXO DE ÁGUA, DIÂMETRO 1/2" (20MM), INCLUSIVE FORNECIMENTO E INSTALAÇÃO | E86: =VLOOKUP(B86,SERVIÇOS!$A:$C,3,0) -> un | F86: 12 | G86: =IF(C86=$K$10,K86,IF(C86=$L$10,L86,IF(C86=$M$10,M86,IF(C86=#REF!,VLOOKUP(B86,#REF!,7,FALSE),#REF!)))) -> 152.99 | H86: =G86+(G86*$B$6) -> 191.2375 | I86: =F86*H86 -> 2294.85 | J86: DUCHA HIGIÊNICA COM REGISTRO PARA CONTROLE DE FLUXO DE ÁGUA 1/2" - FORNECIMENTO E INSTALAÇÃO | K86: =IF(C86="SINAPI",VLOOKUP(B86,'SIN C 12.23'!A:E,5,0)," ") | L86: =IF(C86="SINAPI-I",VLOOKUP(B86,'SIN I 12.23'!$7:$5071,5,0)," ") | M86: =IF(C86="SETOP",VLOOKUP(B86,'SET 08.23'!A:D,4,FALSE)," ") -> 152.99
A87: 6.3.2 | B87: ED-50314 | C87: =VLOOKUP(B87,SERVIÇOS!$A$1:$D$18506,4,0) -> SETOP | D87: =VLOOKUP(B87,SERVIÇOS!$A:$B,2,0) -> CHUVEIRO ELÉTRICO COM RESISTÊNCIA BLINDADA, TENSÃO 127V/220V, POTÊNCIA 5500W/6800W, INCLUSIVE BRAÇO, FORNECIMENTO E INSTALAÇÃO | E87: =VLOOKUP(B87,SERVIÇOS!$A:$C,3,0) -> un | F87: 3 | G87: =IF(C87=$K$10,K87,IF(C87=$L$10,L87,IF(C87=$M$10,M87,IF(C87=#REF!,VLOOKUP(B87,#REF!,7,FALSE),#REF!)))) -> 238.55 | H87: =G87+(G87*$B$6) -> 298.1875 | I87: =F87*H87 -> 894.5625 | J87: CHUVEIRO ELÉTRICO CROMADO MULTITEMPERATURAS, PADRÃO LORENZETTI OU EQUIVALENTE - FORNECIMENTO E INSTALAÇÃO | K87: =IF(C87="SINAPI",VLOOKUP(B87,'SIN C 12.23'!A:E,5,0)," ") | L87: =IF(C87="SINAPI-I",VLOOKUP(B87,'SIN I 12.23'!$7:$5071,5,0)," ") | M87: =IF(C87="SETOP",VLOOKUP(B87,'SET 08.23'!A:D,4,FALSE)," ") -> 238.55
A88: 6.3.3 | B88: ED-50329 | C88: =VLOOKUP(B88,SERVIÇOS!$A$1:$D$18506,4,0) -> SETOP | D88: TORNEIRA METÁLICA PARA LAVATÓRIO (BANHEIRO DE DEIFICIENTE), FECHAMENTO AUTOMÁTICO, ACABAMENTO CROMADO, COM AREJADOR, APLICAÇÃO DE MESA, INCLUSIVE ENGATE FLEXÍVEL METÁLICO, FORNECIMENTO E INSTALAÇÃO | E88: =VLOOKUP(B88,SERVIÇOS!$A:$C,3,0) -> un | F88: 4 | G88: =IF(C88=$K$10,K88,IF(C88=$L$10,L88,IF(C88=$M$10,M88,IF(C88=#REF!,VLOOKUP(B88,#REF!,7,FALSE),#REF!)))) -> 349.2 | H88: =G88+(G88*$B$6) -> 436.5 | I88: =F88*H88 -> 1746 | J88: TORNEIRA PARA LAVATÓRIO , DE MESA, PRESSMATIC BENEFIT, PADRÃO DOCOL OU EQUIVALENTE (BANHEIRO DE DEIFICIENTE) - FORNECIMENTO E INSTALAÇÃO | K88: =IF(C88="SINAPI",VLOOKUP(B88,'SIN C 12.23'!A:E,5,0)," ") | L88: =IF(C88="SINAPI-I",VLOOKUP(B88,'SIN I 12.23'!$7:$5071,5,0)," ") | M88: =IF(C88="SETOP",VLOOKUP(B88,'SET 08.23'!A:D,4,FALSE)," ") -> 349.2
A89: 6.3.4 | B89: ED-50329 | C89: =VLOOKUP(B89,SERVIÇOS!$A$1:$D$18506,4,0) -> SETOP | D89: =VLOOKUP(B89,SERVIÇOS!$A:$B,2,0) -> TORNEIRA METÁLICA PARA LAVATÓRIO, FECHAMENTO AUTOMÁTICO, ACABAMENTO CROMADO, COM AREJADOR, APLICAÇÃO DE MESA, INCLUSIVE ENGATE FLEXÍVEL METÁLICO, FORNECIMENTO E INSTALAÇÃO | E89: =VLOOKUP(B89,SERVIÇOS!$A:$C,3,0) -> un | F89: 26 | G89: =IF(C89=$K$10,K89,IF(C89=$L$10,L89,IF(C89=$M$10,M89,IF(C89=#REF!,VLOOKUP(B89,#REF!,7,FALSE),#REF!)))) -> 349.2 | H89: =G89+(G89*$B$6) -> 436.5 | I89: =F89*H89 -> 11349 | J89: TORNEIRA PARA LAVATÓRIO, DE MESA, PRESSMATIC, PADRÃO DOCOL OU EQUIVALENTE- FORNECIMENTO E INSTALAÇÃO | K89: =IF(C89="SINAPI",VLOOKUP(B89,'SIN C 12.23'!A:E,5,0)," ") | L89: =IF(C89="SINAPI-I",VLOOKUP(B89,'SIN I 12.23'!$7:$5071,5,0)," ") | M89: =IF(C89="SETOP",VLOOKUP(B89,'SET 08.23'!A:D,4,FALSE)," ") -> 349.2
A90: 6.3.5 | B90: ED-50323 | C90: =VLOOKUP(B90,SERVIÇOS!$A$1:$D$18506,4,0) -> SETOP | D90: =VLOOKUP(B90,SERVIÇOS!$A:$B,2,0) -> TORNEIRA METÁLICA PARA IRRIGAÇÃO/JARDIM, ACABAMENTO CROMADO, APLICAÇÃO DE PAREDE, INCLUSIVE FORNECIMENTO E INSTALAÇÃO | E90: =VLOOKUP(B90,SERVIÇOS!$A:$C,3,0) -> un | F90: 7 | G90: =IF(C90=$K$10,K90,IF(C90=$L$10,L90,IF(C90=$M$10,M90,IF(C90=#REF!,VLOOKUP(B90,#REF!,7,FALSE),#REF!)))) -> 47.88 | H90: =G90+(G90*$B$6) -> 59.85 | I90: =F90*H90 -> 418.95 | J90: TORNEIRA DE LIMPEZA, DE PAREDE, MISTY, PADRÃO FABRIMAR OU EQUIVALENTE - FORNECIMENTO E INSTALAÇÃO | K90: =IF(C90="SINAPI",VLOOKUP(B90,'SIN C 12.23'!A:E,5,0)," ") | L90: =IF(C90="SINAPI-I",VLOOKUP(B90,'SIN I 12.23'!$7:$5071,5,0)," ") | M90: =IF(C90="SETOP",VLOOKUP(B90,'SET 08.23'!A:D,4,FALSE)," ") -> 47.88
A91: 6.3.6 | B91: ED-50325 | C91: =VLOOKUP(B91,SERVIÇOS!$A$1:$D$18506,4,0) -> SETOP | D91: =VLOOKUP(B91,SERVIÇOS!$A:$B,2,0) -> TORNEIRA METÁLICA PARA PIA, BICA MÓVEL, ABERTURA 1/4 DE VOLTA, ACABAMENTO CROMADO, COM AREJADOR, APLICAÇÃO DE PAREDE, INCLUSIVE FORNECIMENTO E INSTALAÇÃO | E91: =VLOOKUP(B91,SERVIÇOS!$A:$C,3,0) -> un | F91: 2 | G91: =IF(C91=$K$10,K91,IF(C91=$L$10,L91,IF(C91=$M$10,M91,IF(C91=#REF!,VLOOKUP(B91,#REF!,7,FALSE),#REF!)))) -> 100.89 | H91: =G91+(G91*$B$6) -> 126.1125 | I91: =F91*H91 -> 252.225 | J91: TORNEIRA DE PAREDE COM DIRECIONADOR DE JATO MISTY, PADRÃO FABRIMAR OU EQUIVALENTE - FORNECIMENTO E INSTALAÇÃO | K91: =IF(C91="SINAPI",VLOOKUP(B91,'SIN C 12.23'!A:E,5,0)," ") | L91: =IF(C91="SINAPI-I",VLOOKUP(B91,'SIN I 12.23'!$7:$5071,5,0)," ") | M91: =IF(C91="SETOP",VLOOKUP(B91,'SET 08.23'!A:D,4,FALSE)," ") -> 100.89
A92: 6.3.7 | B92: ED-50325 | C92: =VLOOKUP(B92,SERVIÇOS!$A$1:$D$18506,4,0) -> SETOP | D92: =VLOOKUP(B92,SERVIÇOS!$A:$B,2,0) -> TORNEIRA METÁLICA PARA PIA, BICA MÓVEL, ABERTURA 1/4 DE VOLTA, ACABAMENTO CROMADO, COM AREJADOR, APLICAÇÃO DE PAREDE, INCLUSIVE FORNECIMENTO E INSTALAÇÃO | E92: =VLOOKUP(B92,SERVIÇOS!$A:$C,3,0) -> un | F92: 9 | G92: =IF(C92=$K$10,K92,IF(C92=$L$10,L92,IF(C92=$M$10,M92,IF(C92=#REF!,VLOOKUP(B92,#REF!,7,FALSE),#REF!)))) -> 100.89 | H92: =G92+(G92*$B$6) -> 126.1125 | I92: =F92*H92 -> 1135.0125 | J92: TORNEIRA DE MESA BICA MOVEL LINHA FIT SPECIAL REF. 1167 C53 PADRÃO LORENZETTI OU EQUIVALENTE - FORNECIMENTO E INSTALAÇÃO | K92: =IF(C92="SINAPI",VLOOKUP(B92,'SIN C 12.23'!A:E,5,0)," ") | L92: =IF(C92="SINAPI-I",VLOOKUP(B92,'SIN I 12.23'!$7:$5071,5,0)," ") | M92: =IF(C92="SETOP",VLOOKUP(B92,'SET 08.23'!A:D,4,FALSE)," ") -> 100.89
A93: 6.3.8 | B93: ED-50304 | C93: =VLOOKUP(B93,SERVIÇOS!$A$1:$D$18506,4,0) -> SETOP | D93: =VLOOKUP(B93,SERVIÇOS!$A:$B,2,0) -> TORNEIRA DE BOIA, TIPO ROSCÁVEL 3/4", EXCLUSIVE ADAPTADOR SOLDÁVEL DE PVC COM FLANGES E ANEL PARA CAIXA DÁGUA | E93: =VLOOKUP(B93,SERVIÇOS!$A:$C,3,0) -> un | F93: 1 | G93: =IF(C93=$K$10,K93,IF(C93=$L$10,L93,IF(C93=$M$10,M93,IF(C93=#REF!,VLOOKUP(B93,#REF!,7,FALSE),#REF!)))) -> 58.9 | H93: =G93+(G93*$B$6) -> 73.625 | I93: =F93*H93 -> 73.625 | J93: TORNEIRA BÓIA PARA CAIXA D´ÁGUA 3/4" OU EQUIVALENTE - FORNECIMENTO E INSTALAÇÃO | K93: =IF(C93="SINAPI",VLOOKUP(B93,'SIN C 12.23'!A:E,5,0)," ") | L93: =IF(C93="SINAPI-I",VLOOKUP(B93,'SIN I 12.23'!$7:$5071,5,0)," ") | M93: =IF(C93="SETOP",VLOOKUP(B93,'SET 08.23'!A:D,4,FALSE)," ") -> 58.9
A94: 6.3.9 | B94: ED-49965 | C94: =VLOOKUP(B94,SERVIÇOS!$A$1:$D$18506,4,0) -> SETOP | D94: =VLOOKUP(B94,SERVIÇOS!$A:$B,2,0) -> REGISTRO DE PRESSÃO, TIPO BASE, ROSCÁVEL 3/4" (PARA TUBO SOLDÁVEL OU PPR DN 25MM/CPVC DN 22MM), INCLUSIVE ACABAMENTO (PADRÃO MÉDIO) E CANOPLA CROMADOS | E94: =VLOOKUP(B94,SERVIÇOS!$A:$C,3,0) -> un | F94: 2 | G94: =IF(C94=$K$10,K94,IF(C94=$L$10,L94,IF(C94=$M$10,M94,IF(C94=#REF!,VLOOKUP(B94,#REF!,7,FALSE),#REF!)))) -> 88.52 | H94: =G94+(G94*$B$6) -> 110.65 | I94: =F94*H94 -> 221.3 | J94: REGISTRO DE PRESSÃO COM ACABAMENTO 3/4"OU EQUIVALENTE - FORNECIMENTO E INSTALAÇÃO | K94: =IF(C94="SINAPI",VLOOKUP(B94,'SIN C 12.23'!A:E,5,0)," ") | L94: =IF(C94="SINAPI-I",VLOOKUP(B94,'SIN I 12.23'!$7:$5071,5,0)," ") | M94: =IF(C94="SETOP",VLOOKUP(B94,'SET 08.23'!A:D,4,FALSE)," ") -> 88.52
A95: 6.3.10 | B95: ED-49989 | C95: =VLOOKUP(B95,SERVIÇOS!$A$1:$D$18506,4,0) -> SETOP | D95: =VLOOKUP(B95,SERVIÇOS!$A:$B,2,0) -> REGISTRO DE GAVETA, TIPO BASE, ROSCÁVEL 3/4" (PARA TUBO SOLDÁVEL OU PPR DN 25MM/CPVC DN 22MM), INCLUSIVE ACABAMENTO (PADRÃO MÉDIO) E CANOPLA CROMADO | E95: =VLOOKUP(B95,SERVIÇOS!$A:$C,3,0) -> un | F95: 13 | G95: =IF(C95=$K$10,K95,IF(C95=$L$10,L95,IF(C95=$M$10,M95,IF(C95=#REF!,VLOOKUP(B95,#REF!,7,FALSE),#REF!)))) -> 86.47 | H95: =G95+(G95*$B$6) -> 108.0875 | I95: =F95*H95 -> 1405.1375 | J95: REGISTRO DE GAVETA COM ACABAMENTO 3/4"OU EQUIVALENTE - FORNECIMENTO E INSTALAÇÃO | K95: =IF(C95="SINAPI",VLOOKUP(B95,'SIN C 12.23'!A:E,5,0)," ") | L95: =IF(C95="SINAPI-I",VLOOKUP(B95,'SIN I 12.23'!$7:$5071,5,0)," ") | M95: =IF(C95="SETOP",VLOOKUP(B95,'SET 08.23'!A:D,4,FALSE)," ") -> 86.47
A96: 6.3.11 | B96: ED-49991 | C96: =VLOOKUP(B96,SERVIÇOS!$A$1:$D$18506,4,0) -> SETOP | D96: =VLOOKUP(B96,SERVIÇOS!$A:$B,2,0) -> REGISTRO DE GAVETA, TIPO BASE, ROSCÁVEL 1" (PARA TUBO SOLDÁVEL OU PPR DN 32MM/CPVC DN 28MM), INCLUSIVE ACABAMENTO (PADRÃO MÉDIO) E CANOPLA CROMADOS | E96: =VLOOKUP(B96,SERVIÇOS!$A:$C,3,0) -> un | F96: 7 | G96: =IF(C96=$K$10,K96,IF(C96=$L$10,L96,IF(C96=$M$10,M96,IF(C96=#REF!,VLOOKUP(B96,#REF!,7,FALSE),#REF!)))) -> 126 | H96: =G96+(G96*$B$6) -> 157.5 | I96: =F96*H96 -> 1102.5 | J96: REGISTRO GAVETA 1" COM CANOPLA ACABAMENTO CROMADO SIMPLES - FORNECIMENTO E INSTALACAO | K96: =IF(C96="SINAPI",VLOOKUP(B96,'SIN C 12.23'!A:E,5,0)," ") | L96: =IF(C96="SINAPI-I",VLOOKUP(B96,'SIN I 12.23'!$7:$5071,5,0)," ") | M96: =IF(C96="SETOP",VLOOKUP(B96,'SET 08.23'!A:D,4,FALSE)," ") -> 126
A97: 6.3.12 | B97: ED-49995 | C97: =VLOOKUP(B97,SERVIÇOS!$A$1:$D$18506,4,0) -> SETOP | D97: =VLOOKUP(B97,SERVIÇOS!$A:$B,2,0) -> REGISTRO DE GAVETA, TIPO BASE, ROSCÁVEL 1.1/2" (PARA TUBO SOLDÁVEL OU PPR DN 50MM/CPVC DN 42MM), INCLUSIVE ACABAMENTO (PADRÃO MÉDIO) E CANOPLA CROMADOS | E97: =VLOOKUP(B97,SERVIÇOS!$A:$C,3,0) -> un | F97: 2 | G97: =IF(C97=$K$10,K97,IF(C97=$L$10,L97,IF(C97=$M$10,M97,IF(C97=#REF!,VLOOKUP(B97,#REF!,7,FALSE),#REF!)))) -> 197.65 | H97: =G97+(G97*$B$6) -> 247.0625 | I97: =F97*H97 -> 494.125 | J97: REGISTRO DE GAVETA COM ACABAMENTO 1.1/2"OU EQUIVALENTE - FORNECIMENTO E INSTALAÇÃO | K97: =IF(C97="SINAPI",VLOOKUP(B97,'SIN C 12.23'!A:E,5,0)," ") | L97: =IF(C97="SINAPI-I",VLOOKUP(B97,'SIN I 12.23'!$7:$5071,5,0)," ") | M97: =IF(C97="SETOP",VLOOKUP(B97,'SET 08.23'!A:D,4,FALSE)," ") -> 197.65
A98: 6.3.13 | B98: ED-49972 | C98: =VLOOKUP(B98,SERVIÇOS!$A$1:$D$18506,4,0) -> SETOP | D98: ESPUDE DE BORRACHA PARA VASO SANITÁRIO - FORNECIMENTO E INSTALAÇÃO | E98: UM | F98: 1 | G98: =IF(C98=$K$10,K98,IF(C98=$L$10,L98,IF(C98=$M$10,M98,IF(C98=#REF!,VLOOKUP(B98,#REF!,7,FALSE),#REF!)))) -> 54.65 | H98: =G98+(G98*$B$6) -> 68.3125 | I98: =F98*H98 -> 68.3125 | J98: REGISTRO GAVETA 3/4" BRUTO LATAO - FORNECIMENTO E INSTALACAO | K98: =IF(C98="SINAPI",VLOOKUP(B98,'SIN C 12.23'!A:E,5,0)," ") | L98: =IF(C98="SINAPI-I",VLOOKUP(B98,'SIN I 12.23'!$7:$5071,5,0)," ") | M98: =IF(C98="SETOP",VLOOKUP(B98,'SET 08.23'!A:D,4,FALSE)," ") -> 54.65
A99: 6.3.14 | B99: ED-49978 | C99: =VLOOKUP(B99,SERVIÇOS!$A$1:$D$18506,4,0) -> SETOP | D99: =VLOOKUP(B99,SERVIÇOS!$A:$B,2,0) -> REGISTRO DE GAVETA, TIPO BRUTO, ROSCÁVEL 1.1/2" (PARA TUBO SOLDÁVEL OU PPR DN 50MM/CPVC DN 42MM), INCLUSIVE VOLANTE PARA ACIONAMENTO | E99: =VLOOKUP(B99,SERVIÇOS!$A:$C,3,0) -> un | F99: 2 | G99: =IF(C99=$K$10,K99,IF(C99=$L$10,L99,IF(C99=$M$10,M99,IF(C99=#REF!,VLOOKUP(B99,#REF!,7,FALSE),#REF!)))) -> 111.32 | H99: =G99+(G99*$B$6) -> 139.15 | I99: =F99*H99 -> 278.3 | J99: REGISTRO GAVETA 1.1/2" BRUTO LATAO - FORNECIMENTO E INSTALACAO | K99: =IF(C99="SINAPI",VLOOKUP(B99,'SIN C 12.23'!A:E,5,0)," ") | L99: =IF(C99="SINAPI-I",VLOOKUP(B99,'SIN I 12.23'!$7:$5071,5,0)," ") | M99: =IF(C99="SETOP",VLOOKUP(B99,'SET 08.23'!A:D,4,FALSE)," ") -> 111.32
A100: 6.3.15 | B100: ED-49980 | C100: =VLOOKUP(B100,SERVIÇOS!$A$1:$D$18506,4,0) -> SETOP | D100: =VLOOKUP(B100,SERVIÇOS!$A:$B,2,0) -> REGISTRO DE GAVETA, TIPO BRUTO, ROSCÁVEL 2" (PARA TUBO SOLDÁVEL OU PPR DN 60MM/CPVC DN 54MM), INCLUSIVE VOLANTE PARA ACIONAMENTO | E100: =VLOOKUP(B100,SERVIÇOS!$A:$C,3,0) -> un | F100: 1 | G100: =IF(C100=$K$10,K100,IF(C100=$L$10,L100,IF(C100=$M$10,M100,IF(C100=#REF!,VLOOKUP(B100,#REF!,7,FALSE),#REF!)))) -> 191.77 | H100: =G100+(G100*$B$6) -> 239.7125 | I100: =F100*H100 -> 239.7125 | J100: REGISTRO GAVETA 2" BRUTO LATAO - FORNECIMENTO E INSTALACAO | K100: =IF(C100="SINAPI",VLOOKUP(B100,'SIN C 12.23'!A:E,5,0)," ") | L100: =IF(C100="SINAPI-I",VLOOKUP(B100,'SIN I 12.23'!$7:$5071,5,0)," ") | M100: =IF(C100="SETOP",VLOOKUP(B100,'SET 08.23'!A:D,4,FALSE)," ") -> 191.77
A101: 6.3.16 | B101: ED-49982 | C101: =VLOOKUP(B101,SERVIÇOS!$A$1:$D$18506,4,0) -> SETOP | D101: =VLOOKUP(B101,SERVIÇOS!$A:$B,2,0) -> REGISTRO DE GAVETA, TIPO BRUTO, ROSCÁVEL 2.1/2" (PARA TUBO SOLDÁVEL OU PPR DN 75MM/CPVC DN 73MM), INCLUSIVE VOLANTE PARA ACIONAMENTO | E101: =VLOOKUP(B101,SERVIÇOS!$A:$C,3,0) -> un | F101: 3 | G101: =IF(C101=$K$10,K101,IF(C101=$L$10,L101,IF(C101=$M$10,M101,IF(C101=#REF!,VLOOKUP(B101,#REF!,7,FALSE),#REF!)))) -> 364.06 | H101: =G101+(G101*$B$6) -> 455.075 | I101: =F101*H101 -> 1365.225 | J101: REGISTRO GAVETA 2.1/2" BRUTO LATAO - FORNECIMENTO E INSTALACAO | K101: =IF(C101="SINAPI",VLOOKUP(B101,'SIN C 12.23'!A:E,5,0)," ") | L101: =IF(C101="SINAPI-I",VLOOKUP(B101,'SIN I 12.23'!$7:$5071,5,0)," ") | M101: =IF(C101="SETOP",VLOOKUP(B101,'SET 08.23'!A:D,4,FALSE)," ") -> 364.06
...

Sheet COMPOSIÇÃO 01
A1: Obra: CONSTRUÇÃO UNIDADE BÁSICA DE SAÚDE - UBS T3
A2: Endereço: RUA FREI ORLANDO, S/N, MONTE MÁRIO - BARBACENA/MG
A3: =ORÇAMENTO!A3 -> Data de Referência: SINAPI DEZEMBRO/2023 Não Desonerado / SETOP Região Leste - AGOSTO de 2023 Sem Desoneração / ORSE - ABRIL 2023 / SBC - JUNHO 2023 | I3: _________________________________________
A4: Unidade federativa: Barbacena - MG | I4: =ORÇAMENTO!J4 -> CRISTIANE DORNELAS SAVIOTTI
A5: =ORÇAMENTO!A5 -> Data: 09/02/2024 | I5: =ORÇAMENTO!J5 -> ENGENHEIRA CIVIL - CREA 207.043/D
A6: BDI: | B6: 0.25
A8: PLANILHA ORÇAMENTÁRIA
J9: CUSTO UNITÁRIO
A10: ITEM | B10: CÓDIGO | C10: FONTE | D10: DESCRIÇÃO DOS SERVIÇOS | E10: UN. | F10: QUANT. | G10: CUSTO sem BDI (R$) | H10: VALOR (R$) | I10: MEMÓRIA DE CÁLCULO | J10: SINAPI | K10: SINAPI-I | L10: SETOP | M10: COMPOSIÇÃO
D11: COMPOSIÇÃO 01
A12: 1 | D12: PLACA EM AÇO INOX ESCOVADO 250 X 32CM DOBRADA NA BORDA PARA ENQUADRAMENTO CONFORME DIAGRAMAÇÃO. O FUNDO SERÁ EM PELÍCULA NA COR AZUL C100, M70, Y0, K0 REF.: 3M OU EQUIVALENTE COM LETRAS ADESIVADAS NA COR BRANCA COM LETRA FONTE "GOTHAN BLACK"
A13: 1.1 | B13: 88316 | C13: =VLOOKUP(B13,SERVIÇOS!$A$1:$D$18506,4,0) -> SINAPI | D13: =VLOOKUP(B13,SERVIÇOS!$A:$B,2,0) -> SERVENTE COM ENCARGOS COMPLEMENTARES | E13: =VLOOKUP(B13,SERVIÇOS!$A:$C,3,0) -> H | F13: 0.25 | G13: =IF(C13=$J$10,J13,IF(C13=$K$10,K13,IF(C13=$L$10,L13,IF(C13=#REF!,VLOOKUP(B13,#REF!,7,FALSE),#REF!)))) -> 19,94 | H13: =F13*G13 -> 4.985 | I13: Considerando 25min para instalação | J13: =IF(C13="SINAPI",VLOOKUP(B13,'SIN C 12.23'!A:E,5,0)," ") -> 19,94 | K13: =IF(C13="SINAPI-I",VLOOKUP(B13,'SIN I 12.23'!$7:$5071,5,0)," ") | L13: =IF(C13="SETOP",VLOOKUP(B13,'SET 08.23'!A:D,4,FALSE)," ")
A14: 1.2 | B14: 34721 | C14: =VLOOKUP(B14,SERVIÇOS!$A$1:$D$18506,4,0) -> SINAPI-I | D14: =VLOOKUP(B14,SERVIÇOS!$A:$B,2,0) -> PLACA DE SINALIZACAO EM CHAPA DE ALUMINIO COM PINTURA REFLETIVA, E = 2 MM | E14: =VLOOKUP(B14,SERVIÇOS!$A:$C,3,0) -> M2 | F14: 0.8 | G14: =IF(C14=$J$10,J14,IF(C14=$K$10,K14,IF(C14=$L$10,L14,IF(C14=#REF!,VLOOKUP(B14,#REF!,7,FALSE),#REF!)))) -> 720,00 | H14: =F14*G14 -> 576 | I14: 2,50 x 0,32 = 0,80m² | J14: =IF(C14="SINAPI",VLOOKUP(B14,'SIN C 12.23'!A:E,5,0)," ") | K14: =IF(C14="SINAPI-I",VLOOKUP(B14,'SIN I 12.23'!$7:$5071,5,0)," ") -> 720,00 | L14: =IF(C14="SETOP",VLOOKUP(B14,'SET 08.23'!A:D,4,FALSE)," ")
A15: . | G15: Subtotal | H15: =SUM(H13:H14) -> 580.985 | J15: =IF(C15="SINAPI",VLOOKUP(B15,'SIN C 12.23'!A:E,5,0)," ") | K15: =IF(C15="SINAPI-I",VLOOKUP(B15,'SIN I 12.23'!$7:$5071,5,0)," ") | L15: =IF(C15="SETOP",VLOOKUP(B15,'SET 08.23'!A:D,4,FALSE)," ")
D16: COMPOSIÇÃO 02
A17: 2 | D17: PLACA EM AÇO INOX ESCOVADO 250 X79 CM DOBRADA NA BORDA PARA ENQUADRAMENTO COM LETRA FONTE "GOTHAN BLACK", CONFORME DIAGRAMAÇÃO. O FUNDO SERÁ EM PELÍCULA NA COR AZUL C100, M70, Y0, K0 REF.: 3M OU EQUIVALENTE COM LETRAS ADESIVADAS NA COR BRANCA
A18: 2.1 | B18: 88316 | C18: =VLOOKUP(B18,SERVIÇOS!$A$1:$D$18506,4,0) -> SINAPI | D18: =VLOOKUP(B18,SERVIÇOS!$A:$B,2,0) -> SERVENTE COM ENCARGOS COMPLEMENTARES | E18: =VLOOKUP(B18,SERVIÇOS!$A:$C,3,0) -> H | F18: 0.25 | G18: =IF(C18=$J$10,J18,IF(C18=$K$10,K18,IF(C18=$L$10,L18,IF(C18=#REF!,VLOOKUP(B18,#REF!,7,FALSE),#REF!)))) -> 19,94 | H18: =F18*G18 -> 4.985 | I18: Considerando 25min para instalação | J18: =IF(C18="SINAPI",VLOOKUP(B18,'SIN C 12.23'!A:E,5,0)," ") -> 19,94 | K18: =IF(C18="SINAPI-I",VLOOKUP(B18,'SIN I 12.23'!$7:$5071,5,0)," ") | L18: =IF(C18="SETOP",VLOOKUP(B18,'SET 08.23'!A:D,4,FALSE)," ")
A19: 2.2 | B19: 34721 | C19: =VLOOKUP(B19,SERVIÇOS!$A$1:$D$18506,4,0) -> SINAPI-I | D19: =VLOOKUP(B19,SERVIÇOS!$A:$B,2,0) -> PLACA DE SINALIZACAO EM CHAPA DE ALUMINIO COM PINTURA REFLETIVA, E = 2 MM | E19: =VLOOKUP(B19,SERVIÇOS!$A:$C,3,0) -> M2 | F19: 1.975 | G19: =IF(C19=$J$10,J19,IF(C19=$K$10,K19,IF(C19=$L$10,L19,IF(C19=#REF!,VLOOKUP(B19,#REF!,7,FALSE),#REF!)))) -> 720,00 | H19: =F19*G19 -> 1422 | I19: 2,50 x 0,79 = 1,98m² | J19: =IF(C19="SINAPI",VLOOKUP(B19,'SIN C 12.23'!A:E,5,0)," ") | K19: =IF(C19="SINAPI-I",VLOOKUP(B19,'SIN I 12.23'!$7:$5071,5,0)," ") -> 720,00 | L19: =IF(C19="SETOP",VLOOKUP(B19,'SET 08.23'!A:D,4,FALSE)," ")
A20: . | G20: Subtotal | H20: =SUM(H18:H19) -> 1426.985 | J20: =IF(C20="SINAPI",VLOOKUP(B20,'SIN C 12.23'!A:E,5,0)," ") | K20: =IF(C20="SINAPI-I",VLOOKUP(B20,'SIN I 12.23'!$7:$5071,5,0)," ") | L20: =IF(C20="SETOP",VLOOKUP(B20,'SET 08.23'!A:D,4,FALSE)," ")
D21: COMPOSIÇÃO 03
A22: 3 | D22: PLACA EM AÇO INOX ESCOVADO 40 X 15 CM DOBRADA NA BORDA PARA ENQUADRAMENTO COM LETRA FONTE "GOTHAN BLACK" H=4 CM NA COR AZUL C100, M70, Y0, K0 REF.: 3M OU EQUIVALENTE
A23: 3.1 | B23: 88316 | C23: =VLOOKUP(B23,SERVIÇOS!$A$1:$D$18506,4,0) -> SINAPI | D23: =VLOOKUP(B23,SERVIÇOS!$A:$B,2,0) -> SERVENTE COM ENCARGOS COMPLEMENTARES | E23: =VLOOKUP(B23,SERVIÇOS!$A:$C,3,0) -> H | F23: 0.25 | G23: =IF(C23=$J$10,J23,IF(C23=$K$10,K23,IF(C23=$L$10,L23,IF(C23=#REF!,VLOOKUP(B23,#REF!,7,FALSE),#REF!)))) -> 19,94 | H23: =F23*G23 -> 4.985 | I23: Considerando 25min para instalação | J23: =IF(C23="SINAPI",VLOOKUP(B23,'SIN C 12.23'!A:E,5,0)," ") -> 19,94 | K23: =IF(C23="SINAPI-I",VLOOKUP(B23,'SIN I 12.23'!$7:$5071,5,0)," ") | L23: =IF(C23="SETOP",VLOOKUP(B23,'SET 08.23'!A:D,4,FALSE)," ")
A24: 3.2 | B24: 34721 | C24: =VLOOKUP(B24,SERVIÇOS!$A$1:$D$18506,4,0) -> SINAPI-I | D24: =VLOOKUP(B24,SERVIÇOS!$A:$B,2,0) -> PLACA DE SINALIZACAO EM CHAPA DE ALUMINIO COM PINTURA REFLETIVA, E = 2 MM | E24: =VLOOKUP(B24,SERVIÇOS!$A:$C,3,0) -> M2 | F24: 0.06 | G24: =IF(C24=$J$10,J24,IF(C24=$K$10,K24,IF(C24=$L$10,L24,IF(C24=#REF!,VLOOKUP(B24,#REF!,7,FALSE),#REF!)))) -> 720,00 | H24: =F24*G24 -> 43.2 | I24: 0,40 x 0,15 = 00,06m² | J24: =IF(C24="SINAPI",VLOOKUP(B24,'SIN C 12.23'!A:E,5,0)," ") | K24: =IF(C24="SINAPI-I",VLOOKUP(B24,'SIN I 12.23'!$7:$5071,5,0)," ") -> 720,00 | L24: =IF(C24="SETOP",VLOOKUP(B24,'SET 08.23'!A:D,4,FALSE)," ")
A25: . | G25: Subtotal | H25: =SUM(H23:H24) -> 48.185 | J25: =IF(C25="SINAPI",VLOOKUP(B25,'SIN C 12.23'!A:E,5,0)," ") | K25: =IF(C25="SINAPI-I",VLOOKUP(B25,'SIN I 12.23'!$7:$5071,5,0)," ") | L25: =IF(C25="SETOP",VLOOKUP(B25,'SET 08.23'!A:D,4,FALSE)," ")
D26: COMPOSIÇÃO 04
A27: 4 | D27: PLACA EM AÇO INOX ESCOVADO 40 X18 CM DOBRADA NA BORDA PARA ENQUADRAMENTO COM LETRA FONTE "GOTHAN BLACK" H=3.5 CM NA COR AZUL C100, M70, Y0, K0 REF.: 3M OU EQUIVALENTE
A28: 4.1 | B28: 88316 | C28: =VLOOKUP(B28,SERVIÇOS!$A$1:$D$18506,4,0) -> SINAPI | D28: =VLOOKUP(B28,SERVIÇOS!$A:$B,2,0) -> SERVENTE COM ENCARGOS COMPLEMENTARES | E28: =VLOOKUP(B28,SERVIÇOS!$A:$C,3,0) -> H | F28: 0.25 | G28: =IF(C28=$J$10,J28,IF(C28=$K$10,K28,IF(C28=$L$10,L28,IF(C28=#REF!,VLOOKUP(B28,#REF!,7,FALSE),#REF!)))) -> 19,94 | H28: =F28*G28 -> 4.985 | I28: Considerando 25min para instalação | J28: =IF(C28="SINAPI",VLOOKUP(B28,'SIN C 12.23'!A:E,5,0)," ") -> 19,94 | K28: =IF(C28="SINAPI-I",VLOOKUP(B28,'SIN I 12.23'!$7:$5071,5,0)," ") | L28: =IF(C28="SETOP",VLOOKUP(B28,'SET 08.23'!A:D,4,FALSE)," ")
A29: 4.2 | B29: 34721 | C29: =VLOOKUP(B29,SERVIÇOS!$A$1:$D$18506,4,0) -> SINAPI-I | D29: =VLOOKUP(B29,SERVIÇOS!$A:$B,2,0) -> PLACA DE SINALIZACAO EM CHAPA DE ALUMINIO COM PINTURA REFLETIVA, E = 2 MM | E29: =VLOOKUP(B29,SERVIÇOS!$A:$C,3,0) -> M2 | F29: 0.072 | G29: =IF(C29=$J$10,J29,IF(C29=$K$10,K29,IF(C29=$L$10,L29,IF(C29=#REF!,VLOOKUP(B29,#REF!,7,FALSE),#REF!)))) -> 720,00 | H29: =F29*G29 -> 51.84 | I29: 0,40 x 0,18 = 0,07m² | J29: =IF(C29="SINAPI",VLOOKUP(B29,'SIN C 12.23'!A:E,5,0)," ") | K29: =IF(C29="SINAPI-I",VLOOKUP(B29,'SIN I 12.23'!$7:$5071,5,0)," ") -> 720,00 | L29: =IF(C29="SETOP",VLOOKUP(B29,'SET 08.23'!A:D,4,FALSE)," ")
A30: . | G30: Subtotal | H30: =SUM(H28:H29) -> 56.825 | J30: =IF(C30="SINAPI",VLOOKUP(B30,'SIN C 12.23'!A:E,5,0)," ") | K30: =IF(C30="SINAPI-I",VLOOKUP(B30,'SIN I 12.23'!$7:$5071,5,0)," ") | L30: =IF(C30="SETOP",VLOOKUP(B30,'SET 08.23'!A:D,4,FALSE)," ")
D31: COMPOSIÇÃO 05
A32: 5 | D32: P110 - PORTA DE ABRIR, 1 FOLHA, TIPO PRANCHETA, COM BATENTE E MARCO DE MADEIRA - 110 X 210 CM
A33: 5.1 | B33: 90820 | C33: =VLOOKUP(B33,SERVIÇOS!$A$1:$D$18506,4,0) -> SINAPI | D33: =VLOOKUP(B33,SERVIÇOS!$A:$B,2,0) -> PORTA DE MADEIRA PARA PINTURA, SEMI-OCA (LEVE OU MÉDIA), 60X210CM, ESPESSURA DE 3,5CM, INCLUSO DOBRADIÇAS - FORNECIMENTO E INSTALAÇÃO. AF_12/2019 | E33: =VLOOKUP(B33,SERVIÇOS!$A:$C,3,0) -> UN | F33: 2 | G33: =IF(C33=$J$10,J33,IF(C33=$K$10,K33,IF(C33=$L$10,L33,IF(C33=#REF!,VLOOKUP(B33,#REF!,7,FALSE),#REF!)))) -> 304,63 | H33: =F33*G33 -> 609.26 | I33: Considerando 1,10M largura | J33: =IF(C33="SINAPI",VLOOKUP(B33,'SIN C 12.23'!A:E,5,0)," ") -> 304,63 | K33: =IF(C33="SINAPI-I",VLOOKUP(B33,'SIN I 12.23'!$7:$5071,5,0)," ") | L33: =IF(C33="SETOP",VLOOKUP(B33,'SET 08.23'!A:D,4,FALSE)," ")
A34: 5.2 | B34: 184 | C34: =VLOOKUP(B34,SERVIÇOS!$A$1:$D$18506,4,0) -> SINAPI-I | D34: =VLOOKUP(B34,SERVIÇOS!$A:$B,2,0) -> BATENTE / PORTAL / ADUELA / MARCO EM MADEIRA MACICA COM REBAIXO, E = *3* CM, L = *14* CM, PARA PORTAS DE GIRO DE *60 CM A 120* CM X *210* CM, PINUS / EUCALIPTO / VIROLA OU EQUIVALENTE DA REGIAO (NAO INCLUI ALIZARES) | E34: =VLOOKUP(B34,SERVIÇOS!$A:$C,3,0) -> JG | F34: 1 | G34: =IF(C34=$J$10,J34,IF(C34=$K$10,K34,IF(C34=$L$10,L34,IF(C34=#REF!,VLOOKUP(B34,#REF!,7,FALSE),#REF!)))) -> 130,06 | H34: =F34*G34 -> 130.06 | J34: =IF(C34="SINAPI",VLOOKUP(B34,'SIN C 12.23'!A:E,5,0)," ") | K34: =IF(C34="SINAPI-I",VLOOKUP(B34,'SIN I 12.23'!$7:$5071,5,0)," ") -> 130,06 | L34: =IF(C34="SETOP",VLOOKUP(B34,'SET 08.23'!A:D,4,FALSE)," ")
A35: 5.3 | B35: 11055 | C35: =VLOOKUP(B35,SERVIÇOS!$A$1:$D$18506,4,0) -> SINAPI-I | D35: =VLOOKUP(B35,SERVIÇOS!$A:$B,2,0) -> PARAFUSO ROSCA SOBERBA ZINCADO CABECA CHATA FENDA SIMPLES 3,5 X 25 MM (1 ") | E35: =VLOOKUP(B35,SERVIÇOS!$A:$C,3,0) -> UN | F35: 40 | G35: =IF(C35=$J$10,J35,IF(C35=$K$10,K35,IF(C35=$L$10,L35,IF(C35=#REF!,VLOOKUP(B35,#REF!,7,FALSE),#REF!)))) -> 0,09 | H35: =F35*G35 -> 3.6 | J35: =IF(C35="SINAPI",VLOOKUP(B35,'SIN C 12.23'!A:E,5,0)," ") | K35: =IF(C35="SINAPI-I",VLOOKUP(B35,'SIN I 12.23'!$7:$5071,5,0)," ") -> 0,09 | L35: =IF(C35="SETOP",VLOOKUP(B35,'SET 08.23'!A:D,4,FALSE)," ")
A36: 5.4 | B36: 20017 | C36: =VLOOKUP(B36,SERVIÇOS!$A$1:$D$18506,4,0) -> SINAPI-I | D36: =VLOOKUP(B36,SERVIÇOS!$A:$B,2,0) -> GUARNICAO / ALIZAR / VISTA LISA EM MADEIRA MACICA, PARA PORTA , E = *1* CM, L = *5* CM, CEDRINHO / ANGELIM COMERCIAL / TAURI/ CURUPIXA / PEROBA / CUMARU OU EQUIVALENTE DA REGIAO | E36: =VLOOKUP(B36,SERVIÇOS!$A:$C,3,0) -> M | F36: 5.3 | G36: =IF(C36=$J$10,J36,IF(C36=$K$10,K36,IF(C36=$L$10,L36,IF(C36=#REF!,VLOOKUP(B36,#REF!,7,FALSE),#REF!)))) -> 7,63 | H36: =F36*G36 -> 40.439 | J36: =IF(C36="SINAPI",VLOOKUP(B36,'SIN C 12.23'!A:E,5,0)," ") | K36: =IF(C36="SINAPI-I",VLOOKUP(B36,'SIN I 12.23'!$7:$5071,5,0)," ") -> 7,63 | L36: =IF(C36="SETOP",VLOOKUP(B36,'SET 08.23'!A:D,4,FALSE)," ")
A37: 5.5 | B37: 20247 | C37: =VLOOKUP(B37,SERVIÇOS!$A$1:$D$18506,4,0) -> SINAPI-I | D37: =VLOOKUP(B37,SERVIÇOS!$A:$B,2,0) -> PREGO DE ACO POLIDO COM CABECA 15 X 15 (1 1/4 X 13) | E37: =VLOOKUP(B37,SERVIÇOS!$A:$C,3,0) -> KG | F37: 0.0315 | G37: =IF(C37=$J$10,J37,IF(C37=$K$10,K37,IF(C37=$L$10,L37,IF(C37=#REF!,VLOOKUP(B37,#REF!,7,FALSE),#REF!)))) -> 21,29 | H37: =F37*G37 -> 0.670635 | J37: =IF(C37="SINAPI",VLOOKUP(B37,'SIN C 12.23'!A:E,5,0)," ") | K37: =IF(C37="SINAPI-I",VLOOKUP(B37,'SIN I 12.23'!$7:$5071,5,0)," ") -> 21,29 | L37: =IF(C37="SETOP",VLOOKUP(B37,'SET 08.23'!A:D,4,FALSE)," ")
A38: 5.6 | B38: 39027 | C38: =VLOOKUP(B38,SERVIÇOS!$A$1:$D$18506,4,0) -> SINAPI-I | D38: =VLOOKUP(B38,SERVIÇOS!$A:$B,2,0) -> PREGO DE ACO POLIDO COM CABECA 19 X 36 (3 1/4 X 9) | E38: =VLOOKUP(B38,SERVIÇOS!$A:$C,3,0) -> KG | F38: 0.225 | G38: =IF(C38=$J$10,J38,IF(C38=$K$10,K38,IF(C38=$L$10,L38,IF(C38=#REF!,VLOOKUP(B38,#REF!,7,FALSE),#REF!)))) -> 19,21 | H38: =F38*G38 -> 4.32225 | J38: =IF(C38="SINAPI",VLOOKUP(B38,'SIN C 12.23'!A:E,5,0)," ") | K38: =IF(C38="SINAPI-I",VLOOKUP(B38,'SIN I 12.23'!$7:$5071,5,0)," ") -> 19,21 | L38: =IF(C38="SETOP",VLOOKUP(B38,'SET 08.23'!A:D,4,FALSE)," ")
A39: 5.7 | B39: 88261 | C39: =VLOOKUP(B39,SERVIÇOS!$A$1:$D$18506,4,0) -> SINAPI | D39: =VLOOKUP(B39,SERVIÇOS!$A:$B,2,0) -> CARPINTEIRO DE ESQUADRIA COM ENCARGOS COMPLEMENTARES | E39: =VLOOKUP(B39,SERVIÇOS!$A:$C,3,0) -> H | F39: 3.458 | G39: =IF(C39=$J$10,J39,IF(C39=$K$10,K39,IF(C39=$L$10,L39,IF(C39=#REF!,VLOOKUP(B39,#REF!,7,FALSE),#REF!)))) -> 30,14 | H39: =F39*G39 -> 104.22412 | J39: =IF(C39="SINAPI",VLOOKUP(B39,'SIN C 12.23'!A:E,5,0)," ") -> 30,14 | K39: =IF(C39="SINAPI-I",VLOOKUP(B39,'SIN I 12.23'!$7:$5071,5,0)," ") | L39: =IF(C39="SETOP",VLOOKUP(B39,'SET 08.23'!A:D,4,FALSE)," ")
A40: 5.8 | B40: 88309 | C40: =VLOOKUP(B40,SERVIÇOS!$A$1:$D$18506,4,0) -> SINAPI | D40: =VLOOKUP(B40,SERVIÇOS!$A:$B,2,0) -> PEDREIRO COM ENCARGOS COMPLEMENTARES | E40: =VLOOKUP(B40,SERVIÇOS!$A:$C,3,0) -> H | F40: 1.389 | G40: =IF(C40=$J$10,J40,IF(C40=$K$10,K40,IF(C40=$L$10,L40,IF(C40=#REF!,VLOOKUP(B40,#REF!,7,FALSE),#REF!)))) -> 27,10 | H40: =F40*G40 -> 37.6419 | J40: =IF(C40="SINAPI",VLOOKUP(B40,'SIN C 12.23'!A:E,5,0)," ") -> 27,10 | K40: =IF(C40="SINAPI-I",VLOOKUP(B40,'SIN I 12.23'!$7:$5071,5,0)," ") | L40: =IF(C40="SETOP",VLOOKUP(B40,'SET 08.23'!A:D,4,FALSE)," ")
A41: 5.9 | B41: 88316 | C41: =VLOOKUP(B41,SERVIÇOS!$A$1:$D$18506,4,0) -> SINAPI | D41: =VLOOKUP(B41,SERVIÇOS!$A:$B,2,0) -> SERVENTE COM ENCARGOS COMPLEMENTARES | E41: =VLOOKUP(B41,SERVIÇOS!$A:$C,3,0) -> H | F41: 2.424 | G41: =IF(C41=$J$10,J41,IF(C41=$K$10,K41,IF(C41=$L$10,L41,IF(C41=#REF!,VLOOKUP(B41,#REF!,7,FALSE),#REF!)))) -> 19,94 | H41: =F41*G41 -> 48.33456 | J41: =IF(C41="SINAPI",VLOOKUP(B41,'SIN C 12.23'!A:E,5,0)," ") -> 19,94 | K41: =IF(C41="SINAPI-I",VLOOKUP(B41,'SIN I 12.23'!$7:$5071,5,0)," ") | L41: =IF(C41="SETOP",VLOOKUP(B41,'SET 08.23'!A:D,4,FALSE)," ")
A42: 5.10 | B42: 88627 | C42: =VLOOKUP(B42,SERVIÇOS!$A$1:$D$18506,4,0) -> SINAPI | D42: =VLOOKUP(B42,SERVIÇOS!$A:$B,2,0) -> ARGAMASSA TRAÇO 1:0,5:4,5 (EM VOLUME DE CIMENTO, CAL E AREIA MÉDIA ÚMIDA) PARA ASSENTAMENTO DE ALVENARIA, PREPARO MANUAL. AF_08/2019 | E42: =VLOOKUP(B42,SERVIÇOS!$A:$C,3,0) -> M3 | F42: 0.025 | G42: =IF(C42=$J$10,J42,IF(C42=$K$10,K42,IF(C42=$L$10,L42,IF(C42=#REF!,VLOOKUP(B42,#REF!,7,FALSE),#REF!)))) -> 621,83 | H42: =F42*G42 -> 15.54575 | J42: =IF(C42="SINAPI",VLOOKUP(B42,'SIN C 12.23'!A:E,5,0)," ") -> 621,83 | K42: =IF(C42="SINAPI-I",VLOOKUP(B42,'SIN I 12.23'!$7:$5071,5,0)," ") | L42: =IF(C42="SETOP",VLOOKUP(B42,'SET 08.23'!A:D,4,FALSE)," ")
A43: . | G43: Subtotal | H43: =SUM(H33:H42) -> 994.09821 | J43: =IF(C43="SINAPI",VLOOKUP(B43,'SIN C 12.23'!A:E,5,0)," ") | K43: =IF(C43="SINAPI-I",VLOOKUP(B43,'SIN I 12.23'!$7:$5071,5,0)," ") | L43: =IF(C43="SETOP",VLOOKUP(B43,'SET 08.23'!A:D,4,FALSE)," ")
D44: COMPOSIÇÃO 06
A45: 6 | D45: P80A - PORTA DE CORRER, 1 FOLHA, TIPO PRANCHETA, COM BATENTE E MARCO DE MADEIRA 80 X 210 CM | J45: =IF(C99="SINAPI",VLOOKUP(B99,'SIN C 12.23'!A:E,5,0)," ") | K45: =IF(C99="SINAPI-I",VLOOKUP(B99,'SIN I 12.23'!$7:$5071,5,0)," ") | L45: =IF(C99="SETOP",VLOOKUP(B99,'SET 08.23'!A:D,4,FALSE)," ")
A46: 6.1 | B46: 5002 | C46: =VLOOKUP(B46,SERVIÇOS!$A$1:$D$18506,4,0) -> SINAPI-I | D46: =VLOOKUP(B46,SERVIÇOS!$A:$B,2,0) -> PORTA DE MADEIRA QUADRICULADA PARA VIDRO, DE CORRER (EUCALIPTO OU EQUIVALENTE REGIONAL), E = *3,5* CM | E46: =VLOOKUP(B46,SERVIÇOS!$A:$C,3,0) -> M2 | F46: 1.68 | G46: =IF(C46=$J$10,J46,IF(C46=$K$10,K46,IF(C46=$L$10,L46,IF(C46=#REF!,VLOOKUP(B46,#REF!,7,FALSE),#REF!)))) -> 604,62 | H46: =F46*G46 -> 1015.7616 | I46: 2,1 x 0,80 = 1,68m² | J46: =IF(C46="SINAPI",VLOOKUP(B46,'SIN C 12.23'!A:E,5,0)," ") | K46: =IF(C46="SINAPI-I",VLOOKUP(B46,'SIN I 12.23'!$7:$5071,5,0)," ") -> 604,62 | L46: =IF(C46="SETOP",VLOOKUP(B46,'SET 08.23'!A:D,4,FALSE)," ")
A47: 6.2 | B47: 184 | C47: =VLOOKUP(B47,SERVIÇOS!$A$1:$D$18506,4,0) -> SINAPI-I | D47: =VLOOKUP(B47,SERVIÇOS!$A:$B,2,0) -> BATENTE / PORTAL / ADUELA / MARCO EM MADEIRA MACICA COM REBAIXO, E = *3* CM, L = *14* CM, PARA PORTAS DE GIRO DE *60 CM A 120* CM X *210* CM, PINUS / EUCALIPTO / VIROLA OU EQUIVALENTE DA REGIAO (NAO INCLUI ALIZARES) | E47: =VLOOKUP(B47,SERVIÇOS!$A:$C,3,0) -> JG | F47: 1 | G47: =IF(C47=$J$10,J47,IF(C47=$K$10,K47,IF(C47=$L$10,L47,IF(C47=#REF!,VLOOKUP(B47,#REF!,7,FALSE),#REF!)))) -> 130,06 | H47: =F47*G47 -> 130.06 | J47: =IF(C47="SINAPI",VLOOKUP(B47,'SIN C 12.23'!A:E,5,0)," ") | K47: =IF(C47="SINAPI-I",VLOOKUP(B47,'SIN I 12.23'!$7:$5071,5,0)," ") -> 130,06 | L47: =IF(C47="SETOP",VLOOKUP(B47,'SET 08.23'!A:D,4,FALSE)," ")
A48: 6.3 | B48: 2433 | C48: =VLOOKUP(B48,SERVIÇOS!$A$1:$D$18506,4,0) -> SINAPI-I | D48: =VLOOKUP(B48,SERVIÇOS!$A:$B,2,0) -> DOBRADICA EM ACO/FERRO, 3" X 2 1/2", E= 1,2 A 1,8 MM, SEM ANEL, CROMADO OU ZINCADO, TAMPA CHATA, COM PARAFUSOS | E48: =VLOOKUP(B48,SERVIÇOS!$A:$C,3,0) -> UN | F48: 3 | G48: =IF(C48=$J$10,J48,IF(C48=$K$10,K48,IF(C48=$L$10,L48,IF(C48=#REF!,VLOOKUP(B48,#REF!,7,FALSE),#REF!)))) -> 7,24 | H48: =F48*G48 -> 21.72 | J48: =IF(C48="SINAPI",VLOOKUP(B48,'SIN C 12.23'!A:E,5,0)," ") | K48: =IF(C48="SINAPI-I",VLOOKUP(B48,'SIN I 12.23'!$7:$5071,5,0)," ") -> 7,24 | L48: =IF(C48="SETOP",VLOOKUP(B48,'SET 08.23'!A:D,4,FALSE)," ")
A49: 6.4 | B49: 11055 | C49: =VLOOKUP(B49,SERVIÇOS!$A$1:$D$18506,4,0) -> SINAPI-I | D49: =VLOOKUP(B49,SERVIÇOS!$A:$B,2,0) -> PARAFUSO ROSCA SOBERBA ZINCADO CABECA CHATA FENDA SIMPLES 3,5 X 25 MM (1 ") | E49: =VLOOKUP(B49,SERVIÇOS!$A:$C,3,0) -> UN | F49: 40 | G49: =IF(C49=$J$10,J49,IF(C49=$K$10,K49,IF(C49=$L$10,L49,IF(C49=#REF!,VLOOKUP(B49,#REF!,7,FALSE),#REF!)))) -> 0,09 | H49: =F49*G49 -> 3.6 | J49: =IF(C49="SINAPI",VLOOKUP(B49,'SIN C 12.23'!A:E,5,0)," ") | K49: =IF(C49="SINAPI-I",VLOOKUP(B49,'SIN I 12.23'!$7:$5071,5,0)," ") -> 0,09 | L49: =IF(C49="SETOP",VLOOKUP(B49,'SET 08.23'!A:D,4,FALSE)," ")
A50: 6.5 | B50: 20017 | C50: =VLOOKUP(B50,SERVIÇOS!$A$1:$D$18506,4,0) -> SINAPI-I | D50: =VLOOKUP(B50,SERVIÇOS!$A:$B,2,0) -> GUARNICAO / ALIZAR / VISTA LISA EM MADEIRA MACICA, PARA PORTA , E = *1* CM, L = *5* CM, CEDRINHO / ANGELIM COMERCIAL / TAURI/ CURUPIXA / PEROBA / CUMARU OU EQUIVALENTE DA REGIAO | E50: =VLOOKUP(B50,SERVIÇOS!$A:$C,3,0) -> M | F50: 5 | G50: =IF(C50=$J$10,J50,IF(C50=$K$10,K50,IF(C50=$L$10,L50,IF(C50=#REF!,VLOOKUP(B50,#REF!,7,FALSE),#REF!)))) -> 7,63 | H50: =F50*G50 -> 38.15 | J50: =IF(C50="SINAPI",VLOOKUP(B50,'SIN C 12.23'!A:E,5,0)," ") | K50: =IF(C50="SINAPI-I",VLOOKUP(B50,'SIN I 12.23'!$7:$5071,5,0)," ") -> 7,63 | L50: =IF(C50="SETOP",VLOOKUP(B50,'SET 08.23'!A:D,4,FALSE)," ")
A51: 6.6 | B51: 20247 | C51: =VLOOKUP(B51,SERVIÇOS!$A$1:$D$18506,4,0) -> SINAPI-I | D51: =VLOOKUP(B51,SERVIÇOS!$A:$B,2,0) -> PREGO DE ACO POLIDO COM CABECA 15 X 15 (1 1/4 X 13) | E51: =VLOOKUP(B51,SERVIÇOS!$A:$C,3,0) -> KG | F51: 0.0315 | G51: =IF(C51=$J$10,J51,IF(C51=$K$10,K51,IF(C51=$L$10,L51,IF(C51=#REF!,VLOOKUP(B51,#REF!,7,FALSE),#REF!)))) -> 21,29 | H51: =F51*G51 -> 0.670635 | J51: =IF(C51="SINAPI",VLOOKUP(B51,'SIN C 12.23'!A:E,5,0)," ") | K51: =IF(C51="SINAPI-I",VLOOKUP(B51,'SIN I 12.23'!$7:$5071,5,0)," ") -> 21,29 | L51: =IF(C51="SETOP",VLOOKUP(B51,'SET 08.23'!A:D,4,FALSE)," ")
A52: 6.7 | B52: 39027 | C52: =VLOOKUP(B52,SERVIÇOS!$A$1:$D$18506,4,0) -> SINAPI-I | D52: =VLOOKUP(B52,SERVIÇOS!$A:$B,2,0) -> PREGO DE ACO POLIDO COM CABECA 19 X 36 (3 1/4 X 9) | E52: =VLOOKUP(B52,SERVIÇOS!$A:$C,3,0) -> KG | F52: 0.225 | G52: =IF(C52=$J$10,J52,IF(C52=$K$10,K52,IF(C52=$L$10,L52,IF(C52=#REF!,VLOOKUP(B52,#REF!,7,FALSE),#REF!)))) -> 19,21 | H52: =F52*G52 -> 4.32225 | J52: =IF(C52="SINAPI",VLOOKUP(B52,'SIN C 12.23'!A:E,5,0)," ") | K52: =IF(C52="SINAPI-I",VLOOKUP(B52,'SIN I 12.23'!$7:$5071,5,0)," ") -> 19,21 | L52: =IF(C52="SETOP",VLOOKUP(B52,'SET 08.23'!A:D,4,FALSE)," ")
A53: 6.8 | B53: 88261 | C53: =VLOOKUP(B53,SERVIÇOS!$A$1:$D$18506,4,0) -> SINAPI | D53: =VLOOKUP(B53,SERVIÇOS!$A:$B,2,0) -> CARPINTEIRO DE ESQUADRIA COM ENCARGOS COMPLEMENTARES | E53: =VLOOKUP(B53,SERVIÇOS!$A:$C,3,0) -> H | F53: 3.458 | G53: =IF(C53=$J$10,J53,IF(C53=$K$10,K53,IF(C53=$L$10,L53,IF(C53=#REF!,VLOOKUP(B53,#REF!,7,FALSE),#REF!)))) -> 30,14 | H53: =F53*G53 -> 104.22412 | J53: =IF(C53="SINAPI",VLOOKUP(B53,'SIN C 12.23'!A:E,5,0)," ") -> 30,14 | K53: =IF(C53="SINAPI-I",VLOOKUP(B53,'SIN I 12.23'!$7:$5071,5,0)," ") | L53: =IF(C53="SETOP",VLOOKUP(B53,'SET 08.23'!A:D,4,FALSE)," ")
A54: 6.9 | B54: 88309 | C54: =VLOOKUP(B54,SERVIÇOS!$A$1:$D$18506,4,0) -> SINAPI | D54: =VLOOKUP(B54,SERVIÇOS!$A:$B,2,0) -> PEDREIRO COM ENCARGOS COMPLEMENTARES | E54: =VLOOKUP(B54,SERVIÇOS!$A:$C,3,0) -> H | F54: 1.389 | G54: =IF(C54=$J$10,J54,IF(C54=$K$10,K54,IF(C54=$L$10,L54,IF(C54=#REF!,VLOOKUP(B54,#REF!,7,FALSE),#REF!)))) -> 27,10 | H54: =F54*G54 -> 37.6419 | J54: =IF(C54="SINAPI",VLOOKUP(B54,'SIN C 12.23'!A:E,5,0)," ") -> 27,10 | K54: =IF(C54="SINAPI-I",VLOOKUP(B54,'SIN I 12.23'!$7:$5071,5,0)," ") | L54: =IF(C54="SETOP",VLOOKUP(B54,'SET 08.23'!A:D,4,FALSE)," ")
A55: 6.10 | B55: 88316 | C55: =VLOOKUP(B55,SERVIÇOS!$A$1:$D$18506,4,0) -> SINAPI | D55: =VLOOKUP(B55,SERVIÇOS!$A:$B,2,0) -> SERVENTE COM ENCARGOS COMPLEMENTARES | E55: =VLOOKUP(B55,SERVIÇOS!$A:$C,3,0) -> H | F55: 2.424 | G55: =IF(C55=$J$10,J55,IF(C55=$K$10,K55,IF(C55=$L$10,L55,IF(C55=#REF!,VLOOKUP(B55,#REF!,7,FALSE),#REF!)))) -> 19,94 | H55: =F55*G55 -> 48.33456 | J55: =IF(C55="SINAPI",VLOOKUP(B55,'SIN C 12.23'!A:E,5,0)," ") -> 19,94 | K55: =IF(C55="SINAPI-I",VLOOKUP(B55,'SIN I 12.23'!$7:$5071,5,0)," ") | L55: =IF(C55="SETOP",VLOOKUP(B55,'SET 08.23'!A:D,4,FALSE)," ")
A56: 6.11 | B56: 88627 | C56: =VLOOKUP(B56,SERVIÇOS!$A$1:$D$18506,4,0) -> SINAPI | D56: =VLOOKUP(B56,SERVIÇOS!$A:$B,2,0) -> ARGAMASSA TRAÇO 1:0,5:4,5 (EM VOLUME DE CIMENTO, CAL E AREIA MÉDIA ÚMIDA) PARA ASSENTAMENTO DE ALVENARIA, PREPARO MANUAL. AF_08/2019 | E56: =VLOOKUP(B56,SERVIÇOS!$A:$C,3,0) -> M3 | F56: 0.025 | G56: =IF(C56=$J$10,J56,IF(C56=$K$10,K56,IF(C56=$L$10,L56,IF(C56=#REF!,VLOOKUP(B56,#REF!,7,FALSE),#REF!)))) -> 621,83 | H56: =F56*G56 -> 15.54575 | J56: =IF(C56="SINAPI",VLOOKUP(B56,'SIN C 12.23'!A:E,5,0)," ") -> 621,83 | K56: =IF(C56="SINAPI-I",VLOOKUP(B56,'SIN I 12.23'!$7:$5071,5,0)," ") | L56: =IF(C56="SETOP",VLOOKUP(B56,'SET 08.23'!A:D,4,FALSE)," ")
A57: . | G57: Subtotal | H57: =SUM(H46:H56) -> 1420.0308 | J57: =IF(C57="SINAPI",VLOOKUP(B57,'SIN C 12.23'!A:E,5,0)," ") | K57: =IF(C57="SINAPI-I",VLOOKUP(B57,'SIN I 12.23'!$7:$5071,5,0)," ") | L57: =IF(C57="SETOP",VLOOKUP(B57,'SET 08.23'!A:D,4,FALSE)," ")
D58: COMPOSIÇÃO 07
A59: 7 | D59: FERRAGEM PARA PORTA DE CORRER, FECHADURA TIPO CONCHA, PINO GUIA, ROLDANA ,TRILHO INFERIOR E SUPERIOR | J59: =IF(C113="SINAPI",VLOOKUP(B113,'SIN C 12.23'!A:E,5,0)," ") | K59: =IF(C113="SINAPI-I",VLOOKUP(B113,'SIN I 12.23'!$7:$5071,5,0)," ") | L59: =IF(C113="SETOP",VLOOKUP(B113,'SET 08.23'!A:D,4,FALSE)," ")
A60: 7.1 | B60: 88261 | C60: =VLOOKUP(B60,SERVIÇOS!$A$1:$D$18506,4,0) -> SINAPI | D60: =VLOOKUP(B60,SERVIÇOS!$A:$B,2,0) -> CARPINTEIRO DE ESQUADRIA COM ENCARGOS COMPLEMENTARES | E60: =VLOOKUP(B60,SERVIÇOS!$A:$C,3,0) -> H | F60: 1.002 | G60: =IF(C60=$J$10,J60,IF(C60=$K$10,K60,IF(C60=$L$10,L60,IF(C60=#REF!,VLOOKUP(B60,#REF!,7,FALSE),#REF!)))) -> 30,14 | H60: =F60*G60 -> 30.20028 | J60: =IF(C60="SINAPI",VLOOKUP(B60,'SIN C 12.23'!A:E,5,0)," ") -> 30,14 | K60: =IF(C60="SINAPI-I",VLOOKUP(B60,'SIN I 12.23'!$7:$5071,5,0)," ") | L60: =IF(C60="SETOP",VLOOKUP(B60,'SET 08.23'!A:D,4,FALSE)," ")
A61: 7.2 | B61: ED-50381 | C61: =VLOOKUP(B61,SERVIÇOS!$A$1:$D$18506,4,0) -> SETOP | D61: =VLOOKUP(B61,SERVIÇOS!$A:$B,2,0) -> PEDREIRO COM ENCARGOS COMPLEMENTARES | E61: =VLOOKUP(B61,SERVIÇOS!$A:$C,3,0) -> hora | F61: 0.501 | G61: =IF(C61=$J$10,J61,IF(C61=$K$10,K61,IF(C61=$L$10,L61,IF(C61=#REF!,VLOOKUP(B61,#REF!,7,FALSE),#REF!)))) -> 27.45 | H61: =F61*G61 -> 13.75245 | J61: =IF(C61="SINAPI",VLOOKUP(B61,'SIN C 12.23'!A:E,5,0)," ") | K61: =IF(C61="SINAPI-I",VLOOKUP(B61,'SIN I 12.23'!$7:$5071,5,0)," ") | L61: =IF(C61="SETOP",VLOOKUP(B61,'SET 08.23'!A:D,4,FALSE)," ") -> 27.45
A62: 7.3 | B62: 11575 | C62: =VLOOKUP(B62,SERVIÇOS!$A$1:$D$18506,4,0) -> SINAPI-I | D62: =VLOOKUP(B62,SERVIÇOS!$A:$B,2,0) -> ROLDANA CONCAVA DUPLA, 4 RODAS, EM ZAMAC COM CHAPA DE LATAO, ROLAMENTOS EM ACO, PARA PORTAS E JANELAS DE CORRER | E62: =VLOOKUP(B62,SERVIÇOS!$A:$C,3,0) -> UN | F62: 2 | G62: =IF(C62=$J$10,J62,IF(C62=$K$10,K62,IF(C62=$L$10,L62,IF(C62=#REF!,VLOOKUP(B62,#REF!,7,FALSE),#REF!)))) -> 58,54 | H62: =F62*G62 -> 117.08 | J62: =IF(C62="SINAPI",VLOOKUP(B62,'SIN C 12.23'!A:E,5,0)," ") | K62: =IF(C62="SINAPI-I",VLOOKUP(B62,'SIN I 12.23'!$7:$5071,5,0)," ") -> 58,54 | L62: =IF(C62="SETOP",VLOOKUP(B62,'SET 08.23'!A:D,4,FALSE)," ")
A63: 7.4 | B63: 11581 | C63: =VLOOKUP(B63,SERVIÇOS!$A$1:$D$18506,4,0) -> SINAPI-I | D63: =VLOOKUP(B63,SERVIÇOS!$A:$B,2,0) -> TRILHO PANTOGRAFICO CONCAVO, TIPO U, EM ALUMINIO, COM DIMENSOES DE APROX *35 X 35* MM, PARA ROLDANA DE PORTA DE CORRER | E63: =VLOOKUP(B63,SERVIÇOS!$A:$C,3,0) -> M | F63: 4.8 | G63: =IF(C63=$J$10,J63,IF(C63=$K$10,K63,IF(C63=$L$10,L63,IF(C63=#REF!,VLOOKUP(B63,#REF!,7,FALSE),#REF!)))) -> 21,47 | H63: =F63*G63 -> 103.056 | J63: =IF(C63="SINAPI",VLOOKUP(B63,'SIN C 12.23'!A:E,5,0)," ") | K63: =IF(C63="SINAPI-I",VLOOKUP(B63,'SIN I 12.23'!$7:$5071,5,0)," ") -> 21,47 | L63: =IF(C63="SETOP",VLOOKUP(B63,'SET 08.23'!A:D,4,FALSE)," ")
A64: 7.5 | B64: 38165 | C64: =VLOOKUP(B64,SERVIÇOS!$A$1:$D$18506,4,0) -> SINAPI-I | D64: =VLOOKUP(B64,SERVIÇOS!$A:$B,2,0) -> FECHO / FECHADURA COM PUXADOR CONCHA, COM TRANCA TIPO TRAVA, PARA JANELA / PORTA DE CORRER (INCLUI TESTA, FECHADURA, PUXADOR) - COMPLETA | E64: =VLOOKUP(B64,SERVIÇOS!$A:$C,3,0) -> CJ | F64: 1 | G64: =IF(C64=$J$10,J64,IF(C64=$K$10,K64,IF(C64=$L$10,L64,IF(C64=#REF!,VLOOKUP(B64,#REF!,7,FALSE),#REF!)))) -> 72,07 | H64: =F64*G64 -> 72.07 | J64: =IF(C64="SINAPI",VLOOKUP(B64,'SIN C 12.23'!A:E,5,0)," ") | K64: =IF(C64="SINAPI-I",VLOOKUP(B64,'SIN I 12.23'!$7:$5071,5,0)," ") -> 72,07 | L64: =IF(C64="SETOP",VLOOKUP(B64,'SET 08.23'!A:D,4,FALSE)," ")
A65: . | G65: Subtotal | H65: =SUM(H60:H64) -> 336.15873 | J65: =IF(C65="SINAPI",VLOOKUP(B65,'SIN C 12.23'!A:E,5,0)," ") | K65: =IF(C65="SINAPI-I",VLOOKUP(B65,'SIN I 12.23'!$7:$5071,5,0)," ") | L65: =IF(C65="SETOP",VLOOKUP(B65,'SET 08.23'!A:D,4,FALSE)," ")
D66: COMPOSIÇÃO 08
A67: 8 | D67: FERRAGEM PARA PORTA DE CORRER, FECHADURA TIPO CONCHA, PINO GUIA, ROLDANA ,TRILHO INFERIOR E SUPERIOR | J67: =IF(C121="SINAPI",VLOOKUP(B121,'SIN C 12.23'!A:E,5,0)," ") | K67: =IF(C121="SINAPI-I",VLOOKUP(B121,'SIN I 12.23'!$7:$5071,5,0)," ") | L67: =IF(C121="SETOP",VLOOKUP(B121,'SET 08.23'!A:D,4,FALSE)," ")
A68: 8.1 | B68: 88309 | C68: =VLOOKUP(B68,SERVIÇOS!$A$1:$D$18506,4,0) -> SINAPI | D68: =VLOOKUP(B68,SERVIÇOS!$A:$B,2,0) -> PEDREIRO COM ENCARGOS COMPLEMENTARES | E68: =VLOOKUP(B68,SERVIÇOS!$A:$C,3,0) -> H | F68: 0.3563 | G68: =IF(C68=$J$10,J68,IF(C68=$K$10,K68,IF(C68=$L$10,L68,IF(C68=#REF!,VLOOKUP(B68,#REF!,7,FALSE),#REF!)))) -> 27,10 | H68: =F68*G68 -> 9.65573 | J68: =IF(C68="SINAPI",VLOOKUP(B68,'SIN C 12.23'!A:E,5,0)," ") -> 27,10 | K68: =IF(C68="SINAPI-I",VLOOKUP(B68,'SIN I 12.23'!$7:$5071,5,0)," ") | L68: =IF(C68="SETOP",VLOOKUP(B68,'SET 08.23'!A:D,4,FALSE)," ")
A69: 8.2 | B69: 88316 | C69: =VLOOKUP(B69,SERVIÇOS!$A$1:$D$18506,4,0) -> SINAPI | D69: =VLOOKUP(B69,SERVIÇOS!$A:$B,2,0) -> SERVENTE COM ENCARGOS COMPLEMENTARES | E69: =VLOOKUP(B69,SERVIÇOS!$A:$C,3,0) -> H | F69: 0.1779 | G69: =IF(C69=$J$10,J69,IF(C69=$K$10,K69,IF(C69=$L$10,L69,IF(C69=#REF!,VLOOKUP(B69,#REF!,7,FALSE),#REF!)))) -> 19,94 | H69: =F69*G69 -> 3.547326 | J69: =IF(C69="SINAPI",VLOOKUP(B69,'SIN C 12.23'!A:E,5,0)," ") -> 19,94 | K69: =IF(C69="SINAPI-I",VLOOKUP(B69,'SIN I 12.23'!$7:$5071,5,0)," ") | L69: =IF(C69="SETOP",VLOOKUP(B69,'SET 08.23'!A:D,4,FALSE)," ")
A70: 8.3 | B70: 12759 | C70: =VLOOKUP(B70,SERVIÇOS!$A$1:$D$18506,4,0) -> SINAPI-I | D70: =VLOOKUP(B70,SERVIÇOS!$A:$B,2,0) -> CHAPA ACO INOX AISI 304 NUMERO 9 (E = 4 MM), ACABAMENTO NUMERO 1 (LAMINADO A QUENTE, FOSCO) | E70: =VLOOKUP(B70,SERVIÇOS!$A:$C,3,0) -> M2 | F70: 0.36 | G70: =IF(C70=$J$10,J70,IF(C70=$K$10,K70,IF(C70=$L$10,L70,IF(C70=#REF!,VLOOKUP(B70,#REF!,7,FALSE),#REF!)))) -> 934,06 | H70: =F70*G70 -> 336.2616 | J70: =IF(C70="SINAPI",VLOOKUP(B70,'SIN C 12.23'!A:E,5,0)," ") | K70: =IF(C70="SINAPI-I",VLOOKUP(B70,'SIN I 12.23'!$7:$5071,5,0)," ") -> 934,06 | L70: =IF(C70="SETOP",VLOOKUP(B70,'SET 08.23'!A:D,4,FALSE)," ")
A71: . | G71: Subtotal | H71: =SUM(H68:H70) -> 349.46466 | J71: =IF(C71="SINAPI",VLOOKUP(B71,'SIN C 12.23'!A:E,5,0)," ") | K71: =IF(C71="SINAPI-I",VLOOKUP(B71,'SIN I 12.23'!$7:$5071,5,0)," ") | L71: =IF(C71="SETOP",VLOOKUP(B71,'SET 08.23'!A:D,4,FALSE)," ")
D72: COMPOSIÇÃO 09
A73: 9 | D73: P150 - PORTA PIVOTANTE, VIDRO TEMPERADO 10MM, INCOLOR, COM PELICULA JATEADA ABRIR. LARGURA: 120CM. ALTURA: 210CM. BANDEIRA FIXA, COM O MESMO VIDRO. FERRAGENS EM INOX - 150 X 260 CM | J73: =IF(C127="SINAPI",VLOOKUP(B127,'SIN C 12.23'!A:E,5,0)," ") | K73: =IF(C127="SINAPI-I",VLOOKUP(B127,'SIN I 12.23'!$7:$5071,5,0)," ") | L73: =IF(C127="SETOP",VLOOKUP(B127,'SET 08.23'!A:D,4,FALSE)," ")
A74: 9.1 | B74: 3104 | C74: =VLOOKUP(B74,SERVIÇOS!$A$1:$D$18506,4,0) -> SINAPI-I | D74: =VLOOKUP(B74,SERVIÇOS!$A:$B,2,0) -> CONJ. DE FERRAGENS PARA PORTA DE VIDRO TEMPERADO, EM ZAMAC CROMADO, CONTEMPLANDO DOBRADICA INF., DOBRADICA SUP., PIVO PARA DOBRADICA INF., PIVO PARA DOBRADICA SUP., FECHADURA CENTRAL EM ZAMC. CROMADO, CONTRA FECHADURA DE PRESSAO | E74: =VLOOKUP(B74,SERVIÇOS!$A:$C,3,0) -> CJ | F74: 1 | G74: =IF(C74=$J$10,J74,IF(C74=$K$10,K74,IF(C74=$L$10,L74,IF(C74=#REF!,VLOOKUP(B74,#REF!,7,FALSE),#REF!)))) -> 151,89 | H74: =F74*G74 -> 151.89 | J74: =IF(C74="SINAPI",VLOOKUP(B74,'SIN C 12.23'!A:E,5,0)," ") | K74: =IF(C74="SINAPI-I",VLOOKUP(B74,'SIN I 12.23'!$7:$5071,5,0)," ") -> 151,89 | L74: =IF(C74="SETOP",VLOOKUP(B74,'SET 08.23'!A:D,4,FALSE)," ")
A75: 9.2 | B75: 5031 | C75: =VLOOKUP(B75,SERVIÇOS!$A$1:$D$18506,4,0) -> SINAPI-I | D75: =VLOOKUP(B75,SERVIÇOS!$A:$B,2,0) -> VIDRO TEMPERADO INCOLOR PARA PORTA DE ABRIR, E = 10 MM (SEM FERRAGENS E SEM COLOCACAO) | E75: =VLOOKUP(B75,SERVIÇOS!$A:$C,3,0) -> M2 | F75: 2.52 | G75: =IF(C75=$J$10,J75,IF(C75=$K$10,K75,IF(C75=$L$10,L75,IF(C75=#REF!,VLOOKUP(B75,#REF!,7,FALSE),#REF!)))) -> 240,00 | H75: =F75*G75 -> 604.8 | I75: 1,2x2,10= 2,52m² | J75: =IF(C75="SINAPI",VLOOKUP(B75,'SIN C 12.23'!A:E,5,0)," ") | K75: =IF(C75="SINAPI-I",VLOOKUP(B75,'SIN I 12.23'!$7:$5071,5,0)," ") -> 240,00 | L75: =IF(C75="SETOP",VLOOKUP(B75,'SET 08.23'!A:D,4,FALSE)," ")
A76: 9.3 | B76: 68414 | C76: SBC | D76: PELICULA ADESIVA JATEADA PARA APLICACAO EM VIDRO | E76: M2 | F76: 2.52 | G76: 32.24 | H76: =F76*G76 -> 81.2448 | J76: =IF(C76="SINAPI",VLOOKUP(B76,'SIN C 12.23'!A:E,5,0)," ") | K76: =IF(C76="SINAPI-I",VLOOKUP(B76,'SIN I 12.23'!$7:$5071,5,0)," ") | L76: =IF(C76="SETOP",VLOOKUP(B76,'SET 08.23'!A:D,4,FALSE)," ")
A77: 9.4 | B77: ED-50381 | C77: =VLOOKUP(B77,SERVIÇOS!$A$1:$D$18506,4,0) -> SETOP | D77: =VLOOKUP(B77,SERVIÇOS!$A:$B,2,0) -> PEDREIRO COM ENCARGOS COMPLEMENTARES | E77: =VLOOKUP(B77,SERVIÇOS!$A:$C,3,0) -> hora | F77: 3.988 | G77: =IF(C77=$J$10,J77,IF(C77=$K$10,K77,IF(C77=$L$10,L77,IF(C77=#REF!,VLOOKUP(B77,#REF!,7,FALSE),#REF!)))) -> 27.45 | H77: =F77*G77 -> 109.4706 | J77: =IF(C77="SINAPI",VLOOKUP(B77,'SIN C 12.23'!A:E,5,0)," ") | K77: =IF(C77="SINAPI-I",VLOOKUP(B77,'SIN I 12.23'!$7:$5071,5,0)," ") | L77: =IF(C77="SETOP",VLOOKUP(B77,'SET 08.23'!A:D,4,FALSE)," ") -> 27.45
A78: 9.5 | B78: 88325 | C78: =VLOOKUP(B78,SERVIÇOS!$A$1:$D$18506,4,0) -> SINAPI | D78: =VLOOKUP(B78,SERVIÇOS!$A:$B,2,0) -> VIDRACEIRO COM ENCARGOS COMPLEMENTARES | E78: =VLOOKUP(B78,SERVIÇOS!$A:$C,3,0) -> H | F78: 4.1 | G78: =IF(C78=$J$10,J78,IF(C78=$K$10,K78,IF(C78=$L$10,L78,IF(C78=#REF!,VLOOKUP(B78,#REF!,7,FALSE),#REF!)))) -> 21,81 | H78: =F78*G78 -> 89.421 | J78: =IF(C78="SINAPI",VLOOKUP(B78,'SIN C 12.23'!A:E,5,0)," ") -> 21,81 | K78: =IF(C78="SINAPI-I",VLOOKUP(B78,'SIN I 12.23'!$7:$5071,5,0)," ") | L78: =IF(C78="SETOP",VLOOKUP(B78,'SET 08.23'!A:D,4,FALSE)," ")
A79: 9.6 | B79: 38168 | C79: =VLOOKUP(B79,SERVIÇOS!$A$1:$D$18506,4,0) -> SINAPI-I | D79: =VLOOKUP(B79,SERVIÇOS!$A:$B,2,0) -> PUXADOR TUBULAR RETO DUPLO, EM ALUMINIO CROMADO, COMPRIMENTO DE APROX 400 MM E DIAMETRO DE 25 MM (1") | E79: =VLOOKUP(B79,SERVIÇOS!$A:$C,3,0) -> UN | F79: 1 | G79: =IF(C79=$J$10,J79,IF(C79=$K$10,K79,IF(C79=$L$10,L79,IF(C79=#REF!,VLOOKUP(B79,#REF!,7,FALSE),#REF!)))) -> 147,99 | H79: =F79*G79 -> 147.99 | J79: =IF(C79="SINAPI",VLOOKUP(B79,'SIN C 12.23'!A:E,5,0)," ") | K79: =IF(C79="SINAPI-I",VLOOKUP(B79,'SIN I 12.23'!$7:$5071,5,0)," ") -> 147,99 | L79: =IF(C79="SETOP",VLOOKUP(B79,'SET 08.23'!A:D,4,FALSE)," ")
A80: . | G80: Subtotal | H80: =SUM(H74:H79) -> 1184.8164 | J80: =IF(C80="SINAPI",VLOOKUP(B80,'SIN C 12.23'!A:E,5,0)," ") | K80: =IF(C80="SINAPI-I",VLOOKUP(B80,'SIN I 12.23'!$7:$5071,5,0)," ") | L80: =IF(C80="SETOP",VLOOKUP(B80,'SET 08.23'!A:D,4,FALSE)," ")
D81: COMPOSIÇÃO 10
A82: 10 | D82: PA120 - PORTA DE ABRIR 2 FOLHAS EM VENEZIANA COM TELA MOSQUETEIRO - 120 X 210 CM - FORNECIMENTO E INSTALAÇÃO - 2 UNIDADES | J82: =IF(C135="SINAPI",VLOOKUP(B135,'SIN C 12.23'!A:E,5,0)," ") | K82: =IF(C135="SINAPI-I",VLOOKUP(B135,'SIN I 12.23'!$7:$5071,5,0)," ") | L82: =IF(C135="SETOP",VLOOKUP(B135,'SET 08.23'!A:D,4,FALSE)," ")
A83: 10.1 | B83: 91341 | C83: =VLOOKUP(B83,SERVIÇOS!$A$1:$D$18506,4,0) -> SINAPI | D83: =VLOOKUP(B83,SERVIÇOS!$A:$B,2,0) -> PORTA EM ALUMÍNIO DE ABRIR TIPO VENEZIANA COM GUARNIÇÃO, FIXAÇÃO COM PARAFUSOS - FORNECIMENTO E INSTALAÇÃO. AF_12/2019 | E83: =VLOOKUP(B83,SERVIÇOS!$A:$C,3,0) -> M2 | F83: 2.52 | G83: =IF(C83=$J$10,J83,IF(C83=$K$10,K83,IF(C83=$L$10,L83,IF(C83=#REF!,VLOOKUP(B83,#REF!,7,FALSE),#REF!)))) -> 635,98 | H83: =F83*G83 -> 1602.6696 | I83: 1,2 x 2,10= 2,52m² | J83: =IF(C83="SINAPI",VLOOKUP(B83,'SIN C 12.23'!A:E,5,0)," ") -> 635,98 | K83: =IF(C83="SINAPI-I",VLOOKUP(B83,'SIN I 12.23'!$7:$5071,5,0)," ") | L83: =IF(C83="SETOP",VLOOKUP(B83,'SET 08.23'!A:D,4,FALSE)," ")
A84: 10.2 | B84: 2180 | C84: ORSE | D84: Tela de nylon malha 5mm tipo mosquiteiro | E84: M² | F84: 3.08 | G84: 2.18 | H84: =F84*G84 -> 6.7144 | I84: 1,4 x 2,2= 3,08m² | J84: =IF(C84="SINAPI",VLOOKUP(B84,'SIN C 12.23'!A:E,5,0)," ") | K84: =IF(C84="SINAPI-I",VLOOKUP(B84,'SIN I 12.23'!$7:$5071,5,0)," ") | L84: =IF(C84="SETOP",VLOOKUP(B84,'SET 08.23'!A:D,4,FALSE)," ")
A85: 10.3 | B85: ED-50381 | C85: =VLOOKUP(B85,SERVIÇOS!$A$1:$D$18506,4,0) -> SETOP | D85: =VLOOKUP(B85,SERVIÇOS!$A:$B,2,0) -> PEDREIRO COM ENCARGOS COMPLEMENTARES | E85: =VLOOKUP(B85,SERVIÇOS!$A:$C,3,0) -> hora | F85: 0.5 | G85: =IF(C85=$J$10,J85,IF(C85=$K$10,K85,IF(C85=$L$10,L85,IF(C85=#REF!,VLOOKUP(B85,#REF!,7,FALSE),#REF!)))) -> 27.45 | H85: =F85*G85 -> 13.725 | J85: =IF(C85="SINAPI",VLOOKUP(B85,'SIN C 12.23'!A:E,5,0)," ") | K85: =IF(C85="SINAPI-I",VLOOKUP(B85,'SIN I 12.23'!$7:$5071,5,0)," ") | L85: =IF(C85="SETOP",VLOOKUP(B85,'SET 08.23'!A:D,4,FALSE)," ") -> 27.45
A86: . | G86: Subtotal | H86: =SUM(H83:H85) -> 1623.109 | J86: =IF(C86="SINAPI",VLOOKUP(B86,'SIN C 12.23'!A:E,5,0)," ") | K86: =IF(C86="SINAPI-I",VLOOKUP(B86,'SIN I 12.23'!$7:$5071,5,0)," ") | L86: =IF(C86="SETOP",VLOOKUP(B86,'SET 08.23'!A:D,4,FALSE)," ")
D87: COMPOSIÇÃO 11 | J87: =IF(C87="SINAPI",VLOOKUP(B87,'SIN C 12.23'!A:E,5,0)," ") | K87: =IF(C87="SINAPI-I",VLOOKUP(B87,'SIN I 12.23'!$7:$5071,5,0)," ")
A88: 11 | D88: FORNECIMENTO E INSTALAÇÃO DE JANELA BASCULANTE EM VIDRO TEMPERADO INCOLOR 8MM COM PELICULA. JATEADA - ACABAMENTOS EM ALUMINIO ANODIZ. NATURAL | E88: M² | J88: =IF(C88="SINAPI",VLOOKUP(B88,'SIN C 12.23'!A:E,5,0)," ") | K88: =IF(C88="SINAPI-I",VLOOKUP(B88,'SIN I 12.23'!$7:$5071,5,0)," ")
A89: 12.1 | B89: 1717 | C89: SBC | D89: JANELA MAXIM AR COM ACABAMENTOS EM ALUMINIO ANODIZEM NATURAL | E89: M2 | F89: 1 | G89: 360 | H89: =F89*G89 -> 360 | J89: =IF(C89="SINAPI",VLOOKUP(B89,'SIN C 12.23'!A:E,5,0)," ") | K89: =IF(C89="SINAPI-I",VLOOKUP(B89,'SIN I 12.23'!$7:$5071,5,0)," ") | L89: =IF(C89="SETOP",VLOOKUP(B89,'SET 08.23'!A:D,4,FALSE)," ")
A90: 12.2 | B90: 2432 | C90: ORSE | D90: Vidro temperado 8 mm, liso, transparente, com ferragens | E90: M2 | F90: 1 | G90: 391.69 | H90: =F90*G90 -> 391.69 | J90: =IF(C90="SINAPI",VLOOKUP(B90,'SIN C 12.23'!A:E,5,0)," ") | K90: =IF(C90="SINAPI-I",VLOOKUP(B90,'SIN I 12.23'!$7:$5071,5,0)," ") | L90: =IF(C90="SETOP",VLOOKUP(B90,'SET 08.23'!A:D,4,FALSE)," ")
A91: 12.3 | B91: 68414 | C91: SBC | D91: PELICULA ADESIVA JATEADA PARA APLICACAO EM VIDRO | E91: M2 | F91: 1 | G91: 32.24 | H91: =F91*G91 -> 32.24 | J91: =IF(C91="SINAPI",VLOOKUP(B91,'SIN C 12.23'!A:E,5,0)," ") | K91: =IF(C91="SINAPI-I",VLOOKUP(B91,'SIN I 12.23'!$7:$5071,5,0)," ") | L91: =IF(C91="SETOP",VLOOKUP(B91,'SET 08.23'!A:D,4,FALSE)," ")
A92: 12.4 | B92: 1379 | C92: =VLOOKUP(B92,SERVIÇOS!$A$1:$D$18506,4,0) -> SINAPI-I | D92: =VLOOKUP(B92,SERVIÇOS!$A:$B,2,0) -> CIMENTO PORTLAND COMPOSTO CP II-32 | E92: =VLOOKUP(B92,SERVIÇOS!$A:$C,3,0) -> KG | F92: 1.2 | G92: =IF(C92=$J$10,J92,IF(C92=$K$10,K92,IF(C92=$L$10,L92,IF(C92=#REF!,VLOOKUP(B92,#REF!,7,FALSE),#REF!)))) -> 0,76 | H92: =F92*G92 -> 0.912 | J92: =IF(C92="SINAPI",VLOOKUP(B92,'SIN C 12.23'!A:E,5,0)," ") | K92: =IF(C92="SINAPI-I",VLOOKUP(B92,'SIN I 12.23'!$7:$5071,5,0)," ") -> 0,76 | L92: =IF(C92="SETOP",VLOOKUP(B92,'SET 08.23'!A:D,4,FALSE)," ")
A93: 12.5 | B93: 367 | C93: =VLOOKUP(B93,SERVIÇOS!$A$1:$D$18506,4,0) -> SINAPI-I | D93: =VLOOKUP(B93,SERVIÇOS!$A:$B,2,0) -> AREIA GROSSA - POSTO JAZIDA/FORNECEDOR (RETIRADO NA JAZIDA, SEM TRANSPORTE) | E93: =VLOOKUP(B93,SERVIÇOS!$A:$C,3,0) -> M3 | F93: 0.003 | G93: =IF(C93=$J$10,J93,IF(C93=$K$10,K93,IF(C93=$L$10,L93,IF(C93=#REF!,VLOOKUP(B93,#REF!,7,FALSE),#REF!)))) -> 98,77 | H93: =F93*G93 -> 0.29631 | J93: =IF(C93="SINAPI",VLOOKUP(B93,'SIN C 12.23'!A:E,5,0)," ") | K93: =IF(C93="SINAPI-I",VLOOKUP(B93,'SIN I 12.23'!$7:$5071,5,0)," ") -> 98,77 | L93: =IF(C93="SETOP",VLOOKUP(B93,'SET 08.23'!A:D,4,FALSE)," ")
A94: 12.6 | B94: ED-50381 | C94: =VLOOKUP(B94,SERVIÇOS!$A$1:$D$18506,4,0) -> SETOP | D94: =VLOOKUP(B94,SERVIÇOS!$A:$B,2,0) -> PEDREIRO COM ENCARGOS COMPLEMENTARES | E94: =VLOOKUP(B94,SERVIÇOS!$A:$C,3,0) -> hora | F94: 0.914 | G94: =IF(C94=$J$10,J94,IF(C94=$K$10,K94,IF(C94=$L$10,L94,IF(C94=#REF!,VLOOKUP(B94,#REF!,7,FALSE),#REF!)))) -> 27.45 | H94: =F94*G94 -> 25.0893 | J94: =IF(C94="SINAPI",VLOOKUP(B94,'SIN C 12.23'!A:E,5,0)," ") | K94: =IF(C94="SINAPI-I",VLOOKUP(B94,'SIN I 12.23'!$7:$5071,5,0)," ") | L94: =IF(C94="SETOP",VLOOKUP(B94,'SET 08.23'!A:D,4,FALSE)," ") -> 27.45
A95: 12.7 | B95: ED-7830 | C95: =VLOOKUP(B95,SERVIÇOS!$A$1:$D$18506,4,0) -> SETOP | D95: =VLOOKUP(B95,SERVIÇOS!$A:$B,2,0) -> SERRALHEIRO COM ENCARGOS COMPLEMENTARES | E95: =VLOOKUP(B95,SERVIÇOS!$A:$C,3,0) -> hora | F95: 1.124 | G95: =IF(C95=$J$10,J95,IF(C95=$K$10,K95,IF(C95=$L$10,L95,IF(C95=#REF!,VLOOKUP(B95,#REF!,7,FALSE),#REF!)))) -> 27.23 | H95: =F95*G95 -> 30.60652 | J95: =IF(C95="SINAPI",VLOOKUP(B95,'SIN C 12.23'!A:E,5,0)," ") | K95: =IF(C95="SINAPI-I",VLOOKUP(B95,'SIN I 12.23'!$7:$5071,5,0)," ") | L95: =IF(C95="SETOP",VLOOKUP(B95,'SET 08.23'!A:D,4,FALSE)," ") -> 27.23
A96: 12.8 | B96: ED-9199 | C96: =VLOOKUP(B96,SERVIÇOS!$A$1:$D$18506,4,0) -> SETOP | D96: =VLOOKUP(B96,SERVIÇOS!$A:$B,2,0) -> VIDRACEIRO COM ENCARGOS COMPLEMENTARES | E96: =VLOOKUP(B96,SERVIÇOS!$A:$C,3,0) -> hora | F96: 0.76 | G96: =IF(C96=$J$10,J96,IF(C96=$K$10,K96,IF(C96=$L$10,L96,IF(C96=#REF!,VLOOKUP(B96,#REF!,7,FALSE),#REF!)))) -> 21.98 | H96: =F96*G96 -> 16.7048 | J96: =IF(C96="SINAPI",VLOOKUP(B96,'SIN C 12.23'!A:E,5,0)," ") | K96: =IF(C96="SINAPI-I",VLOOKUP(B96,'SIN I 12.23'!$7:$5071,5,0)," ") | L96: =IF(C96="SETOP",VLOOKUP(B96,'SET 08.23'!A:D,4,FALSE)," ") -> 21.98
A97: 12.9 | B97: ED-50367 | C97: =VLOOKUP(B97,SERVIÇOS!$A$1:$D$18506,4,0) -> SETOP | D97: =VLOOKUP(B97,SERVIÇOS!$A:$B,2,0) -> SERVENTE COM ENCARGOS COMPLEMENTARES | E97: =VLOOKUP(B97,SERVIÇOS!$A:$C,3,0) -> hora | F97: 0.45 | G97: =IF(C97=$J$10,J97,IF(C97=$K$10,K97,IF(C97=$L$10,L97,IF(C97=#REF!,VLOOKUP(B97,#REF!,7,FALSE),#REF!)))) -> 19.76 | H97: =F97*G97 -> 8.892 | J97: =IF(C97="SINAPI",VLOOKUP(B97,'SIN C 12.23'!A:E,5,0)," ") | K97: =IF(C97="SINAPI-I",VLOOKUP(B97,'SIN I 12.23'!$7:$5071,5,0)," ") | L97: =IF(C97="SETOP",VLOOKUP(B97,'SET 08.23'!A:D,4,FALSE)," ") -> 19.76
A98: . | G98: Subtotal | H98: =SUM(H89:H97) -> 866.43093 | J98: =IF(C98="SINAPI",VLOOKUP(B98,'SIN C 12.23'!A:E,5,0)," ")
J99: =IF(C99="SINAPI",VLOOKUP(B99,'SIN C 12.23'!A:E,5,0)," ")

Sheet BDI
A1: Prefeitura Municipal de Barbacena - MG
A2: Secretaria Municipal de Saúde Pública - SESAP
A5: =ORÇAMENTO!A1 -> Obra: CONSTRUÇÃO UNIDADE BÁSICA DE SAÚDE - UBS T3
A6: =ORÇAMENTO!A2 -> Endereço: RUA FREI ORLANDO, S/N, MONTE MÁRIO - BARBACENA/MG
A7: =ORÇAMENTO!A3 -> Data de Referência: SINAPI DEZEMBRO/2023 Não Desonerado / SETOP Região Leste - AGOSTO de 2023 Sem Desoneração / ORSE - ABRIL 2023 / SBC - JUNHO 2023 | F7: _________________________________
A8: =ORÇAMENTO!A4 -> Unidade federativa: Barbacena - MG | F8: =CRONOGRAMA!I8 -> CRISTIANE DORNELAS SAVIOTTI
A9: =ORÇAMENTO!A5 -> Data: 09/02/2024 | F9: =CRONOGRAMA!I9 -> ENGENHEIRA CIVIL - CREA 207.043/D
A12: COMPOSIÇÃO DO BDI
A14: TIPO DE OBRA
A15: Construção e Reforma de Edifícios
B17: Itens | E17: Siglas | F17: % Adotado
B18: Administração Central | E18: AC | F18: 0.06245
B19: Seguro e Garantia | E19: S | F19: 0.004
B20: Risco | E20: R | F20: 0.018
B21: Despesas Financeiras | E21: DF | F21: 0.011
B22: Lucro | E22: L | F22: 0.07
B23: Tributos (impostos COFINS 3%, e PIS 0,65%) | E23: I | F23: 0.0365
B24: Tributos (ISS, variável de acordo com o município) | E24: I | F24: 0.025
B25: Tributos (Contribuição Previdenciária sobre a Receita Bruta - 0% ou 4,5% - Desoneração) | F25: =IF(BDI.Opcao<>"Desonerado",0,IF(AND(#REF!<>$A$155,COUNTA(OFFSET(#REF!,1,0,6))>0),4.5%,0%)) -> 0
B26: BDI SEM desoneração (Fórmula Acórdão TCU) | E26: BDI PAD | F26: =ROUND((((1+F18+F19+F20)*(1+F21)*(1+F22)/(1-(F23+F24)))-1),4) -> 0.25
B29: Fórmula adotada: | C29: BDI= (1+AC+S+R+G)(1+DF)(1+L) -1
C30: (1-I)
A33: AC: taxa de administração central
A34: S: taxa de seguros
A35: R: taxa de riscos
A36: G: taxa de garantias
A37: DF: taxa de despesas financeiras
A38: L: taxa de lucro/remuneração
A39: I: taxa de incidência de impostos (PIS, COFINS, ISS).

Sheet CRONOGRAMA
A1: Prefeitura Municipal de Barbacena - MG
A2: Secretaria Municipal de Saúde Pública - SESAP
A5: =ORÇAMENTO!A1 -> Obra: CONSTRUÇÃO UNIDADE BÁSICA DE SAÚDE - UBS T3
A6: =ORÇAMENTO!A2 -> Endereço: RUA FREI ORLANDO, S/N, MONTE MÁRIO - BARBACENA/MG
A7: =ORÇAMENTO!A3 -> Data de Referência: SINAPI DEZEMBRO/2023 Não Desonerado / SETOP Região Leste - AGOSTO de 2023 Sem Desoneração / ORSE - ABRIL 2023 / SBC - JUNHO 2023 | I7: _________________________________________
A8: =ORÇAMENTO!A4 -> Unidade federativa: Barbacena - MG | I8: =ORÇAMENTO!J4 -> CRISTIANE DORNELAS SAVIOTTI
A9: =ORÇAMENTO!A5 -> Data: 09/02/2024 | I9: =ORÇAMENTO!J5 -> ENGENHEIRA CIVIL - CREA 207.043/D
A12: CRONOGRAMA
A14: ITEM | B14: DESCRIÇÃO DOS SERVIÇOS | C14: VALOR (R$) | D14: % ITEM | E14: 1 | F14: 2 | G14: 3 | H14: 4 | I14: 5 | J14: 6
A16: =ORÇAMENTO!A11 -> 1 | B16: =ORÇAMENTO!D11 -> SERVIÇOS PRELIMINARES | C16: =ORÇAMENTO!I24 -> 96783.579 | D16: =SUM(E16:J16) -> 1 | E16: 1
A18: =ORÇAMENTO!A25 -> 2 | B18: =ORÇAMENTO!D25 -> ESTRUTURAS METÁLICAS E FECHAMENTOS LIGHT STEEL FRAMING | C18: =ORÇAMENTO!I28 -> 1390855.4 | D18: =SUM(E18:J18) -> 1 | F18: 0.75 | G18: 0.25
A20: =ORÇAMENTO!A29 -> 3 | B20: =ORÇAMENTO!D29 -> ALVENARIAS E DIVISÕES | C20: =ORÇAMENTO!I33 -> 20793.881 | D20: =SUM(E20:J20) -> 1 | E20: 0.05 | F20: 0.2 | G20: 0.35 | H20: 0.4
A22: =ORÇAMENTO!A34 -> 4 | B22: =ORÇAMENTO!D34 -> COBERTURA | C22: =ORÇAMENTO!I40 -> 142225.2 | D22: =SUM(E22:J22) -> 1 | G22: 0.5 | H22: 0.5
A24: =ORÇAMENTO!A41 -> 5 | B24: =ORÇAMENTO!D41 -> IMPERMEABILIZAÇÕES E ISOLAMENTO | C24: =ORÇAMENTO!I48 -> 23952.331 | D24: =SUM(E24:J24) -> 1 | E24: 0.1 | G24: 0.3 | H24: 0.3 | I24: 0.3
A26: =ORÇAMENTO!A49 -> 6 | B26: =ORÇAMENTO!D49 -> INSTALAÇÃO HIDRO-SANITÁRIA | C26: =ORÇAMENTO!I117 -> 153443.37 | D26: =SUM(E26:J26) -> 1 | F26: 0.1 | G26: 0.1 | H26: 0.2 | I26: 0.3 | J26: 0.3
A28: =ORÇAMENTO!A118 -> 7 | B28: =ORÇAMENTO!D118 -> PREVENÇÃO E COMBATE A INCÊNDIO | C28: =ORÇAMENTO!I127 -> 8021.65 | D28: =SUM(E28:J28) -> 1 | J28: 1
A30: =ORÇAMENTO!A128 -> 8 | B30: =ORÇAMENTO!D128 -> DRENAGEM | C30: =ORÇAMENTO!I140 -> 30956.122 | D30: =SUM(E30:J30) -> 1 | H30: 0.25 | I30: 0.75
A32: =ORÇAMENTO!A141 -> 9 | B32: =ORÇAMENTO!D141 -> INSTALAÇÕES ELÉTRICAS | C32: =ORÇAMENTO!I186 -> 186750.68 | D32: =SUM(E32:J32) -> 1 | G32: 0.1 | H32: 0.4 | I32: 0.4 | J32: 0.1
A34: =ORÇAMENTO!A187 -> 10 | B34: =ORÇAMENTO!D187 -> CABEAMENTO ESTRUTURADO | C34: =ORÇAMENTO!I202 -> 42422.213 | D34: =SUM(E34:J34) -> 1 | G34: 0.1 | H34: 0.4 | I34: 0.4 | J34: 0.1
A36: =ORÇAMENTO!A204 -> 11 | B36: =ORÇAMENTO!D204 -> CFTV E SONORIZAÇÃO | C36: =ORÇAMENTO!I213 -> 5744.275 | D36: =SUM(E36:J36) -> 1 | H36: 0.1 | I36: 0.4 | J36: 0.5
A38: =ORÇAMENTO!A214 -> 12 | B38: =ORÇAMENTO!D214 -> SPDA | C38: =ORÇAMENTO!I237 -> 42489.762 | D38: =SUM(E38:J38) -> 1 | H38: 0.1 | I38: 0.4 | J38: 0.5
A40: =ORÇAMENTO!A238 -> 13 | B40: =ORÇAMENTO!D238 -> CLIMATIZAÇÃO | C40: =ORÇAMENTO!I244 -> 2979.115 | D40: =SUM(E40:J40) -> 1 | H40: 0.1 | I40: 0.2 | J40: 0.7
A42: =ORÇAMENTO!A246 -> 14 | B42: =ORÇAMENTO!D246 -> ESQUADRIA DE MADEIRA | C42: =ORÇAMENTO!I261 -> 56548.402 | D42: =SUM(E42:J42) -> 1 | H42: 0.4 | I42: 0.6
A44: =ORÇAMENTO!A262 -> 15 | B44: =ORÇAMENTO!D262 -> ESQUADRIA DE ALUMINIO E VIDRO | C44: =ORÇAMENTO!I286 -> 74178.084 | D44: =SUM(E44:J44) -> 1 | H44: 0.4 | I44: 0.6
A46: =ORÇAMENTO!A287 -> 16 | B46: =ORÇAMENTO!D287 -> ESQUADRIA METÁLICA | C46: =ORÇAMENTO!I292 -> 8159.2953 | D46: =SUM(E46:J46) -> 1 | I46: 0.5 | J46: 0.5
A48: =ORÇAMENTO!A293 -> 17 | B48: =ORÇAMENTO!D293 -> REVESTIMENTOS DE PAREDES E TETOS | C48: =ORÇAMENTO!I299 -> 46371.619 | D48: =SUM(E48:J48) -> 1 | G48: 0.3 | H48: 0.3 | I48: 0.4
A50: =ORÇAMENTO!A300 -> 18 | B50: =ORÇAMENTO!D300 -> PISOS | C50: =ORÇAMENTO!I312 -> 154136.89 | D50: =SUM(E50:J50) -> 1 | E50: 0.25 | G50: 0.15 | H50: 0.3 | I50: 0.3
A52: =ORÇAMENTO!A313 -> 19 | B52: =ORÇAMENTO!D313 -> ESPELHOS | C52: =ORÇAMENTO!I316 -> 4183.55 | D52: =SUM(E52:J52) -> 1 | J52: 1
A54: =ORÇAMENTO!A317 -> 20 | B54: =ORÇAMENTO!D317 -> PINTURA INTERNA / EXTERNA | C54: =ORÇAMENTO!I330 -> 166631.37 | D54: =SUM(E54:J54) -> 1 | I54: 0.5 | J54: 0.5
A56: =ORÇAMENTO!A332 -> 21 | B56: =ORÇAMENTO!D332 -> BANCADA | C56: =ORÇAMENTO!I338 -> 22454.041 | D56: =SUM(E56:J56) -> 1 | H56: 1
A58: =ORÇAMENTO!A339 -> 22 | B58: =ORÇAMENTO!D339 -> SINALIZAÇÃO | C58: =ORÇAMENTO!I346 -> 4790.2687 | D58: =SUM(E58:J58) -> 1 | J58: 1
A60: =ORÇAMENTO!A347 -> 23 | B60: URBANIZAÇÃO E OBRAS COMPLEMENTARES | C60: =ORÇAMENTO!I351 -> 40017.572 | D60: =SUM(E60:J60) -> 1 | H60: 0.2 | I60: 0.3 | J60: 0.5
A62: =ORÇAMENTO!A352 -> 24 | B62: FUNDAÇÃO | C62: =ORÇAMENTO!I356 -> 175415.97 | D62: =SUM(E62:J62) -> 1 | E62: 1
A64: =ORÇAMENTO!A358 -> 25 | B64: LIMPEZA GERAL | C64: =ORÇAMENTO!I361 -> 9524.815 | D64: =SUM(E64:J64) -> 1 | E64: 0.1 | F64: 0.1 | G64: 0.1 | H64: 0.1 | I64: 0.2 | J64: 0.4
A66: =ORÇAMENTO!A363 -> 26 | B66: ADMINISTRAÇÃO LOCAL | C66: =ORÇAMENTO!I366 -> 37727.05 | D66: =SUM(E66:J66) -> 1 | E66: 0.2 | F66: 0.2 | G66: 0.1 | H66: 0.1 | I66: 0.2 | J66: 0.2
A67: Valores totais | C67: =SUM(C16:C66) -> 2947556.5 | E67: =$C16*E16+E18*$C18+$C20*E20+$C22*E22+E24*$C24+$C26*E26+E28*$C28+$C30*E30+E32*$C32+$C34*E34+E36*$C36+$C38*E38+E40*$C40+$C42*E42+$C44*E44+$C46*E46+E48*$C48+$C50*E50+E52*$C52+$C54*E54+E56*$C56+$C58*E58+$C60*E60+$C62*E62+$C64*E64+$C66*E66 -> 322666.59 | F67: =$C16*F16+F18*$C18+$C20*F20+$C22*F22+F24*$C24+$C26*F26+F28*$C28+$C30*F30+F32*$C32+$C34*F34+F36*$C36+$C38*F38+F40*$C40+$C42*F42+$C44*F44+$C46*F46+F48*$C48+$C50*F50+F52*$C52+$C54*F54+F56*$C56+$C58*F58+$C60*F60+$C62*F62+$C64*F64+$C66*F66 -> 1071142.5 | G67: =$C16*G16+G18*$C18+$C20*G20+$C22*G22+G24*$C24+$C26*G26+G28*$C28+$C30*G30+G32*$C32+$C34*G34+G36*$C36+$C38*G38+G40*$C40+$C42*G42+$C44*G44+$C46*G46+G48*$C48+$C50*G50+G52*$C52+$C54*G54+G56*$C56+$C58*G58+$C60*G60+$C62*G62+$C64*G64+$C66*G66 -> 513308.83 | H67: =$C16*H16+H18*$C18+$C20*H20+$C22*H22+H24*$C24+$C26*H26+H28*$C28+$C30*H30+H32*$C32+$C34*H34+H36*$C36+$C38*H38+H40*$C40+$C42*H42+$C44*H44+$C46*H46+H48*$C48+$C50*H50+H52*$C52+$C54*H54+H56*$C56+$C58*H58+$C60*H60+$C62*H62+$C64*H64+$C66*H66 -> 369459.92 | I67: =$C16*I16+I18*$C18+$C20*I20+$C22*I22+I24*$C24+$C26*I26+I28*$C28+$C30*I30+I32*$C32+$C34*I34+I36*$C36+$C38*I38+I40*$C40+$C42*I42+$C44*I44+$C46*I46+I48*$C48+$C50*I50+I52*$C52+$C54*I54+I56*$C56+$C58*I58+$C60*I60+$C62*I62+$C64*I64+$C66*I66 -> 440070.98 | J67: =$C16*J16+J18*$C18+$C20*J20+$C22*J22+J24*$C24+$C26*J26+J28*$C28+$C30*J30+J32*$C32+$C34*J34+J36*$C36+$C38*J38+J40*$C40+$C42*J42+$C44*J44+$C46*J46+J48*$C48+$C50*J50+J52*$C52+$C54*J54+J56*$C56+$C58*J58+$C60*J60+$C62*J62+$C64*J64+$C66*J66 -> 230907.62
D68: % | E68: =E67/$C$67 -> 0.10946918 | F68: =F67/$C$67 -> 0.36340018 | G68: =G67/$C$67 -> 0.17414724 | H68: =H67/$C$67 -> 0.12534447 | I68: =I67/$C$67 -> 0.14930027 | J68: =J67/$C$67 -> 0.078338659
D69: Total Acumulado | E69: =E67 -> 322666.59 | F69: =F67+E69 -> 1393809.1 | G69: =G67+F69 -> 1907118 | H69: =H67+G69 -> 2276577.9 | I69: =I67+H69 -> 2716648.9 | J69: =J67+I69 -> 2947556.5
D70: % Acumulado | E70: =E69/$C$67 -> 0.10946918 | F70: =F69/$C$67 -> 0.47286935 | G70: =G69/$C$67 -> 0.6470166 | H70: =H69/$C$67 -> 0.77236107 | I70: =I69/$C$67 -> 0.92166134 | J70: =J69/$C$67 -> 1

Sheet SIN C 12.23
A1: CODIGO DA COMPOSICAO | B1: DESCRICAO DA COMPOSICAO | C1: UNIDADE | D1: ORIGEM DE PREÇO | E1: CUSTO TOTAL
A2: 97141 | B2: ASSENTAMENTO DE TUBO DE FERRO FUNDIDO PARA REDE DE ÁGUA, DN 80 MM, JUNTA ELÁSTICA, INSTALADO EM LOCAL COM NÍVEL ALTO DE INTERFERÊNCIAS (NÃO INCLUI FORNECIMENTO). AF_11/2017 | C2: M | D2: COEFICIENTE DE REPRESENTATIVIDADE | E2: 8,80
A3: 97142 | B3: ASSENTAMENTO DE TUBO DE FERRO FUNDIDO PARA REDE DE ÁGUA, DN 100 MM, JUNTA ELÁSTICA, INSTALADO EM LOCAL COM NÍVEL ALTO DE INTERFERÊNCIAS (NÃO INCLUI FORNECIMENTO). AF_11/2017 | C3: M | D3: COEFICIENTE DE REPRESENTATIVIDADE | E3: 9,74
A4: 97143 | B4: ASSENTAMENTO DE TUBO DE FERRO FUNDIDO PARA REDE DE ÁGUA, DN 150 MM, JUNTA ELÁSTICA, INSTALADO EM LOCAL COM NÍVEL ALTO DE INTERFERÊNCIAS (NÃO INCLUI FORNECIMENTO). AF_11/2017 | C4: M | D4: COEFICIENTE DE REPRESENTATIVIDADE | E4: 12,12
A5: 97144 | B5: ASSENTAMENTO DE TUBO DE FERRO FUNDIDO PARA REDE DE ÁGUA, DN 200 MM, JUNTA ELÁSTICA, INSTALADO EM LOCAL COM NÍVEL ALTO DE INTERFERÊNCIAS (NÃO INCLUI FORNECIMENTO). AF_11/2017 | C5: M | D5: COEFICIENTE DE REPRESENTATIVIDADE | E5: 14,50
A6: 97145 | B6: ASSENTAMENTO DE TUBO DE FERRO FUNDIDO PARA REDE DE ÁGUA, DN 250 MM, JUNTA ELÁSTICA, INSTALADO EM LOCAL COM NÍVEL ALTO DE INTERFERÊNCIAS (NÃO INCLUI FORNECIMENTO). AF_11/2017 | C6: M | D6: COEFICIENTE DE REPRESENTATIVIDADE | E6: 16,90
A7: 97146 | B7: ASSENTAMENTO DE TUBO DE FERRO FUNDIDO PARA REDE DE ÁGUA, DN 300 MM, JUNTA ELÁSTICA, INSTALADO EM LOCAL COM NÍVEL ALTO DE INTERFERÊNCIAS (NÃO INCLUI FORNECIMENTO). AF_11/2017 | C7: M | D7: COEFICIENTE DE REPRESENTATIVIDADE | E7: 19,29
A8: 97147 | B8: ASSENTAMENTO DE TUBO DE FERRO FUNDIDO PARA REDE DE ÁGUA, DN 350 MM, JUNTA ELÁSTICA, INSTALADO EM LOCAL COM NÍVEL ALTO DE INTERFERÊNCIAS (NÃO INCLUI FORNECIMENTO). AF_11/2017 | C8: M | D8: COEFICIENTE DE REPRESENTATIVIDADE | E8: 21,69
A9: 97148 | B9: ASSENTAMENTO DE TUBO DE FERRO FUNDIDO PARA REDE DE ÁGUA, DN 400 MM, JUNTA ELÁSTICA, INSTALADO EM LOCAL COM NÍVEL ALTO DE INTERFERÊNCIAS (NÃO INCLUI FORNECIMENTO). AF_11/2017 | C9: M | D9: COEFICIENTE DE REPRESENTATIVIDADE | E9: 24,07
A10: 97149 | B10: ASSENTAMENTO DE TUBO DE FERRO FUNDIDO PARA REDE DE ÁGUA, DN 450 MM, JUNTA ELÁSTICA, INSTALADO EM LOCAL COM NÍVEL ALTO DE INTERFERÊNCIAS (NÃO INCLUI FORNECIMENTO). AF_11/2017 | C10: M | D10: COEFICIENTE DE REPRESENTATIVIDADE | E10: 26,49
A11: 97150 | B11: ASSENTAMENTO DE TUBO DE FERRO FUNDIDO PARA REDE DE ÁGUA, DN 500 MM, JUNTA ELÁSTICA, INSTALADO EM LOCAL COM NÍVEL ALTO DE INTERFERÊNCIAS (NÃO INCLUI FORNECIMENTO). AF_11/2017 | C11: M | D11: COEFICIENTE DE REPRESENTATIVIDADE | E11: 33,95
A12: 97151 | B12: ASSENTAMENTO DE TUBO DE FERRO FUNDIDO PARA REDE DE ÁGUA, DN 600 MM, JUNTA ELÁSTICA, INSTALADO EM LOCAL COM NÍVEL ALTO DE INTERFERÊNCIAS (NÃO INCLUI FORNECIMENTO). AF_11/2017 | C12: M | D12: COEFICIENTE DE REPRESENTATIVIDADE | E12: 39,51
A13: 97152 | B13: ASSENTAMENTO DE TUBO DE FERRO FUNDIDO PARA REDE DE ÁGUA, DN 700 MM, JUNTA ELÁSTICA, INSTALADO EM LOCAL COM NÍVEL ALTO DE INTERFERÊNCIAS (NÃO INCLUI FORNECIMENTO). AF_11/2017 | C13: M | D13: COEFICIENTE DE REPRESENTATIVIDADE | E13: 44,83
... A7555: 101460 | B7555: VIGIA DIURNO COM ENCARGOS COMPLEMENTARES | C7555: MES | D7555: COEFICIENTE DE REPRESENTATIVIDADE | E7555: 4.078,69

Sheet SIN I 12.23
A1: PRECOS DE INSUMOS
A3: MES DE COLETA: 05/2023
A4: LOCALIDADE: 1950 - BELO HORIZONTE
A5: ENCARGOS SOCIAIS (%) HORISTA 115,19 MENSALISTA 73,23
A7: CODIGO | B7: DESCRICAO DO INSUMO | C7: UNIDADE | D7: ORIGEM DO PRECO | E7: PRECO MEDIANO R$
A8: 38605 | B8: ABERTURA PARA ENCAIXE DE CUBA OU LAVATORIO EM BANCADA DE MARMORE/ GRANITO OU OUTRO TIPO DE PEDRA NATURAL | C8: UN | D8: CR | E8: 108,21
A9: 11270 | B9: ABRACADEIRA DE LATAO PARA FIXACAO DE CABO PARA-RAIO, DIMENSOES 32 X 24 X 24 MM | C9: UN | D9: CR | E9: 3,54
A10: 412 | B10: ABRACADEIRA DE NYLON PARA AMARRACAO DE CABOS, COMPRIMENTO DE *230* X *7,6* MM | C10: UN | D10: CR | E10: 0,92
A11: 414 | B11: ABRACADEIRA DE NYLON PARA AMARRACAO DE CABOS, COMPRIMENTO DE 100 X 2,5 MM | C11: UN | D11: CR | E11: 0,05
A12: 410 | B12: ABRACADEIRA DE NYLON PARA AMARRACAO DE CABOS, COMPRIMENTO DE 150 X *3,6* MM | C12: UN | D12: CR | E12: 0,14
A13: 411 | B13: ABRACADEIRA DE NYLON PARA AMARRACAO DE CABOS, COMPRIMENTO DE 200 X *4,6* MM | C13: UN | D13: C | E13: 0,18
A14: 408 | B14: ABRACADEIRA DE NYLON PARA AMARRACAO DE CABOS, COMPRIMENTO DE 390 X *4,6* MM | C14: UN | D14: CR | E14: 0,89
A15: 39131 | B15: ABRACADEIRA EM ACO PARA AMARRACAO DE ELETRODUTOS, TIPO D, COM 1 1/2" E CUNHA DE FIXACAO | C15: UN | D15: CR | E15: 3,16
A16: 394 | B16: ABRACADEIRA EM ACO PARA AMARRACAO DE ELETRODUTOS, TIPO D, COM 1 1/2" E PARAFUSO DE FIXACAO | C16: UN | D16: CR | E16: 3,20
A17: 39130 | B17: ABRACADEIRA EM ACO PARA AMARRACAO DE ELETRODUTOS, TIPO D, COM 1 1/4" E CUNHA DE FIXACAO | C17: UN | D17: CR | E17: 2,88
A18: 395 | B18: ABRACADEIRA EM ACO PARA AMARRACAO DE ELETRODUTOS, TIPO D, COM 1 1/4" E PARAFUSO DE FIXACAO | C18: UN | D18: CR | E18: 3,08
A19: 39127 | B19: ABRACADEIRA EM ACO PARA AMARRACAO DE ELETRODUTOS, TIPO D, COM 1/2" E CUNHA DE FIXACAO | C19: UN | D19: CR | E19: 1,52
... A4918: 41776 | B4918: VIGIA NOTURNO, HORA EFETIVAMENTE TRABALHADA DE 22 H AS 5 H (COM ADICIONAL NOTURNO) | C4918: H | D4918: CR | E4918: 22,93
A4920: TOTAL DE INSUMOS : 4911

Sheet SET 08.23
A1: TABELA REFERENCIAL DE PREÇOS UNITÁRIOS PARA OBRAS DE EDIFICAÇÃO
A2: Região Leste - S/ Desoneração
A3: 45139
A7: CÓDIGO | B7: DESCRIÇÃO DO SERVIÇO | C7: UNIDADE | D7: CUSTO UNITÁRIO
A8: 8662 | B8: MOBILIZAÇÃO E DESMOBILIZAÇÃO DE OBRA
A9: 8700 | B9: OBRAS EM CENTRO URBANO OU REGIÃO LIMÍTROFE
A10: ED-50394 | B10: MOBILIZAÇÃO E DESMOBILIZAÇÃO DE OBRA EM CENTRO URBANO OU REGIÃO LIMÍTROFE COM VALOR ACIMA DE 3.000.000,01 | C10: % | D10: 0.2
A11: ED-50392 | B11: MOBILIZAÇÃO E DESMOBILIZAÇÃO DE OBRA EM CENTRO URBANO OU REGIÃO LIMÍTROFE COM VALOR ATÉ O VALOR DE 1.000.000,00 | C11: % | D11: 0.5
A12: ED-50393 | B12: MOBILIZAÇÃO E DESMOBILIZAÇÃO DE OBRA EM CENTRO URBANO OU REGIÃO LIMÍTROFE COM VALOR ENTRE 1.000.000,01 E 3.000.000,00 | C12: % | D12: 0.3
A13: 8701 | B13: OBRA DISTANTE DE CENTRO URBANO
A14: ED-50391 | B14: MOBILIZAÇÃO E DESMOBILIZAÇÃO OBRA DISTANTE DE CENTRO URBANO COM ACIMA DE 3.000.000,01 | C14: % | D14: 1
A15: ED-50390 | B15: MOBILIZAÇÃO E DESMOBILIZAÇÃO OBRA DISTANTE DE CENTRO URBANO COM ENTRE 1.000.000,01 E 3.000.000,00 | C15: % | D15: 1.5
A16: ED-50389 | B16: MOBILIZAÇÃO E DESMOBILIZAÇÃO OBRA DISTANTE DE CENTRO URBANO COM VALOR ATÉ O VALOR DE 1.000.000,00 | C16: % | D16: 2
A17: 8663 | B17: SERVIÇOS PRELIMINARES
A18: 8702 | B18: LIMPEZA DO TERRENO
A19: ED-50701 | B19: CAPINA MANUAL DO TERRENO, EXCLUSIVE RASTELAMENTO E QUEIMA | C19: m2 | D19: 1.31
A20: ED-28163 | B20: DESTOCAMENTO E AFASTAMENTO DE REMANESCENTE ARBÓREO, INCLUSIVE TRANSPORTE E RETIRADA DO MATERIAL ESCAVADO (EM CAÇAMBA) | C20: un | D20: 459.35
A21: ED-50703 | B21: LIMPEZA DE TERRENO, INCLUSIVE CAPINA, RASTELAMENTO COM AFASTAMENTO ATÉ VINTE (20) METROS E QUEIMA CONTROLADA | C21: m2 | D21: 2.32
A22: ED-8143 | B22: RASTELAMENTO DE ÁREA COM AFASTAMENTO DE ATÉ VINTE (20) METROS, EXCLUSIVE CAPINA OU ROÇADA MANUAL | C22: m2 | D22: 0.87
A23: ED-28162 | B23: ROÇADA MANUAL DE TERRENO COM ROÇADEIRA COSTAL, EXCLUSIVE RASTELAMENTO E QUEIMA | C23: m2 | D23: 0.19
A24: 8703 | B24: DESMATAMENTO E DESTOCAMENTO
A25: ED-50702 | B25: DESMATAMENTO, DESTOCAMENTO E LIMPEZA, INCLUSIVE TRANSPORTE ATÉ CINQUENTA (50) METROS | C25: m2 | D25: 0.52
A26: 8704 | B26: SUPRESSÃO DE ÁRVORE
A27: ED-50699 | B27: CORTE DE ÁRVORE COM MOTOSSERRA, DIÂMETRO DO TRONCO ACIMA DE TRINTA (30) CENTÍMETROS ATÉ CINQUENTA (50) CENTÍMETROS, EXCLUSIVE DESTOCAMENTO E AFASTAMENTO | C27: un | D27: 90.47
A28: ED-50697 | B28: CORTE DE ÁRVORE COM MOTOSSERRA, DIÂMETRO DO TRONCO DE QUINZE (15) CENTÍMETROS ATÉ TRINTA (30) CENTÍMETROS, EXCLUSIVE DESTOCAMENTO E AFASTAMENTO | C28: un | D28: 54.28
A29: 8706 | B29: REMOÇÃO DE TELHADO
A30: ED-48438 | B30: REMOÇÃO DE CALHA EM CHAPA GALVANIZADA OU EM PVC, COM REAPROVEITAMENTO, INCLUSIVE AFASTAMENTO E EMPILHAMENTO, EXCLUSIVE TRANSPORTE E RETIRADA DO MATERIAL REMOVIDO NÃO REAPROVEITÁVEL | C30: m | D30: 4.6
A31: ED-48446 | B31: REMOÇÃO MANUAL DE CONDUTOR EM PVC OU METÁLICO, COM REAPROVEITAMENTO, INCLUSIVE AFASTAMENTO E EMPILHAMENTO, EXCLUSIVE TRANSPORTE E RETIRADA DO MATERIAL REMOVIDO NÃO REAPROVEITÁVEL | C31: m | D31: 5.5
A32: ED-48455 | B32: REMOÇÃO MANUAL DE ENGRADAMENTO PARA TELHA TIPO CALHA ESTRUTURAL EM FIBROCIMENTO, COM REAPROVEITAMENTO, INCLUSIVE AFASTAMENTO E EMPILHAMENTO, EXCLUSIVE TRANSPORTE E RETIRADA DO MATERIAL REMOVIDO NÃO REAPROVEITÁVEL | C32: m2 | D32: 11.12
A33: ED-48457 | B33: REMOÇÃO MANUAL DE ENGRADAMENTO PARA TELHA TIPO CERÂMICA OU CONCRETO, INCLUSIVE AFASTAMENTO E EMPILHAMENTO, EXCLUSIVE TRANSPORTE E RETIRADA DO MATERIAL REMOVIDO NÃO REAPROVEITÁVEL | C33: m2 | D33: 22.25
A34: ED-48454 | B34: REMOÇÃO MANUAL DE ENGRADAMENTO PARA TELHA TIPO METÁLICA, PVC OU FIBROCIMENTO, COM REAPROVEITAMENTO, INCLUSIVE AFASTAMENTO E EMPILHAMENTO, EXCLUSIVE TRANSPORTE E RETIRADA DO MATERIAL REMOVIDO NÃO REAPROVEITÁVEL | C34: m2 | D34: 14.83
A35: ED-48506 | B35: REMOÇÃO MANUAL DE RUFO METÁLICO, COM REAPROVEITAMENTO, INCLUSIVE AFASTAMENTO E EMPILHAMENTO, EXCLUSIVE TRANSPORTE E RETIRADA DO MATERIAL REMOVIDO NÃO REAPROVEITÁVEL | C35: m | D35: 6.76
A36: ED-48512 | B36: REMOÇÃO MANUAL DE TELHA EM FIBROCIMENTO, TIPO ONDULADA, COM REAPROVEITAMENTO, INCLUSIVE AFASTAMENTO E EMPILHAMENTO, EXCLUSIVE TRANSPORTE E RETIRADA DO MATERIAL REMOVIDO NÃO REAPROVEITÁVEL | C36: m2 | D36: 12.71
A37: ED-48514 | B37: REMOÇÃO MANUAL DE TELHA CERÂMICA, COM REAPROVEITAMENTO, INCLUSIVE AFASTAMENTO E EMPILHAMENTO, EXCLUSIVE TRANSPORTE E RETIRADA DO MATERIAL REMOVIDO NÃO REAPROVEITÁVEL | C37: m2 | D37: 23.9
A38: ED-48510 | B38: REMOÇÃO MANUAL DE TELHA EM FIBROCIMENTO, TIPO CALHA ESTRUTURAL, COM REAPROVEITAMENTO, INCLUSIVE IÇAMENTO, AFASTAMENTO E EMPILHAMENTO, EXCLUSIVE TRANSPORTE E RETIRADA DO MATERIAL REMOVIDO NÃO REAPROVEITÁVEL | C38: m2 | D38: 24.96
A39: ED-48509 | B39: REMOÇÃO MANUAL DE TELHA METÁLICA OU PVC, COM REAPROVEITAMENTO, INCLUSIVE AFASTAMENTO E EMPILHAMENTO, EXCLUSIVE TRANSPORTE E RETIRADA DO MATERIAL REMOVIDO NÃO REAPROVEITÁVEL | C39: m2 | D39: 8.9
A40: 8707 | B40: DEMOLIÇÃO E REMOÇÃO DE INSTALAÇÃO
A41: ED-48500 | B41: DEMOLIÇÃO MANUAL DE TUBULAÇÕES EMBUTIDAS DE REDE (ÁGUA, ELÉTRICA, GASES, ETC.), INCLUSIVE RASGO EM ALVENARIA, REMOÇÃO DE ACESSÓRIOS DE FIXAÇÃO, AFASTAMENTO E EMPILHAMENTO, EXCLUSIVE TRANSPORTE E RETIRADA DO MATERIAL DEMOLIDO | C41: m | D41: 8.24
A42: ED-48466 | B42: REMOÇÃO MANUAL DE INTERFONE, COM REAPROVEITAMENTO, INCLUSIVE AFASTAMENTO E EMPILHAMENTO, EXCLUSIVE TRANSPORTE E RETIRADA DO MATERIAL REMOVIDO NÃO REAPROVEITÁVEL | C42: un | D42: 43.59
A43: ED-48468 | B43: REMOÇÃO MANUAL DE LUMINÁRIA COMERCIAL, EMBUTIDA OU SOBREPOR, COM REAPROVEITAMENTO, INCLUSIVE AFASTAMENTO E EMPILHAMENTO, EXCLUSIVE TRANSPORTE E RETIRADA DO MATERIAL REMOVIDO NÃO REAPROVEITÁVEL | C43: un | D43: 10.5
A44: ED-48469 | B44: REMOÇÃO MANUAL DE LUMINÁRIA COMPACTA (PLAFON, PAINEL LED, ETC.) EMBUTIDA OU SOBREPOR, COM REAPROVEITAMENTO, INCLUSIVE AFASTAMENTO E EMPILHAMENTO, EXCLUSIVE TRANSPORTE E RETIRADA DO MATERIAL REMOVIDO NÃO REAPROVEITÁVEL | C44: un | D44: 6.12
A45: ED-48499 | B45: REMOÇÃO MANUAL DE REDES DE DUTOS PARA CLIMATIZAÇÃO, INCLUSIVE AFASTAMENTO E EMPILHAMENTO, EXCLUSIVE TRANSPORTE E RETIRADA DO MATERIAL REMOVIDO NÃO REAPROVEITÁVEL | C45: m | D45: 9.16
A46: ED-48515 | B46: REMOÇÃO MANUAL DE TUBULAÇÕES EMBUTIDAS DE REDE (ÁGUA, ELÉTRICA, GASES, ETC.), COM REAPROVEITAMENTO, INCLUSIVE RASGO EM ALVENARIA, REMOÇÃO DE ACESSÓRIOS DE FIXAÇÃO, AFASTAMENTO E EMPILHAMENTO, EXCLUSIVE TRANSPORTE E RETIRADA DO MATERIAL REMOVIDO NÃO REAPROVEITÁVEL | C46: m | D46: 11.89
A47: 8708 | B47: DEMOLIÇÃO DE FORRO
A48: ED-48463 | B48: DEMOLIÇÃO MANUAL DE FORRO DE CHAPA OU PLACA DE GESSO, INCLUSIVE DEMOLIÇÃO DA ESTRUTURA DE SUSTENTAÇÃO, AFASTAMENTO E EMPILHAMENTO, EXCLUSIVE TRANSPORTE E RETIRADA DO MATERIAL DEMOLIDO | C48: m2 | D48: 5.46
A49: 8709 | B49: REMOÇÃO DE FORRO
A50: ED-48460 | B50: REMOÇÃO MANUAL DE FORRO DE PLACAS (GESSO, MINERAL, FIBRA, ISOPOR, COLMEIA, PVC, ETC.), COM REAPROVEITAMENTO, INCLUSIVE AFASTAMENTO E EMPILHAMENTO, EXCLUSIVE DEMOLIÇÃO DA ESTRUTURA DE SUSTENTAÇÃO, TRANSPORTE E RETIRADA DO MATERIAL REMOVIDO NÃO REAPROVEITÁVEL | C50: m2 | D50: 2.06
A51: ED-48459 | B51: REMOÇÃO MANUAL DE FORRO DE PLACAS (GESSO, MINERAL, FIBRA, ISOPOR, COLMEIA, PVC, ETC.), COM REAPROVEITAMENTO, INCLUSIVE DEMOLIÇÃO ESTRUTURA DE SUSTENTAÇÃO, AFASTAMENTO E EMPILHAMENTO, EXCLUSIVE TRANSPORTE E RETIRADA DO MATERIAL REMOVIDO NÃO REAPROVEITÁVEL | C51: m2 | D51: 6.18
A52: ED-48464 | B52: REMOÇÃO MANUAL DE FORRO DE TÁBUAS DE PINHO, COM REAPROVEITAMENTO, INCLUSIVE AFASTAMENTO E EMPILHAMENTO, EXCLUSIVE REMOÇÃO DA ESTRUTURA DE SUSTENTAÇÃO, TRANSPORTE E RETIRADA DO MATERIAL REMOVIDO NÃO REAPROVEITÁVEL | C52: m2 | D52: 9.75
A53: ED-28355 | B53: REMOÇÃO MANUAL ESTRUTURA OU TRAMA DE SUSTENTAÇÃO DE MADEIRA OU METÁLICA PARA FORRO, COM REAPROVEITAMENTO, INCLUSIVE AFASTAMENTO E EMPILHAMENTO, EXCLUSIVE TRANSPORTE E RETIRADA DO MATERIAL REMOVIDO NÃO REAPROVEITÁVEL | C53: m2 | D53: 4.12
A54: 8710 | B54: REMOÇÃO DE ESQUADRIA
A55: ED-48496 | B55: REMOÇÃO MANUAL DE CONJUNTO DE ALIZARES, COM REAPROVEITAMENTO, INCLUSIVE AFASTAMENTO E EMPILHAMENTO, EXCLUSIVE TRANSPORTE E RETIRADA DO MATERIAL REMOVIDO NÃO REAPROVEITÁVEL | C55: cj | D55: 3.45
A56: ED-48458 | B56: REMOÇÃO MANUAL DE CONJUNTO DE FERRAGENS (DOBRADIÇAS, FECHADURA E MAÇANETAS), COM REAPROVEITAMENTO, INCLUSIVE AFASTAMENTO E EMPILHAMENTO, EXCLUSIVE TRANSPORTE E RETIRADA DO MATERIAL REMOVIDO NÃO REAPROVEITÁVEL | C56: un | D56: 21.19
A57: ED-48493 | B57: REMOÇÃO MANUAL DE ESQUADRIA EM MADEIRA, COM REAPROVEITAMENTO, INCLUSIVE REMOÇÃO DE MARCO/ALIZAR/GUARNIÇÕES, AFASTAMENTO E EMPILHAMENTO, EXCLUSIVE TRANSPORTE E RETIRADA DO MATERIAL REMOVIDO NÃO REAPROVEITÁVEL | C57: m2 | D57: 13.2
A58: ED-48497 | B58: REMOÇÃO MANUAL DE ESQUADRIA METÁLICA, COM REAPROVEITAMENTO, INCLUSIVE MARCO/ALIZAR/GUARNIÇÕES, AFASTAMENTO E EMPILHAMENTO, EXCLUSIVE TRANSPORTE E RETIRADA DO MATERIAL REMOVIDO NÃO REAPROVEITÁVEL | C58: m2 | D58: 18.33
A59: ED-48494 | B59: REMOÇÃO MANUAL DE FOLHA DE PORTA OU JANELA DE MADEIRA OU METÁLICA, COM REAPROVEITAMENTO, INCLUSIVE AFASTAMENTO E EMPILHAMENTO, EXCLUSIVE TRANSPORTE E RETIRADA DO MATERIAL REMOVIDO NÃO REAPROVEITÁVEL | C59: m2 | D59: 8.91
A60: ED-48495 | B60: REMOÇÃO MANUAL DE MARCO EM MADEIRA OU METÁLICO, COM REAPROVEITAMENTO, INCLUSIVE AFASTAMENTO E EMPILHAMENTO, EXCLUSIVE TRANSPORTE E RETIRADA DO MATERIAL REMOVIDO NÃO REAPROVEITÁVEL | C60: un | D60: 17.97
A61: 8711 | B61: DEMOLIÇÃO DE IMPERMEABILIZAÇÃO
A62: ED-48465 | B62: DEMOLIÇÃO MANUAL DE IMPERMEABILIZAÇÃO E PROTEÇÃO MECÂNICA, INCLUSIVE AFASTAMENTO E EMPILHAMENTO, EXCLUSIVE TRANSPORTE E RETIRADA DO MATERIAL DEMOLIDO | C62: m2 | D62: 27.28
A63: 8712 | B63: REMOÇÃO DE LOUÇA E ACESSÓRIOS
A64: ED-48467 | B64: REMOÇÃO DE LOUÇAS (LAVATÓRIO, BANHEIRA, PIA, VASO SANITÁRIO, TANQUE), COM REAPROVEITAMENTO, INCLUSIVE AFASTAMENTO E EMPILHAMENTO, EXCLUSIVE TRANSPORTE E RETIRADA DO MATERIAL REMOVIDO NÃO REAPROVEITÁVEL | C64: un | D64: 42.58
A65: ED-48470 | B65: REMOÇÃO MANUAL DE METAIS COMUNS E ACABAMENTOS (TORNEIRA, ACABAMENTO PARA REGISTRO, SIFÃO, ENGATE FLEXÍVEL, ETC.), COM REAPROVEITAMENTO, INCLUSIVE AFASTAMENTO E EMPILHAMENTO, EXCLUSIVE TRANSPORTE E RETIRADA DO MATERIAL REMOVIDO NÃO REAPROVEITÁVEL | C65: un | D65: 6.35
A66: ED-48471 | B66: REMOÇÃO MANUAL DE METAIS EMBUTIDOS (BASE DE REGISTRO, VÁLVULA DE DESCARGA, TORNEIRA ANTIVANDALISMO, ETC.), COM REAPROVEITAMENTO, INCLUSIVE AFASTAMENTO E EMPILHAMENTO, EXCLUSIVE TRANSPORTE E RETIRADA DO MATERIAL REMOVIDO NÃO REAPROVEITÁVEL | C66: un | D66: 20.22
A67: 8713 | B67: DEMOLIÇÃO E REMOÇÃO DE DIVISÓRIA E BANCADA
A68: ED-48452 | B68: DEMOLIÇÃO MANUAL DE ALVENARIA/DIVISÓRIA DE ELEMENTOS VAZADOS (COBOGÓ, ETC. ), INCLUSIVE AFASTAMENTO E EMPILHAMENTO, EXCLUSIVE TRANSPORTE E RETIRADA DO MATERIAL DEMOLIDO | C68: m2 | D68: 17.36
A69: ED-48453 | B69: DEMOLIÇÃO MANUAL DE DIVISÓRIA COMERCIAL EM LAMINADO, INCLUSIVE AFASTAMENTO E EMPILHAMENTO, EXCLUSIVE TRANSPORTE E RETIRADA DO MATERIAL DEMOLIDO | C69: m2 | D69: 7.01
A70: ED-8024 | B70: DEMOLIÇÃO MANUAL DE DIVISÓRIA DE MADEIRA, INCLUSIVE AFASTAMENTO E EMPILHAMENTO, EXCLUSIVE TRANSPORTE E RETIRADA DO MATERIAL DEMOLIDO | C70: m2 | D70: 10.7
A71: ED-48437 | B71: REMOÇÃO MANUAL DE BANCADA DE PEDRA (MÁRMORE, GRANITO, ARDÓSIA, MARMORITE, ETC.), COM REAPROVEITAMENTO, INCLUSIVE RASGO EM ALVENARIA, REMOÇÃO DE ACESSÓRIOS DE FIXAÇÃO, AFASTAMENTO E EMPILHAMENTO, EXCLUSIVE TRANSPORTE E RETIRADA DO MATERIAL REMOVIDO NÃO REAPROVEITÁVEL | C71: m2 | D71: 53.08
A72: ED-28348 | B72: REMOÇÃO MANUAL DE DIVISÓRIA EM PEDRA (MÁRMORE, GRANITO, ARDÓSIA, MARMORITE, ETC.), COM REAPROVEITAMENTO, INCLUSIVE RASGO EM ALVENARIA, REMOÇÃO DE ACESSÓRIOS DE FIXAÇÃO, AFASTAMENTO E EMPILHAMENTO, EXCLUSIVE TRANSPORTE E RETIRADA DO MATERIAL REMOVIDO NÃO REAPROVEITÁVEL | C72: m2 | D72: 44.31
A73: 8714 | B73: DEMOLIÇÃO DE ALVENARIA
A74: ED-48436 | B74: DEMOLIÇÃO MANUAL DE ALVENARIA DE TIJOLO CERÂMICO MACIÇO, INCLUSIVE AFASTAMENTO E EMPILHAMENTO, EXCLUSIVE TRANSPORTE E RETIRADA DO MATERIAL DEMOLIDO | C74: m3 | D74: 150.03
A75: ED-48435 | B75: DEMOLIÇÃO MANUAL DE ALVENARIA DE TIJOLO CERÂMICO OU BLOCO DE CONCRETO, INCLUSIVE AFASTAMENTO E EMPILHAMENTO, EXCLUSIVE TRANSPORTE E RETIRADA DO MATERIAL DEMOLIDO | C75: m3 | D75: 103.14
A76: ED-28338 | B76: DEMOLIÇÃO MANUAL DE CONSTRUÇÃO EM ALVENARIAS DE VEDAÇÃO, COM ESPESSURA MÁXIMA DE 15CM, INCLUSIVE REMOÇÃO COM REAPROVEITAMENTO DE ESQUADRIAS, AFASTAMENTO E EMPILHAMENTO, EXCLUSIVE TRANSPORTE E RETIRADA DO MATERIAL DEMOLIDO/REMOVIDO NÃO REAPROVEITÁVEL | C76: m2 | D76: 16.4
A77: 8715 | B77: DEMOLIÇÃO DE CONCRETO
A78: ED-48441 | B78: DEMOLIÇÃO MANUAL DE CONCRETO ARMADO, INCLUSIVE AFASTAMENTO E EMPILHAMENTO, EXCLUSIVE TRANSPORTE E RETIRADA DO MATERIAL DEMOLIDO | C78: m3 | D78: 471.52
A79: ED-48440 | B79: DEMOLIÇÃO MANUAL DE CONCRETO, SEM ARMAÇÃO, INCLUSIVE AFASTAMENTO E EMPILHAMENTO, EXCLUSIVE TRANSPORTE E RETIRADA DO MATERIAL DEMOLIDO | C79: m3 | D79: 285.77
A80: ED-48443 | B80: DEMOLIÇÃO MECANIZADA DE CONCRETO ARMADO, COM EQUIPAMENTO ELÉTRICO, INCLUSIVE AFASTAMENTO E EMPILHAMENTO, EXCLUSIVE TRANSPORTE E RETIRADA DO MATERIAL DEMOLIDO | C80: m3 | D80: 242.9
A81: ED-48445 | B81: DEMOLIÇÃO MECANIZADA DE CONCRETO ARMADO, COM EQUIPAMENTO PNEUMÁTICO, INCLUSIVE AFASTAMENTO E EMPILHAMENTO, EXCLUSIVE TRANSPORTE E RETIRADA DO MATERIAL DEMOLIDO | C81: m3 | D81: 309.79
A82: ED-48442 | B82: DEMOLIÇÃO MECANIZADA DE CONCRETO, SEM ARMAÇÃO, COM EQUIPAMENTO ELÉTRICO, INCLUSIVE AFASTAMENTO E EMPILHAMENTO, EXCLUSIVE TRANSPORTE E RETIRADA DO MATERIAL DEMOLIDO | C82: m3 | D82: 149.46
A83: ED-48444 | B83: DEMOLIÇÃO MECANIZADA DE CONCRETO, SEM ARMAÇÃO, COM EQUIPAMENTO PNEUMÁTICO, INCLUSIVE AFASTAMENTO E EMPILHAMENTO, EXCLUSIVE TRANSPORTE E RETIRADA DO MATERIAL DEMOLIDO | C83: m3 | D83: 190
A84: 8716 | B84: REMOÇÃO DE PADRÃO CONCESSIONÁRIA
A85: ED-48475 | B85: REMOÇÃO MANUAL DE PADRÃO DE ENTRADA DE ÁGUA, COM REAPROVEITAMENTO, INCLUSIVE AFASTAMENTO E EMPILHAMENTO, EXCLUSIVE TRANSPORTE E RETIRADA DO MATERIAL REMOVIDO NÃO REAPROVEITÁVEL | C85: un | D85: 97.34
A86: ED-48474 | B86: REMOÇÃO MANUAL DE PADRÃO DE ENTRADA DE ENERGIA, COM REAPROVEITAMENTO, INCLUSIVE AFASTAMENTO E EMPILHAMENTO, EXCLUSIVE TRANSPORTE E RETIRADA DO MATERIAL REMOVIDO NÃO REAPROVEITÁVEL | C86: un | D86: 245.12
A87: 8717 | B87: DEMOLIÇÃO E REMOÇÃO DE PAVIMENTAÇÃO
A88: ED-48487 | B88: DEMOLIÇÃO MANUAL DE LAJE DE CONCRETO ARMADO, COM ESPESSURA DE ATÉ 15CM, INCLUSIVE AFASTAMENTO E EMPILHAMENTO, EXCLUSIVE TRANSPORTE E RETIRADA DO MATERIAL DEMOLIDO | C88: m2 | D88: 41.25
A89: ED-48507 | B89: DEMOLIÇÃO MANUAL DE SARJETA OU SARJETÃO DE CONCRETO, INCLUSIVE AFASTAMENTO E EMPILHAMENTO, EXCLUSIVE TRANSPORTE E RETIRADA DO MATERIAL DEMOLIDO | C89: m2 | D89: 10.3
A90: ED-48489 | B90: DEMOLIÇÃO MECANIZADA DE LAJE DE CONCRETO ARMADO, COM ESPESSURA DE ATÉ 15CM, , COM EQUIPAMENTO ELÉTRICO, INCLUSIVE AFASTAMENTO E EMPILHAMENTO, EXCLUSIVE TRANSPORTE E RETIRADA DO MATERIAL DEMOLIDO | C90: m2 | D90: 22.02
A91: ED-48486 | B91: DEMOLIÇÃO MECANIZADA DE LAJE DE CONCRETO ARMADO, COM ESPESSURA DE ATÉ 15CM, , COM EQUIPAMENTO PNEUMÁTICO, INCLUSIVE AFASTAMENTO E EMPILHAMENTO, EXCLUSIVE TRANSPORTE E RETIRADA DO MATERIAL DEMOLIDO | C91: m2 | D91: 27.6
A92: ED-48492 | B92: DEMOLIÇÃO MECANIZADA DE REVESTIMENTO ASFÁLTICO, COM EQUIPAMENTO PNEUMÁTICO, INCLUSIVE AFASTAMENTO E EMPILHAMENTO, EXCLUSIVE TRANSPORTE E RETIRADA DO MATERIAL DEMOLIDO | C92: m2 | D92: 9.21
A93: ED-48490 | B93: REMOÇÃO MANUAL DE ALVENARIA POLIÉDRICA, COM REAPROVEITAMENTO, INCLUSIVE AFASTAMENTO E EMPILHAMENTO, EXCLUSIVE TRANSPORTE E RETIRADA DO MATERIAL REMOVIDO NÃO REAPROVEITÁVEL | C93: m2 | D93: 14.17
A94: ED-48488 | B94: REMOÇÃO MANUAL DE CALÇADA PORTUGUESA, COM REAPROVEITAMENTO, INCLUSIVE AFASTAMENTO E EMPILHAMENTO, EXCLUSIVE TRANSPORTE E RETIRADA DO MATERIAL REMOVIDO NÃO REAPROVEITÁVEL | C94: m2 | D94: 8.55
A95: ED-48473 | B95: REMOÇÃO MANUAL DE GUIA DE MEIO-FIO EM PEDRA (GNAISSE, BASALTO, ETC.), COM REAPROVEITAMENTO, INCLUSIVE AFASTAMENTO E EMPILHAMENTO, EXCLUSIVE TRANSPORTE E RETIRADA DO MATERIAL REMOVIDO NÃO REAPROVEITÁVEL | C95: m | D95: 20.62
A96: ED-48472 | B96: REMOÇÃO MANUAL DE GUIA DE MEIO-FIO PRÉ-MOLDADA EM CONCRETO, COM REAPROVEITAMENTO, INCLUSIVE AFASTAMENTO E EMPILHAMENTO, EXCLUSIVE TRANSPORTE E RETIRADA DO MATERIAL REMOVIDO NÃO REAPROVEITÁVEL | C96: m | D96: 11
A97: ED-48476 | B97: REMOÇÃO MANUAL DE PAVIMENTAÇÃO INTERTRAVADA OU SEXTAVADO EM PRÉ-MOLDADO DE CONCRETO, COM REAPROVEITAMENTO, INCLUSIVE AFASTAMENTO E EMPILHAMENTO, EXCLUSIVE TRANSPORTE E RETIRADA DO MATERIAL REMOVIDO NÃO REAPROVEITÁVEL | C97: m2 | D97: 14.17
A98: ED-48491 | B98: REMOÇÃO MANUAL DE PAVIMENTO PARALELEPÍPEDO, COM REAPROVEITAMENTO, INCLUSIVE AFASTAMENTO E EMPILHAMENTO, EXCLUSIVE TRANSPORTE E RETIRADA DO MATERIAL REMOVIDO NÃO REAPROVEITÁVEL | C98: m2 | D98: 15.75
A99: 8718 | B99: DEMOLIÇÃO E REMOÇÃO DE REVESTIMENTO
A100: ED-48504 | B100: DEMOLIÇÃO MANUAL DE LAMINADO MELAMÍNICO EM SUPERFÍCIE DE MADEIRA OU PAREDE, INCLUSIVE AFASTAMENTO E EMPILHAMENTO, EXCLUSIVE TRANSPORTE E RETIRADA DO MATERIAL DEMOLIDO | C100: m2 | D100: 10.3
A101: ED-48501 | B101: DEMOLIÇÃO MANUAL DE REBOCO OU EMBOÇO, COM ESPESSURA DE ATÉ 55MM, INCLUSIVE AFASTAMENTO E EMPILHAMENTO, EXCLUSIVE TRANSPORTE E RETIRADA DO MATERIAL DEMOLIDO | C101: m2 | D101: 9.81
A102: ED-48502 | B102: DEMOLIÇÃO MANUAL DE REVESTIMENTO CERÂMICO, AZULEJO OU LADRILHO HIDRÁULICO, INCLUSIVE AFASTAMENTO E EMPILHAMENTO, EXCLUSIVE DEMOLIÇÃO DO REBOCO OU EMBOÇO, TRANSPORTE E RETIRADA DO MATERIAL DEMOLIDO | C102: m2 | D102: 20.45
A103: ED-48503 | B103: DEMOLIÇÃO MANUAL DE REVESTIMENTO DE PEDRA (MÁRMORE, GRANITO, ARDÓSIA, ETC.), INCLUSIVE AFASTAMENTO E EMPILHAMENTO, EXCLUSIVE DEMOLIÇÃO DO REBOCO OU EMBOÇO, TRANSPORTE E RETIRADA DO MATERIAL DEMOLIDO | C103: m2 | D103: 24.55
...

Sheet SERVIÇOS
A1: CÓDIGO | B1: DESCRIÇÃO DO SERVIÇO | C1: UN.NIDADE | D1: TABELA
A2: 8662 | B2: MOBILIZAÇÃO E DESMOBILIZAÇÃO DE OBRA | D2: SETOP
A3: 8700 | B3: OBRAS EM CENTRO URBANO OU REGIÃO LIMÍTROFE | D3: SETOP
A4: ED-50394 | B4: MOBILIZAÇÃO E DESMOBILIZAÇÃO DE OBRA EM CENTRO URBANO OU REGIÃO LIMÍTROFE COM VALOR ACIMA DE 3.000.000,01 | C4: % | D4: SETOP
A5: ED-50392 | B5: MOBILIZAÇÃO E DESMOBILIZAÇÃO DE OBRA EM CENTRO URBANO OU REGIÃO LIMÍTROFE COM VALOR ATÉ O VALOR DE 1.000.000,00 | C5: % | D5: SETOP
A6: ED-50393 | B6: MOBILIZAÇÃO E DESMOBILIZAÇÃO DE OBRA EM CENTRO URBANO OU REGIÃO LIMÍTROFE COM VALOR ENTRE 1.000.000,01 E 3.000.000,00 | C6: % | D6: SETOP
A7: ED-29823 | B7: TAPUME FIXO DE PROTEÇÃO PARA FECHAMENTO DE OBRA EM TELHA METÁLICA GALVANIZADA, TIPO TRAPEZOIDAL, ESP. 0,5MM, COM MÓDULO NA DIMENSÃO DE (300X220)CM, COM REAPROVEITAMENTO, EXCLUSIVE PINTURA ESMALTE, INCLUSIVE PONTALETE E FIXAÇÃO | C7: m2 | D7: SETOP
A8: 8701 | B8: OBRA DISTANTE DE CENTRO URBANO | D8: SETOP
A9: ED-50391 | B9: MOBILIZAÇÃO E DESMOBILIZAÇÃO OBRA DISTANTE DE CENTRO URBANO COM ACIMA DE 3.000.000,01 | C9: % | D9: SETOP
A10: ED-50390 | B10: MOBILIZAÇÃO E DESMOBILIZAÇÃO OBRA DISTANTE DE CENTRO URBANO COM ENTRE 1.000.000,01 E 3.000.000,00 | C10: % | D10: SETOP
A11: ED-50389 | B11: MOBILIZAÇÃO E DESMOBILIZAÇÃO OBRA DISTANTE DE CENTRO URBANO COM VALOR ATÉ O VALOR DE 1.000.000,00 | C11: % | D11: SETOP
A12: 8663 | B12: SERVIÇOS PRELIMINARES | D12: SETOP
A13: 8702 | B13: LIMPEZA DO TERRENO | D13: SETOP
A14: ED-50701 | B14: CAPINA MANUAL DO TERRENO, EXCLUSIVE RASTELAMENTO E QUEIMA | C14: m2 | D14: SETOP
A15: ED-28163 | B15: DESTOCAMENTO E AFASTAMENTO DE REMANESCENTE ARBÓREO, INCLUSIVE TRANSPORTE E RETIRADA DO MATERIAL ESCAVADO (EM CAÇAMBA) | C15: un | D15: SETOP
A16: ED-50703 | B16: LIMPEZA DE TERRENO, INCLUSIVE CAPINA, RASTELAMENTO COM AFASTAMENTO ATÉ VINTE (20) METROS E QUEIMA CONTROLADA | C16: m2 | D16: SETOP
A17: ED-8143 | B17: RASTELAMENTO DE ÁREA COM AFASTAMENTO DE ATÉ VINTE (20) METROS, EXCLUSIVE CAPINA OU ROÇADA MANUAL | C17: m2 | D17: SETOP
A18: ED-28162 | B18: ROÇADA MANUAL DE TERRENO COM ROÇADEIRA COSTAL, EXCLUSIVE RASTELAMENTO E QUEIMA | C18: m2 | D18: SETOP
A19: 8703 | B19: DESMATAMENTO E DESTOCAMENTO | D19: SETOP
A20: ED-50702 | B20: DESMATAMENTO, DESTOCAMENTO E LIMPEZA, INCLUSIVE TRANSPORTE ATÉ CINQUENTA (50) METROS | C20: m2 | D20: SETOP
A21: 8704 | B21: SUPRESSÃO DE ÁRVORE | D21: SETOP
A22: ED-50699 | B22: CORTE DE ÁRVORE COM MOTOSSERRA, DIÂMETRO DO TRONCO ACIMA DE TRINTA (30) CENTÍMETROS ATÉ CINQUENTA (50) CENTÍMETROS, EXCLUSIVE DESTOCAMENTO E AFASTAMENTO | C22: un | D22: SETOP
A23: ED-50697 | B23: CORTE DE ÁRVORE COM MOTOSSERRA, DIÂMETRO DO TRONCO DE QUINZE (15) CENTÍMETROS ATÉ TRINTA (30) CENTÍMETROS, EXCLUSIVE DESTOCAMENTO E AFASTAMENTO | C23: un | D23: SETOP
A24: 8706 | B24: REMOÇÃO DE TELHADO | D24: SETOP
A25: ED-48438 | B25: REMOÇÃO DE CALHA EM CHAPA GALVANIZADA OU EM PVC, COM REAPROVEITAMENTO, INCLUSIVE AFASTAMENTO E EMPILHAMENTO, EXCLUSIVE TRANSPORTE E RETIRADA DO MATERIAL REMOVIDO NÃO REAPROVEITÁVEL | C25: m | D25: SETOP
A26: ED-48446 | B26: REMOÇÃO MANUAL DE CONDUTOR EM PVC OU METÁLICO, COM REAPROVEITAMENTO, INCLUSIVE AFASTAMENTO E EMPILHAMENTO, EXCLUSIVE TRANSPORTE E RETIRADA DO MATERIAL REMOVIDO NÃO REAPROVEITÁVEL | C26: m | D26: SETOP
A27: ED-48455 | B27: REMOÇÃO MANUAL DE ENGRADAMENTO PARA TELHA TIPO CALHA ESTRUTURAL EM FIBROCIMENTO, COM REAPROVEITAMENTO, INCLUSIVE AFASTAMENTO E EMPILHAMENTO, EXCLUSIVE TRANSPORTE E RETIRADA DO MATERIAL REMOVIDO NÃO REAPROVEITÁVEL | C27: m2 | D27: SETOP
A28: ED-48457 | B28: REMOÇÃO MANUAL DE ENGRADAMENTO PARA TELHA TIPO CERÂMICA OU CONCRETO, INCLUSIVE AFASTAMENTO E EMPILHAMENTO, EXCLUSIVE TRANSPORTE E RETIRADA DO MATERIAL REMOVIDO NÃO REAPROVEITÁVEL | C28: m2 | D28: SETOP
A29: ED-48454 | B29: REMOÇÃO MANUAL DE ENGRADAMENTO PARA TELHA TIPO METÁLICA, PVC OU FIBROCIMENTO, COM REAPROVEITAMENTO, INCLUSIVE AFASTAMENTO E EMPILHAMENTO, EXCLUSIVE TRANSPORTE E RETIRADA DO MATERIAL REMOVIDO NÃO REAPROVEITÁVEL | C29: m2 | D29: SETOP
A30: ED-48506 | B30: REMOÇÃO MANUAL DE RUFO METÁLICO, COM REAPROVEITAMENTO, INCLUSIVE AFASTAMENTO E EMPILHAMENTO, EXCLUSIVE TRANSPORTE E RETIRADA DO MATERIAL REMOVIDO NÃO REAPROVEITÁVEL | C30: m | D30: SETOP
A31: ED-48512 | B31: REMOÇÃO MANUAL DE TELHA EM FIBROCIMENTO, TIPO ONDULADA, COM REAPROVEITAMENTO, INCLUSIVE AFASTAMENTO E EMPILHAMENTO, EXCLUSIVE TRANSPORTE E RETIRADA DO MATERIAL REMOVIDO NÃO REAPROVEITÁVEL | C31: m2 | D31: SETOP
A32: ED-48514 | B32: REMOÇÃO MANUAL DE TELHA CERÂMICA, COM REAPROVEITAMENTO, INCLUSIVE AFASTAMENTO E EMPILHAMENTO, EXCLUSIVE TRANSPORTE E RETIRADA DO MATERIAL REMOVIDO NÃO REAPROVEITÁVEL | C32: m2 | D32: SETOP
A33: ED-48510 | B33: REMOÇÃO MANUAL DE TELHA EM FIBROCIMENTO, TIPO CALHA ESTRUTURAL, COM REAPROVEITAMENTO, INCLUSIVE IÇAMENTO, AFASTAMENTO E EMPILHAMENTO, EXCLUSIVE TRANSPORTE E RETIRADA DO MATERIAL REMOVIDO NÃO REAPROVEITÁVEL | C33: m2 | D33: SETOP
A34: ED-48509 | B34: REMOÇÃO MANUAL DE TELHA METÁLICA OU PVC, COM REAPROVEITAMENTO, INCLUSIVE AFASTAMENTO E EMPILHAMENTO, EXCLUSIVE TRANSPORTE E RETIRADA DO MATERIAL REMOVIDO NÃO REAPROVEITÁVEL | C34: m2 | D34: SETOP
A35: 8707 | B35: DEMOLIÇÃO E REMOÇÃO DE INSTALAÇÃO | D35: SETOP
A36: ED-48500 | B36: DEMOLIÇÃO MANUAL DE TUBULAÇÕES EMBUTIDAS DE REDE (ÁGUA, ELÉTRICA, GASES, ETC.), INCLUSIVE RASGO EM ALVENARIA, REMOÇÃO DE ACESSÓRIOS DE FIXAÇÃO, AFASTAMENTO E EMPILHAMENTO, EXCLUSIVE TRANSPORTE E RETIRADA DO MATERIAL DEMOLIDO | C36: m | D36: SETOP
A37: ED-48466 | B37: REMOÇÃO MANUAL DE INTERFONE, COM REAPROVEITAMENTO, INCLUSIVE AFASTAMENTO E EMPILHAMENTO, EXCLUSIVE TRANSPORTE E RETIRADA DO MATERIAL REMOVIDO NÃO REAPROVEITÁVEL | C37: un | D37: SETOP
A38: ED-48468 | B38: REMOÇÃO MANUAL DE LUMINÁRIA COMERCIAL, EMBUTIDA OU SOBREPOR, COM REAPROVEITAMENTO, INCLUSIVE AFASTAMENTO E EMPILHAMENTO, EXCLUSIVE TRANSPORTE E RETIRADA DO MATERIAL REMOVIDO NÃO REAPROVEITÁVEL | C38: un | D38: SETOP
A39: ED-48469 | B39: REMOÇÃO MANUAL DE LUMINÁRIA COMPACTA (PLAFON, PAINEL LED, ETC.) EMBUTIDA OU SOBREPOR, COM REAPROVEITAMENTO, INCLUSIVE AFASTAMENTO E EMPILHAMENTO, EXCLUSIVE TRANSPORTE E RETIRADA DO MATERIAL REMOVIDO NÃO REAPROVEITÁVEL | C39: un | D39: SETOP
A40: ED-48499 | B40: REMOÇÃO MANUAL DE REDES DE DUTOS PARA CLIMATIZAÇÃO, INCLUSIVE AFASTAMENTO E EMPILHAMENTO, EXCLUSIVE TRANSPORTE E RETIRADA DO MATERIAL REMOVIDO NÃO REAPROVEITÁVEL | C40: m | D40: SETOP
A41: ED-48515 | B41: REMOÇÃO MANUAL DE TUBULAÇÕES EMBUTIDAS DE REDE (ÁGUA, ELÉTRICA, GASES, ETC.), COM REAPROVEITAMENTO, INCLUSIVE RASGO EM ALVENARIA, REMOÇÃO DE ACESSÓRIOS DE FIXAÇÃO, AFASTAMENTO E EMPILHAMENTO, EXCLUSIVE TRANSPORTE E RETIRADA DO MATERIAL REMOVIDO NÃO REAPROVEITÁVEL | C41: m | D41: SETOP
A42: 8708 | B42: DEMOLIÇÃO DE FORRO | D42: SETOP
A43: ED-48463 | B43: DEMOLIÇÃO MANUAL DE FORRO DE CHAPA OU PLACA DE GESSO, INCLUSIVE DEMOLIÇÃO DA ESTRUTURA DE SUSTENTAÇÃO, AFASTAMENTO E EMPILHAMENTO, EXCLUSIVE TRANSPORTE E RETIRADA DO MATERIAL DEMOLIDO | C43: m2 | D43: SETOP
A44: 8709 | B44: REMOÇÃO DE FORRO | D44: SETOP
A45: ED-48460 | B45: REMOÇÃO MANUAL DE FORRO DE PLACAS (GESSO, MINERAL, FIBRA, ISOPOR, COLMEIA, PVC, ETC.), COM REAPROVEITAMENTO, INCLUSIVE AFASTAMENTO E EMPILHAMENTO, EXCLUSIVE DEMOLIÇÃO DA ESTRUTURA DE SUSTENTAÇÃO, TRANSPORTE E RETIRADA DO MATERIAL REMOVIDO NÃO REAPROVEITÁVEL | C45: m2 | D45: SETOP
A46: ED-48459 | B46: REMOÇÃO MANUAL DE FORRO DE PLACAS (GESSO, MINERAL, FIBRA, ISOPOR, COLMEIA, PVC, ETC.), COM REAPROVEITAMENTO, INCLUSIVE DEMOLIÇÃO ESTRUTURA DE SUSTENTAÇÃO, AFASTAMENTO E EMPILHAMENTO, EXCLUSIVE TRANSPORTE E RETIRADA DO MATERIAL REMOVIDO NÃO REAPROVEITÁVEL | C46: m2 | D46: SETOP
A47: ED-48464 | B47: REMOÇÃO MANUAL DE FORRO DE TÁBUAS DE PINHO, COM REAPROVEITAMENTO, INCLUSIVE AFASTAMENTO E EMPILHAMENTO, EXCLUSIVE REMOÇÃO DA ESTRUTURA DE SUSTENTAÇÃO, TRANSPORTE E RETIRADA DO MATERIAL REMOVIDO NÃO REAPROVEITÁVEL | C47: m2 | D47: SETOP
A48: ED-28355 | B48: REMOÇÃO MANUAL ESTRUTURA OU TRAMA DE SUSTENTAÇÃO DE MADEIRA OU METÁLICA PARA FORRO, COM REAPROVEITAMENTO, INCLUSIVE AFASTAMENTO E EMPILHAMENTO, EXCLUSIVE TRANSPORTE E RETIRADA DO MATERIAL REMOVIDO NÃO REAPROVEITÁVEL | C48: m2 | D48: SETOP
A49: 8710 | B49: REMOÇÃO DE ESQUADRIA | D49: SETOP
A50: ED-48496 | B50: REMOÇÃO MANUAL DE CONJUNTO DE ALIZARES, COM REAPROVEITAMENTO, INCLUSIVE AFASTAMENTO E EMPILHAMENTO, EXCLUSIVE TRANSPORTE E RETIRADA DO MATERIAL REMOVIDO NÃO REAPROVEITÁVEL | C50: cj | D50: SETOP
A51: ED-48458 | B51: REMOÇÃO MANUAL DE CONJUNTO DE FERRAGENS (DOBRADIÇAS, FECHADURA E MAÇANETAS), COM REAPROVEITAMENTO, INCLUSIVE AFASTAMENTO E EMPILHAMENTO, EXCLUSIVE TRANSPORTE E RETIRADA DO MATERIAL REMOVIDO NÃO REAPROVEITÁVEL | C51: un | D51: SETOP
A52: ED-48493 | B52: REMOÇÃO MANUAL DE ESQUADRIA EM MADEIRA, COM REAPROVEITAMENTO, INCLUSIVE REMOÇÃO DE MARCO/ALIZAR/GUARNIÇÕES, AFASTAMENTO E EMPILHAMENTO, EXCLUSIVE TRANSPORTE E RETIRADA DO MATERIAL REMOVIDO NÃO REAPROVEITÁVEL | C52: m2 | D52: SETOP
A53: ED-48497 | B53: REMOÇÃO MANUAL DE ESQUADRIA METÁLICA, COM REAPROVEITAMENTO, INCLUSIVE MARCO/ALIZAR/GUARNIÇÕES, AFASTAMENTO E EMPILHAMENTO, EXCLUSIVE TRANSPORTE E RETIRADA DO MATERIAL REMOVIDO NÃO REAPROVEITÁVEL | C53: m2 | D53: SETOP
A54: ED-48494 | B54: REMOÇÃO MANUAL DE FOLHA DE PORTA OU JANELA DE MADEIRA OU METÁLICA, COM REAPROVEITAMENTO, INCLUSIVE AFASTAMENTO E EMPILHAMENTO, EXCLUSIVE TRANSPORTE E RETIRADA DO MATERIAL REMOVIDO NÃO REAPROVEITÁVEL | C54: m2 | D54: SETOP
A55: ED-48495 | B55: REMOÇÃO MANUAL DE MARCO EM MADEIRA OU METÁLICO, COM REAPROVEITAMENTO, INCLUSIVE AFASTAMENTO E EMPILHAMENTO, EXCLUSIVE TRANSPORTE E RETIRADA DO MATERIAL REMOVIDO NÃO REAPROVEITÁVEL | C55: un | D55: SETOP
A56: 8711 | B56: DEMOLIÇÃO DE IMPERMEABILIZAÇÃO | D56: SETOP
A57: ED-48465 | B57: DEMOLIÇÃO MANUAL DE IMPERMEABILIZAÇÃO E PROTEÇÃO MECÂNICA, INCLUSIVE AFASTAMENTO E EMPILHAMENTO, EXCLUSIVE TRANSPORTE E RETIRADA DO MATERIAL DEMOLIDO | C57: m2 | D57: SETOP
A58: 8712 | B58: REMOÇÃO DE LOUÇA E ACESSÓRIOS | D58: SETOP
A59: ED-48467 | B59: REMOÇÃO DE LOUÇAS (LAVATÓRIO, BANHEIRA, PIA, VASO SANITÁRIO, TANQUE), COM REAPROVEITAMENTO, INCLUSIVE AFASTAMENTO E EMPILHAMENTO, EXCLUSIVE TRANSPORTE E RETIRADA DO MATERIAL REMOVIDO NÃO REAPROVEITÁVEL | C59: un | D59: SETOP
A60: ED-48470 | B60: REMOÇÃO MANUAL DE METAIS COMUNS E ACABAMENTOS (TORNEIRA, ACABAMENTO PARA REGISTRO, SIFÃO, ENGATE FLEXÍVEL, ETC.), COM REAPROVEITAMENTO, INCLUSIVE AFASTAMENTO E EMPILHAMENTO, EXCLUSIVE TRANSPORTE E RETIRADA DO MATERIAL REMOVIDO NÃO REAPROVEITÁVEL | C60: un | D60: SETOP
A61: ED-48471 | B61: REMOÇÃO MANUAL DE METAIS EMBUTIDOS (BASE DE REGISTRO, VÁLVULA DE DESCARGA, TORNEIRA ANTIVANDALISMO, ETC.), COM REAPROVEITAMENTO, INCLUSIVE AFASTAMENTO E EMPILHAMENTO, EXCLUSIVE TRANSPORTE E RETIRADA DO MATERIAL REMOVIDO NÃO REAPROVEITÁVEL | C61: un | D61: SETOP
A62: 8713 | B62: DEMOLIÇÃO E REMOÇÃO DE DIVISÓRIA E BANCADA | D62: SETOP
A63: ED-48452 | B63: DEMOLIÇÃO MANUAL DE ALVENARIA/DIVISÓRIA DE ELEMENTOS VAZADOS (COBOGÓ, ETC. ), INCLUSIVE AFASTAMENTO E EMPILHAMENTO, EXCLUSIVE TRANSPORTE E RETIRADA DO MATERIAL DEMOLIDO | C63: m2 | D63: SETOP
A64: ED-48453 | B64: DEMOLIÇÃO MANUAL DE DIVISÓRIA COMERCIAL EM LAMINADO, INCLUSIVE AFASTAMENTO E EMPILHAMENTO, EXCLUSIVE TRANSPORTE E RETIRADA DO MATERIAL DEMOLIDO | C64: m2 | D64: SETOP
A65: ED-8024 | B65: DEMOLIÇÃO MANUAL DE DIVISÓRIA DE MADEIRA, INCLUSIVE AFASTAMENTO E EMPILHAMENTO, EXCLUSIVE TRANSPORTE E RETIRADA DO MATERIAL DEMOLIDO | C65: m2 | D65: SETOP
A66: ED-48437 | B66: REMOÇÃO MANUAL DE BANCADA DE PEDRA (MÁRMORE, GRANITO, ARDÓSIA, MARMORITE, ETC.), COM REAPROVEITAMENTO, INCLUSIVE RASGO EM ALVENARIA, REMOÇÃO DE ACESSÓRIOS DE FIXAÇÃO, AFASTAMENTO E EMPILHAMENTO, EXCLUSIVE TRANSPORTE E RETIRADA DO MATERIAL REMOVIDO NÃO REAPROVEITÁVEL | C66: m2 | D66: SETOP
A67: ED-28348 | B67: REMOÇÃO MANUAL DE DIVISÓRIA EM PEDRA (MÁRMORE, GRANITO, ARDÓSIA, MARMORITE, ETC.), COM REAPROVEITAMENTO, INCLUSIVE RASGO EM ALVENARIA, REMOÇÃO DE ACESSÓRIOS DE FIXAÇÃO, AFASTAMENTO E EMPILHAMENTO, EXCLUSIVE TRANSPORTE E RETIRADA DO MATERIAL REMOVIDO NÃO REAPROVEITÁVEL | C67: m2 | D67: SETOP
A68: 8714 | B68: DEMOLIÇÃO DE ALVENARIA | D68: SETOP
A69: ED-48436 | B69: DEMOLIÇÃO MANUAL DE ALVENARIA DE TIJOLO CERÂMICO MACIÇO, INCLUSIVE AFASTAMENTO E EMPILHAMENTO, EXCLUSIVE TRANSPORTE E RETIRADA DO MATERIAL DEMOLIDO | C69: m3 | D69: SETOP
A70: ED-48435 | B70: DEMOLIÇÃO MANUAL DE ALVENARIA DE TIJOLO CERÂMICO OU BLOCO DE CONCRETO, INCLUSIVE AFASTAMENTO E EMPILHAMENTO, EXCLUSIVE TRANSPORTE E RETIRADA DO MATERIAL DEMOLIDO | C70: m3 | D70: SETOP
A71: ED-28338 | B71: DEMOLIÇÃO MANUAL DE CONSTRUÇÃO EM ALVENARIAS DE VEDAÇÃO, COM ESPESSURA MÁXIMA DE 15CM, INCLUSIVE REMOÇÃO COM REAPROVEITAMENTO DE ESQUADRIAS, AFASTAMENTO E EMPILHAMENTO, EXCLUSIVE TRANSPORTE E RETIRADA DO MATERIAL DEMOLIDO/REMOVIDO NÃO REAPROVEITÁVEL | C71: m2 | D71: SETOP
A72: 8715 | B72: DEMOLIÇÃO DE CONCRETO | D72: SETOP
A73: ED-48441 | B73: DEMOLIÇÃO MANUAL DE CONCRETO ARMADO, INCLUSIVE AFASTAMENTO E EMPILHAMENTO, EXCLUSIVE TRANSPORTE E RETIRADA DO MATERIAL DEMOLIDO | C73: m3 | D73: SETOP
A74: ED-48440 | B74: DEMOLIÇÃO MANUAL DE CONCRETO, SEM ARMAÇÃO, INCLUSIVE AFASTAMENTO E EMPILHAMENTO, EXCLUSIVE TRANSPORTE E RETIRADA DO MATERIAL DEMOLIDO | C74: m3 | D74: SETOP
A75: ED-48443 | B75: DEMOLIÇÃO MECANIZADA DE CONCRETO ARMADO, COM EQUIPAMENTO ELÉTRICO, INCLUSIVE AFASTAMENTO E EMPILHAMENTO, EXCLUSIVE TRANSPORTE E RETIRADA DO MATERIAL DEMOLIDO | C75: m3 | D75: SETOP
A76: ED-48445 | B76: DEMOLIÇÃO MECANIZADA DE CONCRETO ARMADO, COM EQUIPAMENTO PNEUMÁTICO, INCLUSIVE AFASTAMENTO E EMPILHAMENTO, EXCLUSIVE TRANSPORTE E RETIRADA DO MATERIAL DEMOLIDO | C76: m3 | D76: SETOP
A77: ED-48442 | B77: DEMOLIÇÃO MECANIZADA DE CONCRETO, SEM ARMAÇÃO, COM EQUIPAMENTO ELÉTRICO, INCLUSIVE AFASTAMENTO E EMPILHAMENTO, EXCLUSIVE TRANSPORTE E RETIRADA DO MATERIAL DEMOLIDO | C77: m3 | D77: SETOP
A78: ED-48444 | B78: DEMOLIÇÃO MECANIZADA DE CONCRETO, SEM ARMAÇÃO, COM EQUIPAMENTO PNEUMÁTICO, INCLUSIVE AFASTAMENTO E EMPILHAMENTO, EXCLUSIVE TRANSPORTE E RETIRADA DO MATERIAL DEMOLIDO | C78: m3 | D78: SETOP
A79: 8716 | B79: REMOÇÃO DE PADRÃO CONCESSIONÁRIA | D79: SETOP
A80: ED-48475 | B80: REMOÇÃO MANUAL DE PADRÃO DE ENTRADA DE ÁGUA, COM REAPROVEITAMENTO, INCLUSIVE AFASTAMENTO E EMPILHAMENTO, EXCLUSIVE TRANSPORTE E RETIRADA DO MATERIAL REMOVIDO NÃO REAPROVEITÁVEL | C80: un | D80: SETOP
A81: ED-48474 | B81: REMOÇÃO MANUAL DE PADRÃO DE ENTRADA DE ENERGIA, COM REAPROVEITAMENTO, INCLUSIVE AFASTAMENTO E EMPILHAMENTO, EXCLUSIVE TRANSPORTE E RETIRADA DO MATERIAL REMOVIDO NÃO REAPROVEITÁVEL | C81: un | D81: SETOP
A82: 8717 | B82: DEMOLIÇÃO E REMOÇÃO DE PAVIMENTAÇÃO | D82: SETOP
A83: ED-48487 | B83: DEMOLIÇÃO MANUAL DE LAJE DE CONCRETO ARMADO, COM ESPESSURA DE ATÉ 15CM, INCLUSIVE AFASTAMENTO E EMPILHAMENTO, EXCLUSIVE TRANSPORTE E RETIRADA DO MATERIAL DEMOLIDO | C83: m2 | D83: SETOP
A84: ED-48507 | B84: DEMOLIÇÃO MANUAL DE SARJETA OU SARJETÃO DE CONCRETO, INCLUSIVE AFASTAMENTO E EMPILHAMENTO, EXCLUSIVE TRANSPORTE E RETIRADA DO MATERIAL DEMOLIDO | C84: m2 | D84: SETOP
A85: ED-48489 | B85: DEMOLIÇÃO MECANIZADA DE LAJE DE CONCRETO ARMADO, COM ESPESSURA DE ATÉ 15CM, , COM EQUIPAMENTO ELÉTRICO, INCLUSIVE AFASTAMENTO E EMPILHAMENTO, EXCLUSIVE TRANSPORTE E RETIRADA DO MATERIAL DEMOLIDO | C85: m2 | D85: SETOP
A86: ED-48486 | B86: DEMOLIÇÃO MECANIZADA DE LAJE DE CONCRETO ARMADO, COM ESPESSURA DE ATÉ 15CM, , COM EQUIPAMENTO PNEUMÁTICO, INCLUSIVE AFASTAMENTO E EMPILHAMENTO, EXCLUSIVE TRANSPORTE E RETIRADA DO MATERIAL DEMOLIDO | C86: m2 | D86: SETOP
A87: ED-48492 | B87: DEMOLIÇÃO MECANIZADA DE REVESTIMENTO ASFÁLTICO, COM EQUIPAMENTO PNEUMÁTICO, INCLUSIVE AFASTAMENTO E EMPILHAMENTO, EXCLUSIVE TRANSPORTE E RETIRADA DO MATERIAL DEMOLIDO | C87: m2 | D87: SETOP
A88: ED-48490 | B88: REMOÇÃO MANUAL DE ALVENARIA POLIÉDRICA, COM REAPROVEITAMENTO, INCLUSIVE AFASTAMENTO E EMPILHAMENTO, EXCLUSIVE TRANSPORTE E RETIRADA DO MATERIAL REMOVIDO NÃO REAPROVEITÁVEL | C88: m2 | D88: SETOP
A89: ED-48488 | B89: REMOÇÃO MANUAL DE CALÇADA PORTUGUESA, COM REAPROVEITAMENTO, INCLUSIVE AFASTAMENTO E EMPILHAMENTO, EXCLUSIVE TRANSPORTE E RETIRADA DO MATERIAL REMOVIDO NÃO REAPROVEITÁVEL | C89: m2 | D89: SETOP
A90: ED-48473 | B90: REMOÇÃO MANUAL DE GUIA DE MEIO-FIO EM PEDRA (GNAISSE, BASALTO, ETC.), COM REAPROVEITAMENTO, INCLUSIVE AFASTAMENTO E EMPILHAMENTO, EXCLUSIVE TRANSPORTE E RETIRADA DO MATERIAL REMOVIDO NÃO REAPROVEITÁVEL | C90: m | D90: SETOP
A91: ED-48472 | B91: REMOÇÃO MANUAL DE GUIA DE MEIO-FIO PRÉ-MOLDADA EM CONCRETO, COM REAPROVEITAMENTO, INCLUSIVE AFASTAMENTO E EMPILHAMENTO, EXCLUSIVE TRANSPORTE E RETIRADA DO MATERIAL REMOVIDO NÃO REAPROVEITÁVEL | C91: m | D91: SETOP
A92: ED-48476 | B92: REMOÇÃO MANUAL DE PAVIMENTAÇÃO INTERTRAVADA OU SEXTAVADO EM PRÉ-MOLDADO DE CONCRETO, COM REAPROVEITAMENTO, INCLUSIVE AFASTAMENTO E EMPILHAMENTO, EXCLUSIVE TRANSPORTE E RETIRADA DO MATERIAL REMOVIDO NÃO REAPROVEITÁVEL | C92: m2 | D92: SETOP
A93: ED-48491 | B93: REMOÇÃO MANUAL DE PAVIMENTO PARALELEPÍPEDO, COM REAPROVEITAMENTO, INCLUSIVE AFASTAMENTO E EMPILHAMENTO, EXCLUSIVE TRANSPORTE E RETIRADA DO MATERIAL REMOVIDO NÃO REAPROVEITÁVEL | C93: m2 | D93: SETOP
A94: 8718 | B94: DEMOLIÇÃO E REMOÇÃO DE REVESTIMENTO | D94: SETOP
A95: ED-48504 | B95: DEMOLIÇÃO MANUAL DE LAMINADO MELAMÍNICO EM SUPERFÍCIE DE MADEIRA OU PAREDE, INCLUSIVE AFASTAMENTO E EMPILHAMENTO, EXCLUSIVE TRANSPORTE E RETIRADA DO MATERIAL DEMOLIDO | C95: m2 | D95: SETOP
A96: ED-48501 | B96: DEMOLIÇÃO MANUAL DE REBOCO OU EMBOÇO, COM ESPESSURA DE ATÉ 55MM, INCLUSIVE AFASTAMENTO E EMPILHAMENTO, EXCLUSIVE TRANSPORTE E RETIRADA DO MATERIAL DEMOLIDO | C96: m2 | D96: SETOP
A97: ED-48502 | B97: DEMOLIÇÃO MANUAL DE REVESTIMENTO CERÂMICO, AZULEJO OU LADRILHO HIDRÁULICO, INCLUSIVE AFASTAMENTO E EMPILHAMENTO, EXCLUSIVE DEMOLIÇÃO DO REBOCO OU EMBOÇO, TRANSPORTE E RETIRADA DO MATERIAL DEMOLIDO | C97: m2 | D97: SETOP
A98: ED-48503 | B98: DEMOLIÇÃO MANUAL DE REVESTIMENTO DE PEDRA (MÁRMORE, GRANITO, ARDÓSIA, ETC.), INCLUSIVE AFASTAMENTO E EMPILHAMENTO, EXCLUSIVE DEMOLIÇÃO DO REBOCO OU EMBOÇO, TRANSPORTE E RETIRADA DO MATERIAL DEMOLIDO | C98: m2 | D98: SETOP
A99: ED-48478 | B99: REMOÇÃO MANUAL DE PEITORIL DE MÁRMORE OU GRANITO, COM REAPROVEITAMENTO, INCLUSIVE AFASTAMENTO E EMPILHAMENTO, EXCLUSIVE TRANSPORTE E RETIRADA DO MATERIAL REMOVIDO NÃO REAPROVEITÁVEL | C99: m | D99: SETOP
A100: 8719 | B100: DEMOLIÇÃO E REMOÇÃO DE PISO | D100: SETOP
...
